Workbook
Name Credito: tarifa!$F$13:$G$23
Name Credito1: tarifa!$F$38:$G$48
Name SMG: tarifa!$I$3
Name Subsidio: tarifa!$F$13:$G$23
Name Tarifa: tarifa!$B$13:$D$23
Name Tarifa1: tarifa!$B$41:$D$51
Name UMA: tarifa!$I$8

Sheet tarifa
B2: NOMBRE DE LA EMPRESA | I2: SALARIO MINIMO GENERAL
B3: TABLAS DE TARIFA Y CREDITO AL SALARIO PARA CALCULO DE I.S.P.T. | I3: 315.04
B4: EJERCICIO 2026
B7: T A R I F A | F7: SUBSIDO AL EMPLEO | I7: UMA
B8: I.S.R. | F8: MENSUAL | I8: 117.31
B10: Limite | C10: Cuota | D10: % | F10: De.......A | G10: Subsidio al
B11: Inferior | C11: Fija | D11: S/Excedente | G11: Empleo
B13: 0.01 | C13: 0 | D13: 0.0192 | F13: 0.01 | G13: 535.65
B14: 844.6 | C14: 16.22 | D14: 0.064 | F14: 11492.67 | G14: 0
B15: 7168.52 | C15: 420.95 | D15: 0.1088 | F15: 11492.67 | G15: 0
B16: 12598.03 | C16: 1011.68 | D16: 0.16 | F16: 11492.67 | G16: 0
B17: 14644.65 | C17: 1339.14 | D17: 0.1792 | F17: 11492.67 | G17: 0
B18: 17533.65 | C18: 1856.84 | D18: 0.2136 | F18: 11492.67 | G18: 0
B19: 35362.84 | C19: 5665.16 | D19: 0.2352 | F19: 11492.67 | G19: 0
B20: 55736.69 | C20: 10457.09 | D20: 0.3 | F20: 11492.67 | G20: 0
B21: 106410.51 | C21: 25659.23 | D21: 0.32 | F21: 11492.67 | G21: 0
B22: 141880.67 | C22: 37009.69 | D22: 0.34 | F22: 11492.67 | G22: 0
B23: 425642 | C23: 133488.54 | D23: 0.35 | F23: 11492.67 | G23: 0
B27: NOTA:
B28: TABLAS PUBLICADAS En DICIEMBRE DE 2025
B29: VIGENTES PARA 2026
B30: SE APLICARON CAMBIOS EN SUBSIDIO AL EMPLEO POR DECRETO PRESIDENCIAL DEL 01 MAY 2024
B32: CONVERSION DE TABLAS A QUINCENALES | F32: SUBSIDIO AL
F33: EMPLEO
B35: T A R I F A | F35: De.......A | G35: Credito al
B36: I.S.R. | G36: Salario
B38: Limite | C38: Cuota | D38: % | F38: 0.01 | G38: 267.82
B39: Inferior | C39: Fija | D39: S/Excedente | F39: 5746.34 | G39: 0
F40: 5746.34 | G40: 0
B41: 0.01 | C41: 0 | D41: 0.0192 | F41: 5746.34 | G41: 0
B42: 416.71 | C42: 7.95 | D42: 0.064 | F42: 5746.34 | G42: 0
B43: 3537.16 | C43: 207.75 | D43: 0.1088 | F43: 5746.34 | G43: 0
B44: 6216.16 | C44: 499.2 | D44: 0.16 | F44: 5746.34 | G44: 0
B45: 7225.96 | C45: 660.75 | D45: 0.1792 | F45: 5746.34 | G45: 0
B46: 8651.41 | C46: 916.2 | D46: 0.2136 | F46: 5746.34 | G46: 0
B47: 17448.76 | C47: 2795.25 | D47: 0.2352 | F47: 5746.34 | G47: 0
B48: 27501.61 | C48: 5159.7 | D48: 0.3 | F48: 5746.34 | G48: 0
B49: 52505.26 | C49: 12660.75 | D49: 0.32
B50: 70006.96 | C50: 18261.3 | D50: 0.34
B51: 210020.71 | C51: 65866.05 | D51: 0.35

Sheet PRESIDENCIA
A1: MUNICIPIO DE : SAN CRISTÒBAL DE LA BARRANCA, JALISCO
A2: RFC MSC 850101 FR1
A3: SUELDO DEL 15 AL 30 DE SEPTIEMBRE DE 2026
I5: Dias | J5: Sueldo | K5: P E R C E P C I O N E S | N5: Horas | P5: TARIFA | V5: Subsidio | W5: I.S.R. | X5: Subsidio | Y5: D E D U C C I O N E S | AB5: TOTAL
A6: Num. | B6: Núm de Empleado | C6: Forma de Pago | D6: Nombre | E6: RFC | F6: CURP | G6: FECHA DE INGRESO | H6: PUESTO | I6: Trab. | J6: diario | K6: Sueldo | L6: TIEMPO | M6: total | N6: Extras | O6: Base | P6: Limite | Q6: Excedente | R6: %/S exced. | S6: Impuesto | T6: Cuota | U6: I.S.R. | V6: Al | W6: a Cargo | X6: Al | Y6: ISR Salarios | Z6: Prestamo | AA6: Total | AB6: A | AC6: F I R M A
K7: Quincenal | L7: EXTRA | M7: Percepcion | N7: Gravadas | O7: Gravable | P7: Inferior | Q7: Limite Inf. | R7: Limite Inf. | S7: Marginal | T7: Fija | U7: Bruto | V7: Empleo | W7: o (A Favor) | X7: Empleo | AA7: Deduc. | AB7: PAGAR
B8: Núm de Empleado | C8: Forma de Pago | D8: PRESIDENCIA | E8: RFC | F8: CURP | G8: FECHA DE INGRESO | H8: PUESTO | K8: =SUM(K9:K11) -> 52807.5 | L8: =SUM(L9:L11) -> 0 | M8: =SUM(M9:M11) -> 52807.5 | X8: =SUM(X9:X11) -> 0 | Y8: =SUM(Y9:Y11) -> 9050.42 | Z8: =SUM(Z9:Z11) -> 0 | AA8: =SUM(AA9:AA11) -> 9050.42 | AB8: =SUM(AB9:AB11) -> 43757.08
A9: 1 | B9: 378 | C9: 03 | D9: KARINA GUZMAN CARDONA | E9: GUCK940424FP5 | F9: GUCK940424MJCZRR08 | G9: 45566 | H9: PRESIDENTE MUNICIPAL | I9: 15 | J9: =K9/I9 -> 2018.2667 | K9: 30274 | L9: 0 | M9: =SUM(K9:L9) -> 30274 | N9: =IF(K9/15<=SMG,0,L9/2) -> 0 | O9: =(K9+N9)/I9*30.4 -> 61355.307 | P9: =VLOOKUP(O9,Tarifa,1) -> 55736.69 | Q9: =O9-P9 -> 5618.6167 | R9: =VLOOKUP(O9,Tarifa,3) -> 0.3 | S9: =Q9*R9 -> 1685.585 | T9: =VLOOKUP(O9,Tarifa,2) -> 10457.09 | U9: =S9+T9 -> 12142.675 | V9: =VLOOKUP(O9,Credito,2) -> 0 | W9: =ROUND((U9-V9)/30.4*I9,2) -> 5991.45 | X9: =-IF(W9>0,0,0) -> 0 | Y9: =IF(K9/15<=SMG,0,IF(W9<0,0,W9)) -> 5991.45 | Z9: 0 | AA9: =SUM(Y9:Z9) -> 5991.45 | AB9: =M9+X9-AA9 -> 24282.55
A10: 2 | B10: 170 | C10: 03 | D10: CARLOS ADRIAN AVILA LLAMAS | E10: AILC9808299Q6 | F10: AILC980829HJCVLR00 | G10: 45566 | H10: SECRETARIO GENERAL | I10: 15 | J10: =K10/I10 -> 1091.7333 | K10: 16376 | L10: 0 | M10: =SUM(K10:L10) -> 16376 | N10: =IF(K10/15<=SMG,0,L10/2) -> 0 | O10: =(K10+N10)/I10*30.4 -> 33188.693 | P10: =VLOOKUP(O10,Tarifa,1) -> 17533.65 | Q10: =O10-P10 -> 15655.043 | R10: =VLOOKUP(O10,Tarifa,3) -> 0.2136 | S10: =Q10*R10 -> 3343.9173 | T10: =VLOOKUP(O10,Tarifa,2) -> 1856.84 | U10: =S10+T10 -> 5200.7573 | V10: =VLOOKUP(O10,Credito,2) -> 0 | W10: =ROUND((U10-V10)/30.4*I10,2) -> 2566.16 | X10: =-IF(W10>0,0,0) -> 0 | Y10: =IF(K10/15<=SMG,0,IF(W10<0,0,W10)) -> 2566.16 | Z10: 0 | AA10: =SUM(Y10:Z10) -> 2566.16 | AB10: =M10+X10-AA10 -> 13809.84
B11: 007 | C11: 03 | D11: MARIA GUADALUPE PEREZ LLAMAS | E11: PELG8902233V7 | F11: PELG890223MJCRLD06 | G11: 40026 | H11: SECRETARIA | I11: 15 | J11: =K11/I11 -> 410.5 | K11: 6157.5 | L11: 0 | M11: =SUM(K11:L11) -> 6157.5 | N11: =IF(K11/15<=SMG,0,L11/2) -> 0 | O11: =(K11+N11)/I11*30.4 -> 12479.2 | P11: =VLOOKUP(O11,Tarifa,1) -> 7168.52 | Q11: =O11-P11 -> 5310.68 | R11: =VLOOKUP(O11,Tarifa,3) -> 0.1088 | S11: =Q11*R11 -> 577.80198 | T11: =VLOOKUP(O11,Tarifa,2) -> 420.95 | U11: =S11+T11 -> 998.75198 | V11: =VLOOKUP(O11,Credito,2) -> 0 | W11: =ROUND((U11-V11)/30.4*I11,2) -> 492.81 | X11: =-IF(W11>0,0,0) -> 0 | Y11: =IF(K11/15<=SMG,0,IF(W11<0,0,W11)) -> 492.81 | Z11: 0 | AA11: =SUM(Y11:Z11) -> 492.81 | AB11: =M11+X11-AA11 -> 5664.69
B12: Núm de Empleado | C12: Forma de Pago | D12: REGISTRO CIVIL | E12: RFC | F12: CURP | G12: FECHA DE INGRESO | H12: PUESTO | K12: =K13 -> 6123 | L12: =L13 -> 0 | M12: =M13 -> 6123 | X12: =X13 -> 0 | Y12: =Y13 -> 489.05 | Z12: =Z13 -> 0 | AA12: =AA13 -> 489.05 | AB12: =AB13 -> 5633.95
A13: 5 | B13: 270 | D13: ROSA ESMERALDA SANDOVAL MACHUCA | E13: SAMR9804042T6 | F13: SAMR980404MJCNCS05 | G13: 44470 | H13: AUXILIAR DEL REGISTRO CIVIL | I13: 15 | J13: =K13/I13 -> 408.2 | K13: 6123 | L13: 0 | M13: =SUM(K13:L13) -> 6123 | N13: =IF(K13/15<=SMG,0,L13/2) -> 0 | O13: =(K13+N13)/I13*30.4 -> 12409.28 | P13: =VLOOKUP(O13,Tarifa,1) -> 7168.52 | Q13: =O13-P13 -> 5240.76 | R13: =VLOOKUP(O13,Tarifa,3) -> 0.1088 | S13: =Q13*R13 -> 570.19469 | T13: =VLOOKUP(O13,Tarifa,2) -> 420.95 | U13: =S13+T13 -> 991.14469 | V13: =VLOOKUP(O13,Credito,2) -> 0 | W13: =ROUND((U13-V13)/30.4*I13,2) -> 489.05 | X13: =-IF(W13>0,0,0) -> 0 | Y13: =IF(K13/15<=SMG,0,IF(W13<0,0,W13)) -> 489.05 | Z13: 0 | AA13: =SUM(Y13:Z13) -> 489.05 | AB13: =M13+X13-AA13 -> 5633.95
B18: Núm de Empleado | C18: Forma de Pago | D18: CATASTRO MUNICIPAL | E18: RFC | F18: CURP | G18: FECHA DE INGRESO | H18: PUESTO | K18: =SUM(K19:K19) -> 11640.5 | L18: =SUM(L19:L19) -> 0 | M18: =SUM(M19:M19) -> 11640.5 | X18: =SUM(X19:X19) -> 0 | Y18: =SUM(Y19:Y19) -> 1554.66 | Z18: =SUM(Z19:Z19) -> 0 | AA18: =SUM(AA19:AA19) -> 1554.66 | AB18: =SUM(AB19:AB20) -> 15467.58
A19: 6 | B19: 158 | C19: 03 | D19: FRED DE JESUS VILLALOBOS CASTILLO | E19: VICF940917FW7 | F19: VICF940917HJCLSR05 | G19: 43374 | H19: DIRECTOR DE CATASTRO Y REGULARIZACIÓN DE PREDIOS RÚSTICOS | I19: 15 | J19: =K19/I19 -> 776.03333 | K19: 11640.5 | L19: 0 | M19: =K19 -> 11640.5 | N19: =IF(K19/15<=SMG,0,L19/2) -> 0 | O19: =(K19+N19)/I19*30.4 -> 23591.413 | P19: =VLOOKUP(O19,Tarifa,1) -> 17533.65 | Q19: =O19-P19 -> 6057.7633 | R19: =VLOOKUP(O19,Tarifa,3) -> 0.2136 | S19: =Q19*R19 -> 1293.9382 | T19: =VLOOKUP(O19,Tarifa,2) -> 1856.84 | U19: =S19+T19 -> 3150.7782 | V19: =VLOOKUP(O19,Credito,2) -> 0 | W19: =ROUND((U19-V19)/30.4*I19,2) -> 1554.66 | X19: =-IF(W19>0,0,0) -> 0 | Y19: =IF(K19/15<=SMG,0,IF(W19<0,0,W19)) -> 1554.66 | Z19: 0 | AA19: =SUM(Y19:Z19) -> 1554.66 | AB19: =M19+X19-AA19 -> 10085.84
B20: 384 | C20: 03 | D20: ARACELI AVELAR VALDEZ | E20: AEVA930930QJ2 | F20: AEVA930930MJCVLR07 | G20: 45612 | H20: AUXILIAR ADMINISTRATIVO | I20: 15 | J20: =K20/I20 -> 389.33333 | K20: 5840 | L20: 0 | M20: =SUM(K20:L20) -> 5840 | N20: =IF(K20/15<=SMG,0,L20/2) -> 0 | O20: =(K20+N20)/I20*30.4 -> 11835.733 | P20: =VLOOKUP(O20,Tarifa,1) -> 7168.52 | Q20: =O20-P20 -> 4667.2133 | R20: =VLOOKUP(O20,Tarifa,3) -> 0.1088 | S20: =Q20*R20 -> 507.79281 | T20: =VLOOKUP(O20,Tarifa,2) -> 420.95 | U20: =S20+T20 -> 928.74281 | V20: =VLOOKUP(O20,Credito,2) -> 0 | W20: =ROUND((U20-V20)/30.4*I20,2) -> 458.26 | X20: =-IF(W20>0,0,0) -> 0 | Y20: =IF(K20/15<=SMG,0,IF(W20<0,0,W20)) -> 458.26 | Z20: 0 | AA20: =SUM(Y20:Z20) -> 458.26 | AB20: =M20+X20-AA20 -> 5381.74
B21: Núm de Empleado | C21: Forma de Pago | D21: TRANSPARENCIA | E21: RFC | F21: CURP | G21: FECHA DE INGRESO | H21: PUESTO | K21: =SUM(K22:K22) -> 6894 | L21: =SUM(L22:L22) -> 0 | M21: =SUM(M22:M22) -> 6894 | X21: =SUM(X22:X22) -> 0 | Y21: =SUM(Y22:Y22) -> 607.64 | Z21: =SUM(Z22:Z22) -> 0 | AA21: =SUM(AA22:AA22) -> 607.64 | AB21: =SUM(AB22:AB22) -> 6286.36
B22: 434 | C22: 03 | D22: ALEJANDRO MAGALLANES ÁVILA | E22: MAAA951108638 | F22: MAAA951108HJCGVL06 | G22: 46023 | H22: TITULAR DE TRANPARENCIA Y ARCHIVO | I22: 15 | J22: =K22/I22 -> 459.6 | K22: 6894 | L22: 0 | M22: =K22 -> 6894 | N22: =IF(K22/15<=SMG,0,L22/2) -> 0 | O22: =(K22+N22)/I22*30.4 -> 13971.84 | P22: =VLOOKUP(O22,Tarifa,1) -> 12598.03 | Q22: =O22-P22 -> 1373.81 | R22: =VLOOKUP(O22,Tarifa,3) -> 0.16 | S22: =Q22*R22 -> 219.8096 | T22: =VLOOKUP(O22,Tarifa,2) -> 1011.68 | U22: =S22+T22 -> 1231.4896 | V22: =VLOOKUP(O22,Credito,2) -> 0 | W22: =ROUND((U22-V22)/30.4*I22,2) -> 607.64 | X22: =-IF(W22>0,0,0) -> 0 | Y22: =IF(K22/15<=SMG,0,IF(W22<0,0,W22)) -> 607.64 | Z22: 0 | AA22: =SUM(Y22:Z22) -> 607.64 | AB22: =M22+X22-AA22 -> 6286.36
B23: Núm de Empleado | C23: Forma de Pago | D23: COMPUTO E INFÓRMATICA | E23: RFC | F23: CURP | G23: FECHA DE INGRESO | H23: PUESTO | K23: =SUM(K24:K24) -> 3227 | L23: =SUM(L24:L24) -> 0 | M23: =SUM(M24:M24) -> 3227 | X23: =SUM(X24:X24) -> 0 | Y23: =SUM(Y24:Y24) -> 0 | Z23: =SUM(Z24:Z24) -> 0 | AA23: =SUM(AA24:AA24) -> 0 | AB23: =SUM(AB24:AB24) -> 3227
B24: 013 | C24: 03 | D24: YADIRA SARAY OROZCO VILLALOBOS | E24: OOVY861212GH1 | F24: OOVY861212MJCRLD02 | G24: 45566 | H24: AUXILIAR DE COMPUTACION | I24: 15 | J24: =K24/I24 -> 215.13333 | K24: 3227 | L24: 0 | M24: =SUM(K24:L24) -> 3227 | N24: =IF(K24/15<=SMG,0,L24/2) -> 0 | O24: =(K24+N24)/I24*30.4 -> 6540.0533 | P24: =VLOOKUP(O24,Tarifa,1) -> 844.6 | Q24: =O24-P24 -> 5695.4533 | R24: =VLOOKUP(O24,Tarifa,3) -> 0.064 | S24: =Q24*R24 -> 364.50901 | T24: =VLOOKUP(O24,Tarifa,2) -> 16.22 | U24: =S24+T24 -> 380.72901 | V24: =VLOOKUP(O24,Credito,2) -> 535.65 | W24: =ROUND((U24-V24)/30.4*I24,2) -> -76.44 | X24: 0 | Y24: =IF(K24/15<=SMG,0,IF(W24<0,0,W24)) -> 0 | Z24: 0 | AA24: =SUM(Y24:Z24) -> 0 | AB24: =M24+X24-AA24 -> 3227
A26: T O T A L E S | K26: =K8+K12+K18+K23+K21 -> 80692 | L26: =L8+L12+L18+L23+L21 -> 0 | M26: =M8+M12+M18+M23+M21 -> 80692 | N26: =SUM(N9:N24) -> 0 | O26: =SUM(O9:O24) -> 175371.52 | P26: =SUM(P9:P24) -> 125752.18 | Q26: =SUM(Q9:Q24) -> 49619.34 | R26: =SUM(R9:R24) -> 1.2776 | S26: =SUM(S9:S24) -> 8563.5486 | T26: =SUM(T9:T24) -> 16461.52 | U26: =SUM(U9:U24) -> 25025.069 | ... W26: =SUM(W9:W24) -> 12083.59 | X26: =X8+X12+X18+X23+X21 -> 0 | Y26: =Y8+Y12+Y18+Y23+Y21 -> 11701.77 | Z26: =Z8+Z12+Z18+Z23+Z21 -> 0 | AA26: =AA8+AA12+AA18+AA23+AA21 -> 11701.77 | AB26: =AB8+AB12+AB18+AB23+AB21 -> 74371.97
D36: LIC. KARINA GUZMAN CARDONA | Y36: MTRO. JOSÉ ACUÑA RUIZ
D37: PRESIDENTA MUNICIPAL | Y37: TESORERO ENC. DE LA HACIENDA MPAL.

Sheet CONTRALORIA 
A1: MUNICIPIO DE : SAN CRISTÒBAL DE LA BARRANCA,JALISCO
A2: RFC MSC 850101 FR1
A3: SUELDO DEL 01 AL 15 DE OCTUBRE DE 2023 | B3: =PRESIDENCIA!A3 -> SUELDO DEL 15 AL 30 DE SEPTIEMBRE DE 2026
I5: Dias | J5: DIAS | K5: P E R C E P C I O N E S | N5: Horas | P5: TARIFA | V5: Credito | W5: I.S.R. | X5: Subsidio | Y5: D E D U C C I O N E S | AB5: TOTAL
A6: Num. | B6: Núm de Empleado | C6: FORMA DE PAGO | D6: Nombre | I6: Trab. | J6: diario | K6: Sueldo | L6: TIEMPO | M6: total | N6: Extras | O6: Base | P6: Limite | Q6: Excedente | R6: %/S exced. | S6: Impuesto | T6: Cuota | U6: I.S.R. | V6: Al | W6: a Cargo | X6: Al | Y6: ISR Salarios | Z6: Prestamo | AA6: Total | AB6: A | AC6: F I R M A
K7: Quincenal | L7: EXTRA | M7: Percepcion | N7: Gravadas | O7: Gravable | P7: Inferior | Q7: Limite Inf. | R7: Limite Inf. | S7: Marginal | T7: Fija | U7: Bruto | V7: Salario | W7: o (A Favor) | X7: Empleo | AA7: Deduc. | AB7: PAGAR
B8: Núm de Empleado | C8: Forma de Pago | D8: CONTRALORIA MUNICIPAL | E8: RFC | F8: CURP | G8: FECHA DE INGRESO | H8: PUESTO | K8: =K9 -> 12674.5 | L8: =L9 -> 0 | M8: =M9 -> 12674.5 | X8: =X9 -> 0 | Y8: =Y9 -> 1775.52 | Z8: =Z9 -> 0 | AA8: =AA9 -> 1775.52 | AB8: =AB9 -> 10898.98
B9: 261 | C9: 03 | D9: ERIDANI OROZCO VILLALOBOS | E9: OOVE840411MK4 | F9: OOVE840411MJCRLR07 | G9: 45601 | H9: ÓRGANO INTERNO DE CONTROL | I9: 15 | J9: =K9/I9 -> 844.96667 | K9: 12674.5 | L9: 0 | M9: =SUM(K9:L9) -> 12674.5 | N9: =IF(K9/15<=SMG,0,L9/2) -> 0 | O9: =(K9+N9)/I9*30.4 -> 25686.987 | P9: =VLOOKUP(O9,Tarifa,1) -> 17533.65 | Q9: =O9-P9 -> 8153.3367 | R9: =VLOOKUP(O9,Tarifa,3) -> 0.2136 | S9: =Q9*R9 -> 1741.5527 | T9: =VLOOKUP(O9,Tarifa,2) -> 1856.84 | U9: =S9+T9 -> 3598.3927 | V9: =VLOOKUP(O9,Credito,2) -> 0 | W9: =ROUND((U9-V9)/30.4*I9,2) -> 1775.52 | X9: =-IF(W9>0,0,0) -> 0 | Y9: =IF(K9/15<=SMG,0,IF(W9<0,0,W9)) -> 1775.52 | Z9: 0 | AA9: =SUM(Y9:Z9) -> 1775.52 | AB9: =M9+X9-AA9 -> 10898.98
B10: Núm de Empleado | C10: Forma de Pago | D10: JUZGADO MUNICIPAL | E10: RFC | H10: PUESTO | K10: =K11 -> 8548 | L10: =L11 -> 0 | M10: =M11 -> 8548 | X10: =X11 -> 0 | Y10: =Y11 -> 897.67 | Z10: =Z11 -> 0 | AA10: =AA11 -> 897.67 | AB10: =AB11 -> 7650.33
B11: 393 | C11: 03 | D11: HERIBERTO PEREZ CRUZ | E11: PCH941018MU7 | F11: PECH941018HJCRRR08 | G11: 45581 | H11: JUEZ MUNICIPAL | I11: 15 | J11: =ROUND(K11/I11,2) -> 569.87 | K11: 8548 | L11: 0 | M11: =SUM(K11:L11) -> 8548 | N11: =IF(K11/15<=SMG,0,L11/2) -> 0 | O11: =(K11+N11)/I11*30.4 -> 17323.947 | P11: =VLOOKUP(O11,Tarifa,1) -> 14644.65 | Q11: =O11-P11 -> 2679.2967 | R11: =VLOOKUP(O11,Tarifa,3) -> 0.1792 | S11: =Q11*R11 -> 480.12996 | T11: =VLOOKUP(O11,Tarifa,2) -> 1339.14 | U11: =S11+T11 -> 1819.27 | V11: =VLOOKUP(O11,Credito,2) -> 0 | W11: =ROUND((U11-V11)/30.4*I11,2) -> 897.67 | X11: =-IF(W11>0,0,0) -> 0 | Y11: =IF(K11/15<=SMG,0,IF(W11<0,0,W11)) -> 897.67 | Z11: 0 | AA11: =SUM(Y11:Z11) -> 897.67 | AB11: =M11+X11-AA11 -> 7650.33
B12: Núm de Empleado | C12: Forma de Pago | D12: JURIDICO | E12: RFC | F12: CURP | H12: PUESTO | K12: =SUM(K13) -> 13214 | L12: =SUM(L13) -> 0 | M12: =SUM(M13) -> 13214 | X12: =SUM(X13) -> 0 | Y12: =SUM(Y13) -> 1890.76 | Z12: =SUM(Z13) -> 0 | AA12: =SUM(AA13) -> 1890.76 | AB12: =SUM(AB13) -> 11323.24
B13: 160 | C13: 03 | D13: ALDO JOSUE RUIZ GONZALEZ | E13: RUGA920901MA1 | F13: RUGA920901HJCZNL07 | G13: 45566 | H13: JURIDICO | I13: 15 | J13: =ROUND(K13/I13,2) -> 880.93 | K13: 13214 | L13: 0 | M13: =SUM(K13:L13) -> 13214 | N13: =IF(K13/15<=SMG,0,L13/2) -> 0 | O13: =(K13+N13)/I13*30.4 -> 26780.373 | P13: =VLOOKUP(O13,Tarifa,1) -> 17533.65 | Q13: =O13-P13 -> 9246.7233 | R13: =VLOOKUP(O13,Tarifa,3) -> 0.2136 | S13: =Q13*R13 -> 1975.1001 | T13: =VLOOKUP(O13,Tarifa,2) -> 1856.84 | U13: =S13+T13 -> 3831.9401 | V13: =VLOOKUP(O13,Credito,2) -> 0 | W13: =ROUND((U13-V13)/30.4*I13,2) -> 1890.76 | X13: =-IF(W13>0,0,0) -> 0 | Y13: =IF(K13/15<=SMG,0,IF(W13<0,0,W13)) -> 1890.76 | Z13: 0 | AA13: =SUM(Y13:Z13) -> 1890.76 | AB13: =M13+X13-AA13 -> 11323.24
A14: T O T A L E S | K14: =K8+K10+K12 -> 34436.5 | L14: =L8+L10+L12 -> 0 | M14: =M8+M10+M12 -> 34436.5 | N14: =SUM(#REF!) -> #REF! | O14: =SUM(#REF!) -> #REF! | P14: =SUM(#REF!) -> #REF! | Q14: =SUM(#REF!) -> #REF! | R14: =SUM(#REF!) -> #REF! | S14: =SUM(#REF!) -> #REF! | T14: =SUM(#REF!) -> #REF! | U14: =SUM(#REF!) -> #REF! | ... W14: =SUM(#REF!) -> #REF! | X14: =X8+X10+X12 -> 0 | Y14: =Y8+Y10+Y12 -> 4563.95 | Z14: =Z8+Z10+Z12 -> 0 | AA14: =AA8+AA10+AA12 -> 4563.95 | AB14: =AB8+AB10+AB12 -> 29872.55
D30: LIC. KARINA GUZMAN CARDONA | Y30: MTRO. JOSÉ ACUÑA RUIZ
D31: PRESIDENTA MUNICIPAL | Y31: TESORERO ENC. DE LA HACIENDA MPAL.

Sheet DIRECTOR OBRAS PUB
A1: MUNICIPIO DE : SAN CRISTÒBAL DE LA BARRANCA,JALISCO
A2: RFC MSC 850101 FR1
A3: =[1]PRESIDENCIA!A3 -> SUELDO DEL 01 AL 15 DE AGOSTO DE 2026
B5: FORMA DE PAGO | H5: Dias | I5: Sueldo | J5: P E R C E P C I O N E S | M5: Horas | O5: TARIFA | U5: Credito | V5: I.S.R. | W5: Subsidio | X5: D E D U C C I O N E S | AA5: TOTAL
A6: Núm de Empleado | C6: Nombre | H6: Trab. | I6: diario | J6: Sueldo | K6: TIEMPO | L6: total | M6: Extras | N6: Base | O6: Limite | P6: Excedente | Q6: %/S exced. | R6: Impuesto | S6: Cuota | T6: I.S.R. | U6: Al | V6: a Cargo | W6: Al | X6: ISR Salarios | Y6: Prestamo | Z6: Total | AA6: A | AB6: F I R M A
J7: Quincenal | K7: EXTRA | L7: Percepcion | M7: Gravadas | N7: Gravable | O7: Inferior | P7: Limite Inf. | Q7: Limite Inf. | R7: Marginal | S7: Fija | T7: Bruto | U7: Salario | V7: o (A Favor) | W7: Empleo | Z7: Deduc. | AA7: PAGAR
C8: OBRAS PUBLICAS | D8: RFC | E8: CURP | F8: FECHA DE INGRESO | G8: PUESTO
A9: 190 | B9: 03 | C9: ABRAHAM ANCO GARCIA | D9: AOGA8509167A4 | E9: AOGA850916HJCNRB08 | F9: 46266 | G9: DIRECTOR GENERAL DE INFRAESTRUCTURA Y DESARROLLO SOCIAL | H9: 15 | I9: =J9/H9 -> 975.96667 | J9: 14639.5 | K9: 0 | L9: =SUM(J9:K9) -> 14639.5 | M9: =IF(J9/15<=SMG,0,K9/2) -> 0 | N9: =(J9+M9)/H9*30.4 -> 29669.387 | O9: =VLOOKUP(N9,Tarifa,1) -> 17533.65 | P9: =N9-O9 -> 12135.737 | Q9: =VLOOKUP(N9,Tarifa,3) -> 0.2136 | R9: =P9*Q9 -> 2592.1934 | S9: =VLOOKUP(N9,Tarifa,2) -> 1856.84 | T9: =R9+S9 -> 4449.0334 | U9: =VLOOKUP(N9,Credito,2) -> 0 | V9: =ROUND((T9-U9)/30.4*H9,2) -> 2195.25 | W9: =-IF(V9>0,0,0) -> 0 | X9: =IF(J9/15<=SMG,0,IF(V9<0,0,V9)) -> 2195.25 | Y9: 0 | Z9: =SUM(X9:Y9) -> 2195.25 | AA9: =L9+W9-Z9 -> 12444.25
B31: LIC. KARINA GUZMAN CARDONA | W31: MTRO. JOSÉ ACUÑA RUIZ
B32: PRESIDENTA MUNICIPAL | W32: TESORERO ENC. DE LA HACIENDA MPAL.

Sheet OBRAS PUBLICAS
A1: MUNICIPIO DE : SAN CRISTÒBAL DE LA BARRANCA,JALISCO
A2: RFC MSC 850101 FR1
A3: =PRESIDENCIA!A3 -> SUELDO DEL 15 AL 30 DE SEPTIEMBRE DE 2026
C5: FORMA DE PAGO | I5: Dias | J5: Sueldo | K5: P E R C E P C I O N E S | N5: Horas | P5: TARIFA | V5: Credito | W5: I.S.R. | X5: Subsidio | Y5: D E D U C C I O N E S | AB5: TOTAL
A6: Num. | B6: Núm de Empleado | D6: Nombre | I6: Trab. | J6: diario | K6: Sueldo | L6: TIEMPO | M6: total | N6: Extras | O6: Base | P6: Limite | Q6: Excedente | R6: %/S exced. | S6: Impuesto | T6: Cuota | U6: I.S.R. | V6: Al | W6: a Cargo | X6: Al | Y6: ISR Salarios | Z6: Prestamo | AA6: Total | AB6: A | AC6: F I R M A
K7: Quincenal | L7: EXTRA | M7: Percepcion | N7: Gravadas | O7: Gravable | P7: Inferior | Q7: Limite Inf. | R7: Limite Inf. | S7: Marginal | T7: Fija | U7: Bruto | V7: Salario | W7: o (A Favor) | X7: Empleo | AA7: Deduc. | AB7: PAGAR
D8: OBRAS PUBLICAS | E8: RFC | F8: CURP | G8: FECHA DE INGRESO | H8: PUESTO
B9: 326 | C9: 03 | D9: HORTENCIA SANDOVAL GONZALEZ | E9: SAGH920520275 | F9: SAGH920520MJCNNR08 | G9: 45139 | H9: AUXILIAR ADMINISTRATIVO | I9: 15 | J9: =K9/I9 -> 391.83333 | K9: 5877.5 | L9: 0 | M9: =SUM(K9:L9) -> 5877.5 | N9: =IF(K9/15<=SMG,0,L9/2) -> 0 | O9: =(K9+N9)/I9*30.4 -> 11911.733 | P9: =VLOOKUP(O9,Tarifa,1) -> 7168.52 | Q9: =O9-P9 -> 4743.2133 | R9: =VLOOKUP(O9,Tarifa,3) -> 0.1088 | S9: =Q9*R9 -> 516.06161 | T9: =VLOOKUP(O9,Tarifa,2) -> 420.95 | U9: =S9+T9 -> 937.01161 | V9: =VLOOKUP(O9,Credito,2) -> 0 | W9: =ROUND((U9-V9)/30.4*I9,2) -> 462.34 | X9: =-IF(W9>0,0,0) -> 0 | Y9: =IF(K9/15<=SMG,0,IF(W9<0,0,W9)) -> 462.34 | Z9: 0 | AA9: =SUM(Y9:Z9) -> 462.34 | AB9: =M9+X9-AA9 -> 5415.16
B10: 248 | C10: 03 | D10: GILBERTO CASTRO BALTIERRA | E10: CABG900204C29 | F10: CABG900204HJCSLL01 | G10: 43983 | H10: COORDINADOR DE MAQUINARIA Y ALMACEN MUNICIPAL | I10: 15 | J10: =K10/I10 -> 827.5 | K10: 12412.5 | L10: 0 | M10: =SUM(K10:L10) -> 12412.5 | N10: =IF(K10/15<=SMG,0,L10/2) -> 0 | O10: =(K10+N10)/I10*30.4 -> 25156 | P10: =VLOOKUP(O10,Tarifa,1) -> 17533.65 | Q10: =O10-P10 -> 7622.35 | R10: =VLOOKUP(O10,Tarifa,3) -> 0.2136 | S10: =Q10*R10 -> 1628.134 | T10: =VLOOKUP(O10,Tarifa,2) -> 1856.84 | U10: =S10+T10 -> 3484.974 | V10: =VLOOKUP(O10,Credito,2) -> 0 | W10: =ROUND((U10-V10)/30.4*I10,2) -> 1719.56 | X10: =-IF(W10>0,0,0) -> 0 | Y10: =IF(K10/15<=SMG,0,IF(W10<0,0,W10)) -> 1719.56 | Z10: 0 | AA10: =SUM(Y10:Z10) -> 1719.56 | AB10: =M10+X10-AA10 -> 10692.94
B11: 449 | C11: 03 | D11: ANA CECILIA MARQUEZ GARCIA | E11: MAGA940301VA2 | F11: MAGA940301MJCRRN06 | G11: 46280 | H11: AUXILIAR ADMINISTRATIVO | I11: 15 | J11: =K11/I11 -> 391.83333 | K11: 5877.5 | L11: 0 | M11: =SUM(K11:L11) -> 5877.5 | N11: =IF(K11/15<=SMG,0,L11/2) -> 0 | O11: =(K11+N11)/I11*30.4 -> 11911.733 | P11: =VLOOKUP(O11,Tarifa,1) -> 7168.52 | Q11: =O11-P11 -> 4743.2133 | R11: =VLOOKUP(O11,Tarifa,3) -> 0.1088 | S11: =Q11*R11 -> 516.06161 | T11: =VLOOKUP(O11,Tarifa,2) -> 420.95 | U11: =S11+T11 -> 937.01161 | V11: =VLOOKUP(O11,Credito,2) -> 0 | W11: =ROUND((U11-V11)/30.4*I11,2) -> 462.34 | X11: =-IF(W11>0,0,0) -> 0 | Y11: =IF(K11/15<=SMG,0,IF(W11<0,0,W11)) -> 462.34 | Z11: 0 | AA11: =SUM(Y11:Z11) -> 462.34 | AB11: =M11+X11-AA11 -> 5415.16
B12: 130 | C12: 03 | D12: J. NIEVES AVELAR RAMIREZ | E12: AERJ860323SE7 | F12: AERN860323HJCVMV12 | G12: 46286 | H12: OPERADOR MOTOCONFORMADORA | I12: 10 | J12: =K12/I12 -> 623 | K12: 6230 | L12: 0 | M12: =SUM(K12:L12) -> 6230 | N12: =IF(K12/15<=SMG,0,L12/2) -> 0 | O12: =(K12+N12)/I12*30.4 -> 18939.2 | P12: =VLOOKUP(O12,Tarifa,1) -> 17533.65 | Q12: =O12-P12 -> 1405.55 | R12: =VLOOKUP(O12,Tarifa,3) -> 0.2136 | S12: =Q12*R12 -> 300.22548 | T12: =VLOOKUP(O12,Tarifa,2) -> 1856.84 | U12: =S12+T12 -> 2157.0655 | V12: =VLOOKUP(O12,Credito,2) -> 0 | W12: =ROUND((U12-V12)/30.4*I12,2) -> 709.56 | X12: =-IF(W12>0,0,0) -> 0 | Y12: =IF(K12/15<=SMG,0,IF(W12<0,0,W12)) -> 709.56 | Z12: 0 | AA12: =SUM(Y12:Z12) -> 709.56 | AB12: =M12+X12-AA12 -> 5520.44
B13: 191 | C13: 03 | D13: JORGE CASTRO SANDOVAL | E13: CASJ6506153H7 | F13: CASJ650615HJCSNR03 | G13: 43512 | H13: OPERADOR EXCAVADORA | I13: 15 | J13: =K13/I13 -> 623 | K13: 9345 | L13: 0 | M13: =SUM(K13:L13) -> 9345 | N13: =IF(K13/15<=SMG,0,L13/2) -> 0 | O13: =(K13+N13)/I13*30.4 -> 18939.2 | P13: =VLOOKUP(O13,Tarifa,1) -> 17533.65 | Q13: =O13-P13 -> 1405.55 | R13: =VLOOKUP(O13,Tarifa,3) -> 0.2136 | S13: =Q13*R13 -> 300.22548 | T13: =VLOOKUP(O13,Tarifa,2) -> 1856.84 | U13: =S13+T13 -> 2157.0655 | V13: =VLOOKUP(O13,Credito,2) -> 0 | W13: =ROUND((U13-V13)/30.4*I13,2) -> 1064.34 | X13: =-IF(W13>0,0,0) -> 0 | Y13: =IF(K13/15<=SMG,0,IF(W13<0,0,W13)) -> 1064.34 | Z13: 0 | AA13: =SUM(Y13:Z13) -> 1064.34 | AB13: =M13+X13-AA13 -> 8280.66
B14: 296 | C14: 03 | D14: RAMIRO CASTRO HORTA | E14: CAHR900320NQ0 | F14: CAHR900320HJCSRN09 | G14: 44728 | H14: OPERADOR EXCAVADORA | I14: 15 | J14: =K14/I14 -> 623 | K14: 9345 | L14: 0 | M14: =SUM(K14:L14) -> 9345 | N14: =IF(K14/15<=SMG,0,L14/2) -> 0 | O14: =(K14+N14)/I14*30.4 -> 18939.2 | P14: =VLOOKUP(O14,Tarifa,1) -> 17533.65 | Q14: =O14-P14 -> 1405.55 | R14: =VLOOKUP(O14,Tarifa,3) -> 0.2136 | S14: =Q14*R14 -> 300.22548 | T14: =VLOOKUP(O14,Tarifa,2) -> 1856.84 | U14: =S14+T14 -> 2157.0655 | V14: =VLOOKUP(O14,Credito,2) -> 0 | W14: =ROUND((U14-V14)/30.4*I14,2) -> 1064.34 | X14: =-IF(W14>0,0,0) -> 0 | Y14: =IF(K14/15<=SMG,0,IF(W14<0,0,W14)) -> 1064.34 | Z14: 0 | AA14: =SUM(Y14:Z14) -> 1064.34 | AB14: =M14+X14-AA14 -> 8280.66
B16: MUNICIPIO DE : SAN CRISTÒBAL DE LA BARRANCA,JALISCO
B17: RFC MSC 850101 FR1
B18: =PRESIDENCIA!A3 -> SUELDO DEL 15 AL 30 DE SEPTIEMBRE DE 2026
B20: 245 | C20: 03 | D20: DAVID CASTRO AVILA | E20: CAAD880427EC1 | F20: CAAD880427HZSSVV05 | G20: 45475 | H20: OPERADOR EXCAVADORA | I20: 15 | J20: =K20/I20 -> 498.46667 | K20: 7477 | L20: 0 | M20: =SUM(K20:L20) -> 7477 | N20: =IF(K20/15<=SMG,0,L20/2) -> 0 | O20: =(K20+N20)/I20*30.4 -> 15153.387 | P20: =VLOOKUP(O20,Tarifa,1) -> 14644.65 | Q20: =O20-P20 -> 508.73667 | R20: =VLOOKUP(O20,Tarifa,3) -> 0.1792 | S20: =Q20*R20 -> 91.165611 | T20: =VLOOKUP(O20,Tarifa,2) -> 1339.14 | U20: =S20+T20 -> 1430.3056 | V20: =VLOOKUP(O20,Credito,2) -> 0 | W20: =ROUND((U20-V20)/30.4*I20,2) -> 705.74 | X20: =-IF(W20>0,0,0) -> 0 | Y20: =IF(K20/15<=SMG,0,IF(W20<0,0,W20)) -> 705.74 | Z20: 0 | AA20: =SUM(Y20:Z20) -> 705.74 | AB20: =M20+X20-AA20 -> 6771.26
B21: 386 | C21: 03 | D21: EFRAIN RAMIREZ CASTRO | E21: RACE671101261 | F21: RACE671101HJCMSF05 | G21: 45566 | H21: AUXILIAR DE OPERADOR | I21: 15 | J21: =K21/I21 -> 468.73333 | K21: 7031 | L21: 0 | M21: =SUM(K21:L21) -> 7031 | N21: =IF(K21/15<=SMG,0,L21/2) -> 0 | O21: =(K21+N21)/I21*30.4 -> 14249.493 | P21: =VLOOKUP(O21,Tarifa,1) -> 12598.03 | Q21: =O21-P21 -> 1651.4633 | R21: =VLOOKUP(O21,Tarifa,3) -> 0.16 | S21: =Q21*R21 -> 264.23413 | T21: =VLOOKUP(O21,Tarifa,2) -> 1011.68 | U21: =S21+T21 -> 1275.9141 | V21: =VLOOKUP(O21,Credito,2) -> 0 | W21: =ROUND((U21-V21)/30.4*I21,2) -> 629.56 | X21: =-IF(W21>0,0,0) -> 0 | Y21: =IF(K21/15<=SMG,0,IF(W21<0,0,W21)) -> 629.56 | Z21: 0 | AA21: =SUM(Y21:Z21) -> 629.56 | AB21: =M21+X21-AA21 -> 6401.44
B22: 360 | C22: 03 | D22: ENRIQUE CASTRO CASTRO | E22: CACE181220RTA | F22: CACE001218HJCSSNA5 | G22: 45459 | H22: AUXILIAR OBRAS PÚBLICAS | I22: 15 | J22: =K22/I22 -> 384.4 | K22: 5766 | L22: 0 | M22: =SUM(K22:L22) -> 5766 | N22: =IF(K22/15<=SMG,0,L22/2) -> 0 | O22: =(K22+N22)/I22*30.4 -> 11685.76 | P22: =VLOOKUP(O22,Tarifa,1) -> 7168.52 | Q22: =O22-P22 -> 4517.24 | R22: =VLOOKUP(O22,Tarifa,3) -> 0.1088 | S22: =Q22*R22 -> 491.47571 | T22: =VLOOKUP(O22,Tarifa,2) -> 420.95 | U22: =S22+T22 -> 912.42571 | V22: =VLOOKUP(O22,Credito,2) -> 0 | W22: =ROUND((U22-V22)/30.4*I22,2) -> 450.21 | X22: =-IF(W22>0,0,0) -> 0 | Y22: =IF(K22/15<=SMG,0,IF(W22<0,0,W22)) -> 450.21 | Z22: 0 | AA22: =SUM(Y22:Z22) -> 450.21 | AB22: =M22+X22-AA22 -> 5315.79
B23: 032 | C23: 03 | D23: JOSE BLANCO FRIAS | E23: BAFJ64022457A | F23: BAFJ640224HJCLRS16 | G23: 44728 | H23: MECANICO MUNICIPAL | I23: 15 | J23: =K23/I23 -> 455.53333 | K23: 6833 | L23: 0 | M23: =K23 -> 6833 | N23: =IF(K23/15<=SMG,0,L23/2) -> 0 | O23: =(K23+N23)/I23*30.4 -> 13848.213 | P23: =VLOOKUP(O23,Tarifa,1) -> 12598.03 | Q23: =O23-P23 -> 1250.1833 | R23: =VLOOKUP(O23,Tarifa,3) -> 0.16 | S23: =Q23*R23 -> 200.02933 | T23: =VLOOKUP(O23,Tarifa,2) -> 1011.68 | U23: =S23+T23 -> 1211.7093 | V23: =VLOOKUP(O23,Credito,2) -> 0 | W23: =ROUND((U23-V23)/30.4*I23,2) -> 597.88 | X23: =-IF(W23>0,0,0) -> 0 | Y23: =IF(K23/15<=SMG,0,IF(W23<0,0,W23)) -> 597.88 | Z23: 0 | AA23: =SUM(Y23:Z23) -> 597.88 | AB23: =M23+X23-AA23+L23 -> 6235.12
B24: 318 | C24: 03 | D24: PEDRO RAMIREZ CONTRERAS | E24: RACP571107NX8 | F24: RACP571107HJCMNS05 | G24: 45078 | H24: BODEGUERO | I24: 15 | J24: =K24/I24 -> 327 | K24: 4905 | L24: 654 | M24: =SUM(K24:L24) -> 5559 | N24: =IF(K24/15<=SMG,0,L24/2) -> 327 | O24: =(K24+N24)/I24*30.4 -> 10603.52 | P24: =VLOOKUP(O24,Tarifa,1) -> 7168.52 | Q24: =O24-P24 -> 3435 | R24: =VLOOKUP(O24,Tarifa,3) -> 0.1088 | S24: =Q24*R24 -> 373.728 | T24: =VLOOKUP(O24,Tarifa,2) -> 420.95 | U24: =S24+T24 -> 794.678 | V24: =VLOOKUP(O24,Credito,2) -> 535.65 | W24: =ROUND((U24-V24)/30.4*I24,2) -> 127.81 | X24: =-IF(W24>0,0,0) -> 0 | Y24: =IF(K24/15<=SMG,0,IF(W24<0,0,W24)) -> 127.81 | Z24: 0 | AA24: =SUM(Y24:Z24) -> 127.81 | AB24: =M24+X24-AA24 -> 5431.19
B25: 272 | C25: 03 | D25: EFRAIN ROBLES FLORES | E25: ROFE870509J60 | F25: ROFE870509HDGBLF05 | G25: 45754 | H25: CHOFER CAMION VOLTEO | I25: 15 | J25: =K25/I25 -> 543.73333 | K25: 8156 | L25: 1631 | M25: =SUM(K25:L25) -> 9787 | N25: =IF(K25/15<=SMG,0,L25/2) -> 815.5 | O25: =(K25+N25)/I25*30.4 -> 18182.24 | P25: =VLOOKUP(O25,Tarifa,1) -> 17533.65 | Q25: =O25-P25 -> 648.59 | R25: =VLOOKUP(O25,Tarifa,3) -> 0.2136 | S25: =Q25*R25 -> 138.53882 | T25: =VLOOKUP(O25,Tarifa,2) -> 1856.84 | U25: =S25+T25 -> 1995.3788 | V25: =VLOOKUP(O25,Credito,2) -> 0 | W25: =ROUND((U25-V25)/30.4*I25,2) -> 984.56 | X25: =-IF(W25>0,0,0) -> 0 | Y25: =IF(K25/15<=SMG,0,IF(W25<0,0,W25)) -> 984.56 | Z25: 0 | AA25: =SUM(Y25:Z25) -> 984.56 | AB25: =M25+X25-AA25 -> 8802.44
A26: T O T A L E S | K26: =SUM(K9:K25) -> 89255.5 | L26: =SUM(L9:L25) -> 2285 | M26: =SUM(M9:M25) -> 91540.5 | N26: =SUM(N9:N25) -> 1142.5 | O26: =SUM(O9:O25) -> 189519.68 | P26: =SUM(P9:P25) -> 156183.04 | Q26: =SUM(Q9:Q25) -> 33336.64 | R26: =SUM(R9:R25) -> 2.0024 | ... AB26: =SUM(AB9:AB25) -> 82562.26
D33: LIC. KARINA GUZMAN CARDONA | Y33: MTRO. JOSÉ ACUÑA RUIZ
D34: PRESIDENTA MUNICIPAL | Y34: TESORERO ENC. DE LA HACIENDA MPAL.

Sheet SERV.PBCOS
A1: MUNICIPIO DE : SAN CRISTÒBAL DE LA BARRANCA,JALISCO
A2: RFC MSC 850101 FR1
A3: =PRESIDENCIA!A3 -> SUELDO DEL 15 AL 30 DE SEPTIEMBRE DE 2026
I5: Dias | J5: Sueldo | K5: P E R C E P C I O N E S | N5: Horas | P5: TARIFA | V5: Credito | W5: I.S.R. | X5: Subsidio | Y5: D E D U C C I O N E S | AB5: TOTAL
A6: N° | B6: Núm de Empleado | C6: Forma de Pago | D6: Nombre | I6: Trab. | J6: diario | K6: Sueldo | L6: TIEMPO | M6: total | N6: Extras | O6: Base | P6: Limite | Q6: Excedente | R6: %/S exced. | S6: Impuesto | T6: Cuota | U6: I.S.R. | V6: Al | W6: a Cargo | X6: Al | Y6: ISR Salarios | Z6: Prestamo | AA6: Total | AB6: A | AC6: F I R M A
K7: Quincenal | L7: EXTRA | M7: Percepcion | N7: Gravadas | O7: Gravable | P7: Inferior | Q7: Limite Inf. | R7: Limite Inf. | S7: Marginal | T7: Fija | U7: Bruto | V7: Salario | W7: o (A Favor) | X7: Empleo | AA7: Deduc. | AB7: PAGAR
D8: SERVICIOS PUBLICOS | E8: RFC | F8: CURP | G8: FECHA DE INGRESO | H8: PUESTO | K8: =SUM(K9:K25) -> 53270.5 | L8: =SUM(L9:L25) -> 3100 | M8: =SUM(M9:M25) -> 54870.5 | X8: =SUM(X9:X25) -> 0 | Y8: =SUM(Y9:Y25) -> 2552.26 | Z8: =SUM(Z9:Z25) -> 0 | AA8: =SUM(AA9:AA25) -> 2552.26 | AB8: =SUM(AB9:AB26) -> 59134.03
B9: 195 | C9: 03 | D9: SANTIAGO SOLIS CASILLAS | E9: SOCS710314EB3 | F9: SOCS710314HJCLSN05 | G9: 43512 | H9: CHOFER DE ASEO PUBLICO | I9: 15 | J9: =K9/I9 -> 373.2 | K9: 5598 | L9: 0 | M9: =SUM(K9:L9) -> 5598 | N9: =IF(K9/15<=SMG,0,L9/2) -> 0 | O9: =(K9+N9)/I9*30.4 -> 11345.28 | P9: =VLOOKUP(O9,Tarifa,1) -> 7168.52 | Q9: =O9-P9 -> 4176.76 | R9: =VLOOKUP(O9,Tarifa,3) -> 0.1088 | S9: =Q9*R9 -> 454.43149 | T9: =VLOOKUP(O9,Tarifa,2) -> 420.95 | U9: =S9+T9 -> 875.38149 | V9: =VLOOKUP(O9,Credito,2) -> 535.65 | W9: =ROUND((U9-V9)/30.4*I9,2) -> 167.63 | X9: =-IF(W9>0,0,0) -> 0 | Y9: =IF(K9/15<=SMG,0,IF(W9<0,0,W9)) -> 167.63 | Z9: 0 | AA9: =SUM(Y9:Z9) -> 167.63 | AB9: =M9+X9-AA9 -> 5430.37
B10: 298 | C10: 03 | D10: ANGELBERTO CASILLAS SOLIS | E10: CASA730128UJ7 | F10: CASA730128HJCSLN01 | G10: 44743 | H10: CHOFER DE ASEO PUBLICO | I10: 15 | J10: =K10/I10 -> 373.2 | K10: 5598 | L10: 800 | M10: =SUM(K10:L10) -> 6398 | N10: =IF(K10/15<=SMG,0,L10/2) -> 400 | O10: =(K10+N10)/I10*30.4 -> 12155.947 | P10: =VLOOKUP(O10,Tarifa,1) -> 7168.52 | Q10: =O10-P10 -> 4987.4267 | R10: =VLOOKUP(O10,Tarifa,3) -> 0.1088 | S10: =Q10*R10 -> 542.63202 | T10: =VLOOKUP(O10,Tarifa,2) -> 420.95 | U10: =S10+T10 -> 963.58202 | V10: =VLOOKUP(O10,Credito,2) -> 0 | W10: =ROUND((U10-V10)/30.4*I10,2) -> 475.45 | X10: =-IF(W10>0,0,0) -> 0 | Y10: =IF(K10/15<=SMG,0,IF(W10<0,0,W10)) -> 475.45 | Z10: 0 | AA10: =SUM(Y10:Z10) -> 475.45 | AB10: =M10+X10-AA10 -> 5922.55
B11: 052 | C11: 03 | D11: EVERARDO RODRIGUEZ ARTEAGA | E11: ROAE8305268D9 | F11: ROAE830526HJCDRV07 | G11: 39448 | H11: AUXILIAR DE ASEO PUBLICO | I11: 15 | J11: =K11/I11 -> 373.2 | K11: 5598 | L11: 800 | M11: =SUM(K11:L11) -> 6398 | N11: =IF(K11/15<=SMG,0,L11/2) -> 400 | O11: =(K11+N11)/I11*30.4 -> 12155.947 | P11: =VLOOKUP(O11,Tarifa,1) -> 7168.52 | Q11: =O11-P11 -> 4987.4267 | R11: =VLOOKUP(O11,Tarifa,3) -> 0.1088 | S11: =Q11*R11 -> 542.63202 | T11: =VLOOKUP(O11,Tarifa,2) -> 420.95 | U11: =S11+T11 -> 963.58202 | V11: =VLOOKUP(O11,Credito,2) -> 0 | W11: =ROUND((U11-V11)/30.4*I11,2) -> 475.45 | X11: =-IF(W11>0,0,0) -> 0 | Y11: =IF(K11/15<=SMG,0,IF(W11<0,0,W11)) -> 475.45 | Z11: 0 | AA11: =SUM(Y11:Z11) -> 475.45 | AB11: =M11+X11-AA11 -> 5922.55
B12: 220 | C12: 03 | D12: MARIO AVILA AVILA | E12: AIAM870428GG7 | F12: AIAM870428HJCVVR02 | G12: 43617 | H12: AUXILIAR DE ASEO PUBLICO | I12: 15 | J12: =K12/I12 -> 373.2 | K12: 5598 | L12: 0 | M12: =SUM(K12:L12) -> 5598 | N12: =IF(K12/15<=SMG,0,L12/2) -> 0 | O12: =(K12+N12)/I12*30.4 -> 11345.28 | P12: =VLOOKUP(O12,Tarifa,1) -> 7168.52 | Q12: =O12-P12 -> 4176.76 | R12: =VLOOKUP(O12,Tarifa,3) -> 0.1088 | S12: =Q12*R12 -> 454.43149 | T12: =VLOOKUP(O12,Tarifa,2) -> 420.95 | U12: =S12+T12 -> 875.38149 | V12: =VLOOKUP(O12,Credito,2) -> 535.65 | W12: =ROUND((U12-V12)/30.4*I12,2) -> 167.63 | X12: =-IF(W12>0,0,0) -> 0 | Y12: =IF(K12/15<=SMG,0,IF(W12<0,0,W12)) -> 167.63 | Z12: 0 | AA12: =SUM(Y12:Z12) -> 167.63 | AB12: =M12+X12-AA12 -> 5430.37
B13: 141 | C13: 03 | D13: MARCO ANTONIO IBARRA RODRIGUEZ | E13: IARM881208T31 | F13: IARM881208HZSBDR03 | G13: 42948 | H13: AFANADOR PANTEÓN MUNICIPAL | I13: 15 | J13: =K13/I13 -> 455.13333 | K13: 6827 | L13: 1500 | M13: =K13 -> 6827 | N13: =IF(K13/15<=SMG,0,L13/2) -> 750 | O13: =(K13+N13)/I13*30.4 -> 15356.053 | P13: =VLOOKUP(O13,Tarifa,1) -> 14644.65 | Q13: =O13-P13 -> 711.40333 | R13: =VLOOKUP(O13,Tarifa,3) -> 0.1792 | S13: =Q13*R13 -> 127.48348 | T13: =VLOOKUP(O13,Tarifa,2) -> 1339.14 | U13: =S13+T13 -> 1466.6235 | V13: =VLOOKUP(O13,Credito,2) -> 0 | W13: =ROUND((U13-V13)/30.4*I13,2) -> 723.66 | X13: =-IF(W13>0,0,0) -> 0 | Y13: =IF(K13/15<=SMG,0,IF(W13<0,0,W13)) -> 723.66 | Z13: 0 | AA13: =SUM(Y13:Z13) -> 723.66 | AB13: =M13+X13-AA13+L13 -> 7603.34
B17: MUNICIPIO DE : SAN CRISTÒBAL DE LA BARRANCA,JALISCO
B18: RFC MSC 850101 FR1
B19: =PRESIDENCIA!A3 -> SUELDO DEL 15 AL 30 DE SEPTIEMBRE DE 2026
B21: 369 | C21: 03 | D21: J GUADALUPE IBARRA RODRIGUEZ | E21: IARG6001143M1 | F21: IARG600114HJCBDD00 | G21: 45566 | H21: AFANADOR PARQUE LA ISLA | I21: 15 | J21: =K21/I21 -> 327 | K21: 4905 | L21: 0 | M21: =SUM(K21:L21) -> 4905 | N21: =IF(K21/15<=SMG,0,L21/2) -> 0 | O21: =(K21+N21)/I21*30.4 -> 9940.8 | P21: =VLOOKUP(O21,Tarifa,1) -> 7168.52 | Q21: =O21-P21 -> 2772.28 | R21: =VLOOKUP(O21,Tarifa,3) -> 0.1088 | S21: =Q21*R21 -> 301.62406 | T21: =VLOOKUP(O21,Tarifa,2) -> 420.95 | U21: =S21+T21 -> 722.57406 | V21: =VLOOKUP(O21,Credito,2) -> 535.65 | W21: =ROUND((U21-V21)/30.4*I21,2) -> 92.23 | X21: =-IF(W21>0,0,0) -> 0 | Y21: =IF(K21/15<=SMG,0,IF(W21<0,0,W21)) -> 92.23 | Z21: 0 | AA21: =SUM(Y21:Z21) -> 92.23 | AB21: =M21+X21-AA21 -> 4812.77
B22: 027 | C22: 03 | D22: J JESUS PEREZ RODRIGUEZ | E22: PERJ580103KC6 | F22: PERJ580103HJCRDS17 | G22: 45123 | H22: AFANADOR UNIDAD DEPORTIVA | I22: 15 | J22: =K22/I22 -> 314.23333 | K22: 4713.5 | L22: 0 | M22: =SUM(K22:L22) -> 4713.5 | N22: =IF(K22/15<=SMG,0,L22/2) -> 0 | O22: =(K22+N22)/I22*30.4 -> 9552.6933 | P22: =VLOOKUP(O22,Tarifa,1) -> 7168.52 | Q22: =O22-P22 -> 2384.1733 | R22: =VLOOKUP(O22,Tarifa,3) -> 0.1088 | S22: =Q22*R22 -> 259.39806 | T22: =VLOOKUP(O22,Tarifa,2) -> 420.95 | U22: =S22+T22 -> 680.34806 | V22: =VLOOKUP(O22,Credito,2) -> 535.65 | W22: =ROUND((U22-V22)/30.4*I22,2) -> 71.4 | X22: =-IF(W22>0,0,0) -> 0 | Y22: =IF(K22/15<=SMG,0,IF(W22<0,0,W22)) -> 0 | Z22: 0 | AA22: =SUM(Y22:Z22) -> 0 | AB22: =M22+X22-AA22 -> 4713.5
B23: 226 | C23: 03 | D23: HERIBERTA AVILA VEGA | E23: AIVH7703037R6 | F23: AIVH770303MJCVGR09 | G23: 43709 | H23: AFANADORA PRESIDENCIA MUNICIPAL | I23: 15 | J23: =K23/I23 -> 296.66667 | K23: 4450 | L23: 0 | M23: =SUM(K23:L23) -> 4450 | N23: =IF(K23/15<=SMG,0,L23/2) -> 0 | O23: =(K23+N23)/I23*30.4 -> 9018.6667 | P23: =VLOOKUP(O23,Tarifa,1) -> 7168.52 | Q23: =O23-P23 -> 1850.1467 | R23: =VLOOKUP(O23,Tarifa,3) -> 0.1088 | S23: =Q23*R23 -> 201.29596 | T23: =VLOOKUP(O23,Tarifa,2) -> 420.95 | U23: =S23+T23 -> 622.24596 | V23: =VLOOKUP(O23,Credito,2) -> 535.65 | W23: =ROUND((U23-V23)/30.4*I23,2) -> 42.73 | X23: =-IF(W23>0,0,0) -> 0 | Y23: =IF(K23/15<=SMG,0,IF(W23<0,0,W23)) -> 0 | Z23: 0 | AA23: =SUM(Y23:Z23) -> 0 | AB23: =M23+X23-AA23 -> 4450
B24: 136 | C24: 03 | D24: MARGARITA SOLIS CASILLAS | E24: SOCM780618J44 | F24: SOCM780618MJCLSR05 | G24: 44473 | H24: AFANADORA DE LA PLAZA PRINCIPAL | I24: 15 | J24: =K24/I24 -> 281.13333 | K24: 4217 | L24: 0 | M24: =SUM(K24:L24) -> 4217 | N24: =IF(K24/15<=SMG,0,L24/2) -> 0 | O24: =(K24+N24)/I24*30.4 -> 8546.4533 | P24: =VLOOKUP(O24,Tarifa,1) -> 7168.52 | Q24: =O24-P24 -> 1377.9333 | R24: =VLOOKUP(O24,Tarifa,3) -> 0.1088 | S24: =Q24*R24 -> 149.91915 | T24: =VLOOKUP(O24,Tarifa,2) -> 420.95 | U24: =S24+T24 -> 570.86915 | V24: =VLOOKUP(O24,Credito,2) -> 535.65 | W24: =ROUND((U24-V24)/30.4*I24,2) -> 17.38 | X24: =-IF(W24>0,0,0) -> 0 | Y24: =IF(K24/15<=SMG,0,IF(W24<0,0,W24)) -> 0 | Z24: 0 | AA24: =SUM(Y24:Z24) -> 0 | AB24: =M24+X24-AA24 -> 4217
B25: 402 | C25: 03 | D25: MARIO ERNESTO AVILA HERRERA | E25: AIHM9301091E4 | F25: AIHM930109HJCVRR08 | G25: 45673 | H25: AUXILIAR | I25: 15 | J25: =K25/I25 -> 384.4 | K25: 5766 | L25: 0 | M25: =SUM(K25:L25) -> 5766 | N25: =IF(K25/15<=SMG,0,L25/2) -> 0 | O25: =(K25+N25)/I25*30.4 -> 11685.76 | P25: =VLOOKUP(O25,Tarifa,1) -> 7168.52 | Q25: =O25-P25 -> 4517.24 | R25: =VLOOKUP(O25,Tarifa,3) -> 0.1088 | S25: =Q25*R25 -> 491.47571 | T25: =VLOOKUP(O25,Tarifa,2) -> 420.95 | U25: =S25+T25 -> 912.42571 | V25: =VLOOKUP(O25,Credito,2) -> 0 | W25: =ROUND((U25-V25)/30.4*I25,2) -> 450.21 | X25: =-IF(W25>0,0,0) -> 0 | Y25: =IF(K25/15<=SMG,0,IF(W25<0,0,W25)) -> 450.21 | Z25: 0 | AA25: =SUM(Y25:Z25) -> 450.21 | AB25: =M25+X25-AA25 -> 5315.79
B26: 430 | C26: 03 | D26: FRANCISCO JAVIER CASTRO ULLOA | E26: CAUF070427CV5 | F26: CAUF070427HJCSLRA1 | G26: 45901 | H26: AUXILIAR | I26: 15 | J26: =K26/I26 -> 384.4 | K26: 5766 | L26: 0 | M26: =SUM(K26:L26) -> 5766 | N26: =IF(K26/15<=SMG,0,L26/2) -> 0 | O26: =(K26+N26)/I26*30.4 -> 11685.76 | P26: =VLOOKUP(O26,Tarifa,1) -> 7168.52 | Q26: =O26-P26 -> 4517.24 | R26: =VLOOKUP(O26,Tarifa,3) -> 0.1088 | S26: =Q26*R26 -> 491.47571 | T26: =VLOOKUP(O26,Tarifa,2) -> 420.95 | U26: =S26+T26 -> 912.42571 | V26: =VLOOKUP(O26,Credito,2) -> 0 | W26: =ROUND((U26-V26)/30.4*I26,2) -> 450.21 | X26: =-IF(W26>0,0,0) -> 0 | Y26: =IF(K26/15<=SMG,0,IF(W26<0,0,W26)) -> 450.21 | Z26: 0 | AA26: =SUM(Y26:Z26) -> 450.21 | AB26: =M26+X26-AA26 -> 5315.79
B29: MUNICIPIO DE : SAN CRISTÒBAL DE LA BARRANCA,JALISCO
B30: RFC MSC 850101 FR1
B31: =PRESIDENCIA!A3 -> SUELDO DEL 15 AL 30 DE SEPTIEMBRE DE 2026
B33: Núm de Empleado | C33: Forma de Pago | D33: AGUA POTABLE | E33: RFC | F33: CURP | G33: FECHA DE INGRESO | H33: PUESTO | K33: =SUM(K34:K34) -> 7290.5 | L33: =SUM(L34:L34) -> 0 | M33: =SUM(M34:M34) -> 7290.5 | X33: =SUM(X34:X34) -> 0 | Y33: =SUM(Y34:Y34) -> 672.32 | Z33: =SUM(Z34:Z34) -> 0 | AA33: =SUM(AA34:AA34) -> 672.32 | AB33: =SUM(AB34:AB34) -> 6618.18
B34: 198 | C34: 03 | D34: DAVID CASTRO RAMIREZ | E34: CARD630626GL5 | F34: CARD630626HJCSMV08 | G34: 43512 | H34: ALBAÑIL Y FONTANERO | I34: 15 | J34: =K34/I34 -> 486.03333 | K34: 7290.5 | L34: 0 | M34: =SUM(K34:L34) -> 7290.5 | N34: =IF(K34/15<=SMG,0,L34/2) -> 0 | O34: =(K34+N34)/I34*30.4 -> 14775.413 | P34: =VLOOKUP(O34,Tarifa,1) -> 14644.65 | Q34: =O34-P34 -> 130.76333 | R34: =VLOOKUP(O34,Tarifa,3) -> 0.1792 | S34: =Q34*R34 -> 23.432789 | T34: =VLOOKUP(O34,Tarifa,2) -> 1339.14 | U34: =S34+T34 -> 1362.5728 | V34: =VLOOKUP(O34,Credito,2) -> 0 | W34: =ROUND((U34-V34)/30.4*I34,2) -> 672.32 | X34: =-IF(W34>0,0,0) -> 0 | Y34: =IF(K34/15<=SMG,0,IF(W34<0,0,W34)) -> 672.32 | Z34: 0 | AA34: =SUM(Y34:Z34) -> 672.32 | AB34: =M34+X34-AA34 -> 6618.18
B35: Núm de Empleado | C35: Forma de Pago | D35: SERVICIOS PUBLICOS | E35: RFC | F35: CURP | G35: FECHA DE INGRESO | H35: PUESTO | K35: =SUM(K36:K37) -> 13537.6 | L35: =SUM(L36:L37) -> 1631 | M35: =SUM(M36:M37) -> 15168.6 | X35: =SUM(X36:X37) -> 0 | Y35: =SUM(Y36:Y37) -> 1404.76 | Z35: =SUM(Z36:Z37) -> 0 | AA35: =SUM(AA36:AA37) -> 1404.76 | AB35: =SUM(AB36:AB37) -> 13763.84
B36: 271 | C36: 03 | D36: VICTORIANO SANDOVAL FLORES | E36: SAFV890702G75 | F36: SAFV890702HJCNLC08 | G36: 44470 | H36: ELECTRICISTA | I36: 15 | J36: =K36/I36 -> 543.73333 | K36: 8156 | L36: 1631 | M36: =SUM(K36:L36) -> 9787 | N36: =IF(K36/15<=SMG,0,L36/2) -> 815.5 | O36: =(K36+N36)/I36*30.4 -> 18182.24 | P36: =VLOOKUP(O36,Tarifa,1) -> 17533.65 | Q36: =O36-P36 -> 648.59 | R36: =VLOOKUP(O36,Tarifa,3) -> 0.2136 | S36: =Q36*R36 -> 138.53882 | T36: =VLOOKUP(O36,Tarifa,2) -> 1856.84 | U36: =S36+T36 -> 1995.3788 | V36: =VLOOKUP(O36,Credito,2) -> 0 | W36: =ROUND((U36-V36)/30.4*I36,2) -> 984.56 | X36: =-IF(W36>0,0,0) -> 0 | Y36: =IF(K36/15<=SMG,0,IF(W36<0,0,W36)) -> 984.56 | Z36: 0 | AA36: =SUM(Y36:Z36) -> 984.56 | AB36: =M36+X36-AA36 -> 8802.44
B37: 395 | C37: 03 | D37: JOSE RIVERA FLORES | E37: RIFJ771230D57 | F37: RIFJ771230HJCVLS00 | G37: 45459 | H37: AUXILIAR OBRAS PUBLICAS | I37: 14 | J37: =K37/I37 -> 384.4 | K37: 5381.6 | L37: 0 | M37: =SUM(K37:L37) -> 5381.6 | N37: =IF(K37/15<=SMG,0,L37/2) -> 0 | O37: =(K37+N37)/I37*30.4 -> 11685.76 | P37: =VLOOKUP(O37,Tarifa,1) -> 7168.52 | Q37: =O37-P37 -> 4517.24 | R37: =VLOOKUP(O37,Tarifa,3) -> 0.1088 | S37: =Q37*R37 -> 491.47571 | T37: =VLOOKUP(O37,Tarifa,2) -> 420.95 | U37: =S37+T37 -> 912.42571 | V37: =VLOOKUP(O37,Credito,2) -> 0 | W37: =ROUND((U37-V37)/30.4*I37,2) -> 420.2 | X37: =-IF(W37>0,0,0) -> 0 | Y37: =IF(K37/15<=SMG,0,IF(W37<0,0,W37)) -> 420.2 | Z37: 0 | AA37: =SUM(Y37:Z37) -> 420.2 | AB37: =M37+X37-AA37 -> 4961.4
B38: Núm de Empleado | C38: Forma de Pago | D38: AGUA POTABLE | E38: RFC | F38: CURP | G38: FECHA DE INGRESO | H38: PUESTO | K38: =SUM(K39:K39) -> 7031.5 | L38: =SUM(L39:L39) -> 0 | M38: =SUM(M39:M39) -> 7031.5 | X38: =SUM(X39:X39) -> 0 | Y38: =SUM(Y39:Y39) -> 629.64 | Z38: =SUM(Z39:Z39) -> 0 | AA38: =SUM(AA39:AA39) -> 629.64 | AB38: =SUM(AB39:AB39) -> 6401.86
A39: 2 | B39: 168 | C39: 03 | D39: JOSE MAGDALENO CASTRO AVELAR | E39: CAAM750115HV3 | F39: CAAM750115HJCSVG03 | G39: 43374 | H39: AUXILIAR DISTRIBUCIÓN DE AGUA POTABLE | I39: 15 | J39: =K39/I39 -> 468.76667 | K39: 7031.5 | L39: 0 | M39: =SUM(K39:L39) -> 7031.5 | N39: =IF(K39/15<=SMG,0,L39/2) -> 0 | O39: =(K39+N39)/I39*30.4 -> 14250.507 | P39: =VLOOKUP(O39,Tarifa,1) -> 12598.03 | Q39: =O39-P39 -> 1652.4767 | R39: =VLOOKUP(O39,Tarifa,3) -> 0.16 | S39: =Q39*R39 -> 264.39627 | T39: =VLOOKUP(O39,Tarifa,2) -> 1011.68 | U39: =S39+T39 -> 1276.0763 | V39: =VLOOKUP(O39,Credito,2) -> 0 | W39: =ROUND((U39-V39)/30.4*I39,2) -> 629.64 | X39: =-IF(W39>0,0,0) -> 0 | Y39: =IF(K39/15<=SMG,0,IF(W39<0,0,W39)) -> 629.64 | Z39: 0 | AA39: =SUM(Y39:Z39) -> 629.64 | AB39: =M39+X39-AA39 -> 6401.86
A41: T O T A L E S | K41: =K8+K35+K38+K33 -> 81130.1 | L41: =L8+L35+L38+L33 -> 4731 | M41: =M8+M35+M38+M33 -> 84361.1 | N41: =SUM(N9:N40) -> 2365.5 | O41: =SUM(O9:O40) -> 181682.56 | P41: =SUM(P9:P40) -> 138274.7 | Q41: =SUM(Q9:Q40) -> 43407.86 | R41: =SUM(R9:R40) -> 1.9288 | S41: =SUM(S9:S40) -> 4934.6427 | T41: =SUM(T9:T40) -> 10177.25 | U41: =SUM(U9:U40) -> 15111.893 | ... W41: =SUM(W9:W40) -> 5840.7 | X41: =X8+X35+X38+X33 -> 0 | Y41: =Y8+Y35+Y38+Y33 -> 5258.98 | Z41: =Z8+Z35+Z38+Z33 -> 0 | AA41: =AA8+AA35+AA38+AA33 -> 5258.98 | AB41: =AB8+AB35+AB38+AB33 -> 85917.91
D50: LIC. KARINA GUZMAN CARDONA | Y50: MTRO. JOSÉ ACUÑA RUIZ
D51: PRESIDENTA MUNICIPAL | Y51: TESORERO ENC. DE LA HACIENDA MPAL.

Sheet PROGRAMAS
A1: MUNICIPIO DE : SAN CRISTÒBAL DE LA BARRANCA,JALISCO
A2: RFC MSC 850101 FR1
A3: =PRESIDENCIA!A3 -> SUELDO DEL 15 AL 30 DE SEPTIEMBRE DE 2026
C5: Forma de Pago | I5: Dias | J5: Sueldo | K5: P E R C E P C I O N E S | N5: Horas | P5: TARIFA | V5: Credito | W5: I.S.R. | X5: Subsidio | Y5: D E D U C C I O N E S | AB5: TOTAL
A6: Num. | B6: Núm de Empleado | D6: Nombre | I6: Trab. | J6: diario | K6: Sueldo | L6: TIEMPO | M6: total | N6: Extras | O6: Base | P6: Limite | Q6: Excedente | R6: %/S exced. | S6: Impuesto | T6: Cuota | U6: I.S.R. | V6: Al | W6: a Cargo | X6: Al | Y6: ISR Salarios | Z6: Prestamo | AA6: Total | AB6: A | AC6: F I R M A
K7: Quincenal | L7: EXTRA | M7: Percepcion | N7: Gravadas | O7: Gravable | P7: Inferior | Q7: Limite Inf. | R7: Limite Inf. | S7: Marginal | T7: Fija | U7: Bruto | V7: Salario | W7: o (A Favor) | X7: Empleo | AA7: Deduc. | AB7: PAGAR
B8: Núm de Empleado | C8: Forma de Pago | D8: PROYECTOS PRODUCTIVOS | E8: RFC | F8: CURP | G8: FECHA DE INGRESO | H8: PUESTO | K8: =SUM(K9:K9) -> 7962 | L8: =SUM(L9:L9) -> 0 | M8: =SUM(M9:M9) -> 7962 | N8: =SUM(N9:N9) -> 0 | O8: =SUM(O9:O9) -> 16136.32 | P8: =SUM(P9:P9) -> 14644.65 | Q8: =SUM(Q9:Q9) -> 1491.67 | R8: =SUM(R9:R9) -> 0.1792 | ... AB8: =SUM(AB9:AB9) -> 7169.35
B9: 379 | C9: 03 | D9: TATIANA ESTEPHANY GONZALEZ CASTRO | E9: GOCT960620IJ3 | F9: GOCT960620MJCNST03 | G9: 46266 | H9: DIRECTORA DE DESARROLLO AGROPECUARIO | I9: 15 | J9: 530.8 | K9: 7962 | L9: 0 | M9: =SUM(K9:L9) -> 7962 | N9: =IF(K9/15<=SMG,0,L9/2) -> 0 | O9: =(K9+N9)/I9*30.4 -> 16136.32 | P9: =VLOOKUP(O9,Tarifa,1) -> 14644.65 | Q9: =O9-P9 -> 1491.67 | R9: =VLOOKUP(O9,Tarifa,3) -> 0.1792 | S9: =Q9*R9 -> 267.30726 | T9: =VLOOKUP(O9,Tarifa,2) -> 1339.14 | U9: =S9+T9 -> 1606.4473 | V9: =VLOOKUP(O9,Credito,2) -> 0 | W9: =ROUND((U9-V9)/30.4*I9,2) -> 792.65 | X9: =-IF(W9>0,0,0) -> 0 | Y9: =IF(K9/15<=SMG,0,IF(W9<0,0,W9)) -> 792.65 | Z9: 0 | AA9: =SUM(Y9:Z9) -> 792.65 | AB9: =M9+X9-AA9 -> 7169.35
B10: Núm de Empleado | C10: Forma de Pago | D10: PROTECCIÓN CIVIL | E10: RFC | F10: CURP | G10: FECHA DE INGRESO | H10: PUESTO | K10: =SUM(K11:K11) -> 8746 | L10: =SUM(L11:L11) -> 1166 | M10: =SUM(M11:M11) -> 9912 | N10: =SUM(N11:N11) -> 583 | O10: =SUM(O11:O11) -> 18906.773 | P10: =SUM(P11:P11) -> 17533.65 | Q10: =SUM(Q11:Q11) -> 1373.1233 | R10: =SUM(R11:R11) -> 0.2136 | ... AA10: =SUM(AA11:AA11) -> 1060.92 | AB10: =SUM(AB11:AB12) -> 14282.27
B11: 335 | C11: 03 | D11: LUIS ENRIQUE GARCIA PEREZ | E11: GAPL911031163 | F11: GAPL911031HHGRRS01 | G11: 46204 | H11: DIRECTOR DE PROTECCIÓN CIVIL | I11: 15 | J11: =K11/I11 -> 583.06667 | K11: 8746 | L11: 1166 | M11: =SUM(K11:L11) -> 9912 | N11: =IF(K11/15<=SMG,0,L11/2) -> 583 | O11: =(K11+N11)/I11*30.4 -> 18906.773 | P11: =VLOOKUP(O11,Tarifa,1) -> 17533.65 | Q11: =O11-P11 -> 1373.1233 | R11: =VLOOKUP(O11,Tarifa,3) -> 0.2136 | S11: =Q11*R11 -> 293.29914 | T11: =VLOOKUP(O11,Tarifa,2) -> 1856.84 | U11: =S11+T11 -> 2150.1391 | V11: =VLOOKUP(O11,Credito,2) -> 0 | W11: =ROUND((U11-V11)/30.4*I11,2) -> 1060.92 | X11: =-IF(W11>0,0,0) -> 0 | Y11: =IF(K11/15<=SMG,0,IF(W11<0,0,W11)) -> 1060.92 | Z11: 0 | AA11: =SUM(Y11:Z11) -> 1060.92 | AB11: =M11+X11-AA11 -> 8851.08
B12: 446 | C12: 03 | D12: FERNANDO ROBLES MARTINEZ | E12: ROMF770608HG5 | F12: ROMF770608HJCBRR05 | G12: 46212 | H12: AUXILIAR DE PROTECCIÓN CIVIL | I12: 15 | J12: =K12/I12 -> 327 | K12: 4905 | L12: 654 | M12: =SUM(K12:L12) -> 5559 | N12: =IF(K12/15<=SMG,0,L12/2) -> 327 | O12: =(K12+N12)/I12*30.4 -> 10603.52 | P12: =VLOOKUP(O12,Tarifa,1) -> 7168.52 | Q12: =O12-P12 -> 3435 | R12: =VLOOKUP(O12,Tarifa,3) -> 0.1088 | S12: =Q12*R12 -> 373.728 | T12: =VLOOKUP(O12,Tarifa,2) -> 420.95 | U12: =S12+T12 -> 794.678 | V12: =VLOOKUP(O12,Credito,2) -> 535.65 | W12: =ROUND((U12-V12)/30.4*I12,2) -> 127.81 | X12: =-IF(W12>0,0,0) -> 0 | Y12: =IF(K12/15<=SMG,0,IF(W12<0,0,W12)) -> 127.81 | Z12: 0 | AA12: =SUM(Y12:Z12) -> 127.81 | AB12: =M12+X12-AA12 -> 5431.19
B13: Núm de Empleado | C13: Forma de Pago | D13: CULTURA | E13: RFC | F13: CURP | G13: FECHA DE INGRESO | H13: PUESTO | K13: =SUM(K15:K22) -> 8648 | L13: =SUM(L15:L22) -> 0 | M13: =SUM(M15:M22) -> 8648 | N13: =SUM(N15) -> 0 | O13: =SUM(O15) -> 8512 | P13: =SUM(P15) -> 7168.52 | Q13: =SUM(Q15) -> 1343.48 | R13: =SUM(R15) -> 0.1088 | S13: =SUM(S15) -> 146.17062 | T13: =SUM(T15) -> 420.95 | U13: =SUM(U15) -> 567.12062 | ... W13: =SUM(W15) -> 15.53 | X13: =SUM(X15:X22) -> 0 | Y13: =SUM(Y15:Y22) -> 0 | Z13: =SUM(Z15:Z22) -> 0 | AA13: =SUM(AA15:AA22) -> 0 | AB13: =SUM(AB14:AB22) -> 19546.98
B14: 421 | C14: 03 | D14: MARIA GUADALUPE BAÑUELOS RAMIREZ | E14: BARG880329217 | F14: BARG880329MJCXMD06 | G14: 45778 | H14: DIRECTORA DE TURISMO, CULTURA Y FOMENTO ARTESANAL | I14: 15 | J14: =K14/I14 -> 844.96667 | K14: 12674.5 | L14: 0 | M14: =SUM(K14:L14) -> 12674.5 | N14: =IF(K14/15<=SMG,0,L14/2) -> 0 | O14: =(K14+N14)/I14*30.4 -> 25686.987 | P14: =VLOOKUP(O14,Tarifa,1) -> 17533.65 | Q14: =O14-P14 -> 8153.3367 | R14: =VLOOKUP(O14,Tarifa,3) -> 0.2136 | S14: =Q14*R14 -> 1741.5527 | T14: =VLOOKUP(O14,Tarifa,2) -> 1856.84 | U14: =S14+T14 -> 3598.3927 | V14: =VLOOKUP(O14,Credito,2) -> 0 | W14: =ROUND((U14-V14)/30.4*I14,2) -> 1775.52 | X14: =-IF(W14>0,0,0) -> 0 | Y14: =IF(K14/15<=SMG,0,IF(W14<0,0,W14)) -> 1775.52 | Z14: 0 | AA14: =SUM(Y14:Z14) -> 1775.52 | AB14: =M14+X14-AA14 -> 10898.98
B15: 336 | C15: 03 | D15: LAURA AZUCENA AVILA ORTEGA | E15: AIOL8510192M4 | F15: AIOL851019MCVRR02 | G15: 45154 | H15: AUXILIAR CASA DE LA CULTURA | I15: 15 | J15: =K15/I15 -> 280 | K15: 4200 | L15: 0 | M15: =SUM(K15:L15) -> 4200 | N15: =IF(K15/15<=SMG,0,L15/2) -> 0 | O15: =(K15+N15)/I15*30.4 -> 8512 | P15: =VLOOKUP(O15,Tarifa,1) -> 7168.52 | Q15: =O15-P15 -> 1343.48 | R15: =VLOOKUP(O15,Tarifa,3) -> 0.1088 | S15: =Q15*R15 -> 146.17062 | T15: =VLOOKUP(O15,Tarifa,2) -> 420.95 | U15: =S15+T15 -> 567.12062 | V15: =VLOOKUP(O15,Credito,2) -> 535.65 | W15: =ROUND((U15-V15)/30.4*I15,2) -> 15.53 | X15: =-IF(W15>0,0,0) -> 0 | Y15: =IF(K15/15<=SMG,0,IF(W15<0,0,W15)) -> 0 | Z15: 0 | AA15: =SUM(Y15:Z15) -> 0 | AB15: =M15+X15-AA15 -> 4200
B18: MUNICIPIO DE : SAN CRISTÒBAL DE LA BARRANCA,JALISCO
B19: RFC MSC 850101 FR1
B20: =PRESIDENCIA!A3 -> SUELDO DEL 15 AL 30 DE SEPTIEMBRE DE 2026
B22: 433 | C22: 03 | D22: MYRIAM ALONDRA MURILLO RAMIREZ | E22: MURM981221VC3 | F22: MURM951221MJCRMY01 | G22: 45945 | H22: AUXILIAR DE BIBLIOTECA MUNICIPAL | I22: 15 | J22: =K22/I22 -> 296.53333 | K22: 4448 | L22: 0 | M22: =SUM(K22:L22) -> 4448 | N22: =IF(K22/15<=SMG,0,L22/2) -> 0 | O22: =(K22+N22)/I22*30.4 -> 9014.6133 | P22: =VLOOKUP(O22,Tarifa,1) -> 7168.52 | Q22: =O22-P22 -> 1846.0933 | R22: =VLOOKUP(O22,Tarifa,3) -> 0.1088 | S22: =Q22*R22 -> 200.85495 | T22: =VLOOKUP(O22,Tarifa,2) -> 420.95 | U22: =S22+T22 -> 621.80495 | V22: =VLOOKUP(O22,Credito,2) -> 535.65 | W22: =ROUND((U22-V22)/30.4*I22,2) -> 42.51 | X22: =-IF(W22>0,0,0) -> 0 | Y22: =IF(K22/15<=SMG,0,IF(W22<0,0,W22)) -> 0 | Z22: 0 | AA22: =SUM(Y22:Z22) -> 0 | AB22: =M22+X22-AA22 -> 4448
B23: Núm de Empleado | C23: Forma de Pago | D23: TURISMO | E23: RFC | F23: CURP | G23: FECHA DE INGRESO | H23: PUESTO | K23: =SUM(K24:K24) -> 9277.5 | L23: =SUM(L24:L24) -> 0 | M23: =SUM(M24:M24) -> 9277.5 | N23: =#REF!+N24+#REF! -> #REF! | O23: =#REF!+O24+#REF! -> #REF! | P23: =#REF!+P24+#REF! -> #REF! | Q23: =#REF!+Q24+#REF! -> #REF! | R23: =#REF!+R24+#REF! -> #REF! | S23: =#REF!+S24+#REF! -> #REF! | T23: =#REF!+T24+#REF! -> #REF! | U23: =#REF!+U24+#REF! -> #REF! | ... W23: =#REF!+W24+#REF! -> #REF! | X23: =SUM(X24:X24) -> 0 | Y23: =SUM(Y24:Y24) -> 1049.92 | Z23: =SUM(Z24:Z24) -> 0 | AA23: =SUM(AA24:AA24) -> 1049.92 | AB23: =SUM(AB24:AB24) -> 8227.58
B24: 327 | C24: 03 | D24: LUZ MARIA GARCIA LOPEZ | E24: GALL760906NQ1 | F24: GALL760906MJCRPZ09 | G24: 45108 | H24: DIRECTORA DE COMUNICACIÓN SOCIAL Y MEDIOS | I24: 15 | J24: =K24/I24 -> 618.5 | K24: 9277.5 | L24: 0 | M24: =SUM(K24:L24) -> 9277.5 | N24: =IF(K24/15<=SMG,0,L24/2) -> 0 | O24: =(K24+N24)/I24*30.4 -> 18802.4 | P24: =VLOOKUP(O24,Tarifa,1) -> 17533.65 | Q24: =O24-P24 -> 1268.75 | R24: =VLOOKUP(O24,Tarifa,3) -> 0.2136 | S24: =Q24*R24 -> 271.005 | T24: =VLOOKUP(O24,Tarifa,2) -> 1856.84 | U24: =S24+T24 -> 2127.845 | V24: =VLOOKUP(O24,Credito,2) -> 0 | W24: =ROUND((U24-V24)/30.4*I24,2) -> 1049.92 | X24: =-IF(W24>0,0,0) -> 0 | Y24: =IF(K24/15<=SMG,0,IF(W24<0,0,W24)) -> 1049.92 | Z24: 0 | AA24: =SUM(Y24:Z24) -> 1049.92 | AB24: =M24+X24-AA24 -> 8227.58
B25: Núm de Empleado | C25: Forma de Pago | D25: DEPORTE | E25: RFC | F25: CURP | G25: FECHA DE INGRESO | H25: PUESTO | K25: =SUM(K26) -> 6393.5 | L25: =SUM(L26) -> 0 | M25: =SUM(M26) -> 6393.5 | X25: =SUM(X26) -> 0 | Y25: =SUM(Y26) -> 527.56 | Z25: =SUM(Z26) -> 0 | AA25: =SUM(AA26) -> 527.56 | AB25: =SUM(AB26) -> 5865.94
B26: 299 | C26: 03 | D26: JORGE ALBERTO CASTRO RODRIGUEZ | E26: CARJ880410LP2 | F26: CARJ880410HJCSDR09 | G26: 45566 | H26: DIRECTOR DE UNIDAD DEPORTIVA | I26: 15 | J26: =K26/I26 -> 426.23333 | K26: 6393.5 | L26: 0 | M26: =SUM(K26:L26) -> 6393.5 | N26: =IF(K26/15<=SMG,0,L26/2) -> 0 | O26: =(K26+N26)/I26*30.4 -> 12957.493 | P26: =VLOOKUP(O26,Tarifa,1) -> 12598.03 | Q26: =O26-P26 -> 359.46333 | R26: =VLOOKUP(O26,Tarifa,3) -> 0.16 | S26: =Q26*R26 -> 57.514133 | T26: =VLOOKUP(O26,Tarifa,2) -> 1011.68 | U26: =S26+T26 -> 1069.1941 | V26: =VLOOKUP(O26,Credito,2) -> 0 | W26: =ROUND((U26-V26)/30.4*I26,2) -> 527.56 | X26: =-IF(W26>0,0,0) -> 0 | Y26: =IF(K26/15<=SMG,0,IF(W26<0,0,W26)) -> 527.56 | Z26: 0 | AA26: =SUM(Y26:Z26) -> 527.56 | AB26: =M26+X26-AA26 -> 5865.94
B27: Núm de Empleado | C27: Forma de Pago | D27: INSTITUTO MUNICIPAL DE LA MUJER | E27: RFC | F27: CURP | G27: FECHA DE INGRESO | H27: PUESTO | K27: =SUM(K28) -> 7962 | L27: =SUM(L28) -> 0 | M27: =SUM(M28) -> 7962 | X27: =SUM(X28) -> 0 | Y27: =SUM(Y28) -> 792.65 | Z27: =SUM(Z28) -> 0 | AA27: =SUM(AA28) -> 792.65 | AB27: =SUM(AB28) -> 7169.35
B28: 375 | C28: 03 | D28: GABRIELA CASTRO RAMIREZ | E28: CARG9002271P5 | F28: CARG900227MJCSMB16 | G28: 45566 | H28: DIRECTORA DEL INSTITUTO MUNICIPAL DE LA MUJER | I28: 15 | J28: =K28/I28 -> 530.8 | K28: 7962 | L28: 0 | M28: =SUM(K28:L28) -> 7962 | N28: =IF(K28/15<=SMG,0,L28/2) -> 0 | O28: =(K28+N28)/I28*30.4 -> 16136.32 | P28: =VLOOKUP(O28,Tarifa,1) -> 14644.65 | Q28: =O28-P28 -> 1491.67 | R28: =VLOOKUP(O28,Tarifa,3) -> 0.1792 | S28: =Q28*R28 -> 267.30726 | T28: =VLOOKUP(O28,Tarifa,2) -> 1339.14 | U28: =S28+T28 -> 1606.4473 | V28: =VLOOKUP(O28,Credito,2) -> 0 | W28: =ROUND((U28-V28)/30.4*I28,2) -> 792.65 | X28: =-IF(W28>0,0,0) -> 0 | Y28: =IF(K28/15<=SMG,0,IF(W28<0,0,W28)) -> 792.65 | Z28: 0 | AA28: =SUM(Y28:Z28) -> 792.65 | AB28: =M28+X28-AA28 -> 7169.35
B30: MUNICIPIO DE : SAN CRISTÒBAL DE LA BARRANCA,JALISCO
B31: RFC MSC 850101 FR1
B32: =PRESIDENCIA!A3 -> SUELDO DEL 15 AL 30 DE SEPTIEMBRE DE 2026
B34: Núm de Empleado | C34: Forma de Pago | D34: RASTRO | E34: RFC | F34: CURP | G34: FECHA DE INGRESO | H34: PUESTO | K34: =SUM(K35:K50) -> 84578 | L34: =SUM(L35:L50) -> 0 | M34: =SUM(M35:M50) -> 84578 | X34: =SUM(X35:X50) -> 0 | Y34: =SUM(Y35:Y50) -> 8187.38 | Z34: =SUM(Z35:Z50) -> 0 | AA34: =SUM(AA35:AA50) -> 8187.38 | AB34: =SUM(AB35:AB50) -> 76390.62
B35: 173 | C35: 03 | D35: EDUARDO CASILLAS SOLIS | E35: CASE8710163P8 | F35: CASE871016HJCSLD02 | G35: 43101 | H35: DIRECTOR DEL RASTRO | I35: 15 | J35: =K35/I35 -> 583.06667 | K35: 8746 | L35: 0 | M35: =SUM(K35:L35) -> 8746 | N35: =IF(K35/15<=SMG,0,L35/2) -> 0 | O35: =(K35+N35)/I35*30.4 -> 17725.227 | P35: =VLOOKUP(O35,Tarifa,1) -> 17533.65 | Q35: =O35-P35 -> 191.57667 | R35: =VLOOKUP(O35,Tarifa,3) -> 0.2136 | S35: =Q35*R35 -> 40.920776 | T35: =VLOOKUP(O35,Tarifa,2) -> 1856.84 | U35: =S35+T35 -> 1897.7608 | V35: =VLOOKUP(O35,Credito,2) -> 0 | W35: =ROUND((U35-V35)/30.4*I35,2) -> 936.4 | X35: =-IF(W35>0,0,0) -> 0 | Y35: =IF(K35/15<=SMG,0,IF(W35<0,0,W35)) -> 936.4 | Z35: 0 | AA35: =SUM(Y35:Z35) -> 936.4 | AB35: =M35+X35-AA35 -> 7809.6
B36: 412 | C36: 03 | D36: MARIA LETICIA SANDOVAL SOTO | E36: SASL921030NT2 | F36: SASL921030MJCNTT09 | G36: 45732 | H36: MÉDICO VETERINARIO ZOOTECNISTA | I36: 15 | J36: =ROUND(K36/I36,2) -> 583.07 | K36: 8746 | L36: 0 | M36: =SUM(K36:L36) -> 8746 | N36: =IF(K36/15<=SMG,0,L36/2) -> 0 | O36: =(K36+N36)/I36*30.4 -> 17725.227 | P36: =VLOOKUP(O36,Tarifa,1) -> 17533.65 | Q36: =O36-P36 -> 191.57667 | R36: =VLOOKUP(O36,Tarifa,3) -> 0.2136 | S36: =Q36*R36 -> 40.920776 | T36: =VLOOKUP(O36,Tarifa,2) -> 1856.84 | U36: =S36+T36 -> 1897.7608 | V36: =VLOOKUP(O36,Credito,2) -> 0 | W36: =ROUND((U36-V36)/30.4*I36,2) -> 936.4 | X36: =-IF(W36>0,0,0) -> 0 | Y36: =IF(K36/15<=SMG,0,IF(W36<0,0,W36)) -> 936.4 | Z36: 0 | AA36: =SUM(Y36:Z36) -> 936.4 | AB36: =M36+X36-AA36 -> 7809.6
B37: 413 | C37: 03 | D37: ESTEBAN AGUAYO CASTRO | E37: AUCE9304272R9 | F37: AUCE930427HJCGSS05 | G37: 45732 | H37: MATANCERO | I37: 15 | J37: =K37/I37 -> 496.93333 | K37: 7454 | L37: 0 | M37: =SUM(K37:L37) -> 7454 | N37: =IF(K37/15<=SMG,0,L37/2) -> 0 | O37: =(K37+N37)/I37*30.4 -> 15106.773 | P37: =VLOOKUP(O37,Tarifa,1) -> 14644.65 | Q37: =O37-P37 -> 462.12333 | R37: =VLOOKUP(O37,Tarifa,3) -> 0.1792 | S37: =Q37*R37 -> 82.812501 | T37: =VLOOKUP(O37,Tarifa,2) -> 1339.14 | U37: =S37+T37 -> 1421.9525 | V37: =VLOOKUP(O37,Credito,2) -> 0 | W37: =ROUND((U37-V37)/30.4*I37,2) -> 701.62 | X37: =-IF(W37>0,0,0) -> 0 | Y37: =IF(K37/15<=SMG,0,IF(W37<0,0,W37)) -> 701.62 | Z37: 0 | AA37: =SUM(Y37:Z37) -> 701.62 | AB37: =M37+X37-AA37 -> 6752.38
B38: 416 | C38: 02 | D38: DAVID GALVEZ ALVARADO | E38: GAAD7002191Y2 | F38: GAAD700219HJCLLV00 | G38: 45732 | H38: MATANCERO | I38: 15 | J38: =K38/I38 -> 496.93333 | K38: 7454 | L38: 0 | M38: =SUM(K38:L38) -> 7454 | N38: =IF(K38/15<=SMG,0,L38/2) -> 0 | O38: =(K38+N38)/I38*30.4 -> 15106.773 | P38: =VLOOKUP(O38,Tarifa,1) -> 14644.65 | Q38: =O38-P38 -> 462.12333 | R38: =VLOOKUP(O38,Tarifa,3) -> 0.1792 | S38: =Q38*R38 -> 82.812501 | T38: =VLOOKUP(O38,Tarifa,2) -> 1339.14 | U38: =S38+T38 -> 1421.9525 | V38: =VLOOKUP(O38,Credito,2) -> 0 | W38: =ROUND((U38-V38)/30.4*I38,2) -> 701.62 | X38: =-IF(W38>0,0,0) -> 0 | Y38: =IF(K38/15<=SMG,0,IF(W38<0,0,W38)) -> 701.62 | Z38: 0 | AA38: =SUM(Y38:Z38) -> 701.62 | AB38: =M38+X38-AA38 -> 6752.38
B39: 415 | C39: 02 | D39: PRUDENCIO BALTIERRA ESPINOZA | E39: BAEP730428LL0 | F39: BAEP730428HJCLSR09 | G39: 45732 | H39: MATANCERO | I39: 15 | J39: =K39/I39 -> 496.93333 | K39: 7454 | L39: 0 | M39: =SUM(K39:L39) -> 7454 | N39: =IF(K39/15<=SMG,0,L39/2) -> 0 | O39: =(K39+N39)/I39*30.4 -> 15106.773 | P39: =VLOOKUP(O39,Tarifa,1) -> 14644.65 | Q39: =O39-P39 -> 462.12333 | R39: =VLOOKUP(O39,Tarifa,3) -> 0.1792 | S39: =Q39*R39 -> 82.812501 | T39: =VLOOKUP(O39,Tarifa,2) -> 1339.14 | U39: =S39+T39 -> 1421.9525 | V39: =VLOOKUP(O39,Credito,2) -> 0 | W39: =ROUND((U39-V39)/30.4*I39,2) -> 701.62 | X39: =-IF(W39>0,0,0) -> 0 | Y39: =IF(K39/15<=SMG,0,IF(W39<0,0,W39)) -> 701.62 | Z39: 0 | AA39: =SUM(Y39:Z39) -> 701.62 | AB39: =M39+X39-AA39 -> 6752.38
B41: MUNICIPIO DE : SAN CRISTÒBAL DE LA BARRANCA,JALISCO
B42: RFC MSC 850101 FR1
B43: =PRESIDENCIA!A3 -> SUELDO DEL 15 AL 30 DE SEPTIEMBRE DE 2026
B45: 417 | C45: 02 | D45: ALENJANDRO CASTRO PEREZ | E45: CAPA890501LI7 | F45: CAPA890501HJCSRL04 | G45: 45732 | H45: MATANCERO | I45: 15 | J45: =K45/I45 -> 496.93333 | K45: 7454 | L45: 0 | M45: =SUM(K45:L45) -> 7454 | N45: =IF(K45/15<=SMG,0,L45/2) -> 0 | O45: =(K45+N45)/I45*30.4 -> 15106.773 | P45: =VLOOKUP(O45,Tarifa,1) -> 14644.65 | Q45: =O45-P45 -> 462.12333 | R45: =VLOOKUP(O45,Tarifa,3) -> 0.1792 | S45: =Q45*R45 -> 82.812501 | T45: =VLOOKUP(O45,Tarifa,2) -> 1339.14 | U45: =S45+T45 -> 1421.9525 | V45: =VLOOKUP(O45,Credito,2) -> 0 | W45: =ROUND((U45-V45)/30.4*I45,2) -> 701.62 | X45: =-IF(W45>0,0,0) -> 0 | Y45: =IF(K45/15<=SMG,0,IF(W45<0,0,W45)) -> 701.62 | Z45: 0 | AA45: =SUM(Y45:Z45) -> 701.62 | AB45: =M45+X45-AA45 -> 6752.38
B46: 418 | C46: 02 | D46: LUIS GERARDO GONZALEZ JIMENEZ | E46: GOJL960401MD1 | F46: GOJL960401HJCNMS00 | G46: 45732 | H46: MATANCERO | I46: 15 | J46: =K46/I46 -> 496.93333 | K46: 7454 | L46: 0 | M46: =SUM(K46:L46) -> 7454 | N46: =IF(K46/15<=SMG,0,L46/2) -> 0 | O46: =(K46+N46)/I46*30.4 -> 15106.773 | P46: =VLOOKUP(O46,Tarifa,1) -> 14644.65 | Q46: =O46-P46 -> 462.12333 | R46: =VLOOKUP(O46,Tarifa,3) -> 0.1792 | S46: =Q46*R46 -> 82.812501 | T46: =VLOOKUP(O46,Tarifa,2) -> 1339.14 | U46: =S46+T46 -> 1421.9525 | V46: =VLOOKUP(O46,Credito,2) -> 0 | W46: =ROUND((U46-V46)/30.4*I46,2) -> 701.62 | X46: =-IF(W46>0,0,0) -> 0 | Y46: =IF(K46/15<=SMG,0,IF(W46<0,0,W46)) -> 701.62 | Z46: 0 | AA46: =SUM(Y46:Z46) -> 701.62 | AB46: =M46+X46-AA46 -> 6752.38
B47: 419 | C47: 02 | D47: CARLOS ANTONIO CASTRO PEREZ | E47: CAPC981029TP1 | F47: CAPC981029HJCSRR03 | G47: 45732 | H47: MATANCERO | I47: 15 | J47: =K47/I47 -> 496.93333 | K47: 7454 | L47: 0 | M47: =SUM(K47:L47) -> 7454 | N47: =IF(K47/15<=SMG,0,L47/2) -> 0 | O47: =(K47+N47)/I47*30.4 -> 15106.773 | P47: =VLOOKUP(O47,Tarifa,1) -> 14644.65 | Q47: =O47-P47 -> 462.12333 | R47: =VLOOKUP(O47,Tarifa,3) -> 0.1792 | S47: =Q47*R47 -> 82.812501 | T47: =VLOOKUP(O47,Tarifa,2) -> 1339.14 | U47: =S47+T47 -> 1421.9525 | V47: =VLOOKUP(O47,Credito,2) -> 0 | W47: =ROUND((U47-V47)/30.4*I47,2) -> 701.62 | X47: =-IF(W47>0,0,0) -> 0 | Y47: =IF(K47/15<=SMG,0,IF(W47<0,0,W47)) -> 701.62 | Z47: 0 | AA47: =SUM(Y47:Z47) -> 701.62 | AB47: =M47+X47-AA47 -> 6752.38
B48: 420 | C48: 02 | D48: FELIPE IBARRA CASTRO | E48: IACF7405269Q4 | F48: IACF740526HJCBSL05 | G48: 45732 | H48: MATANCERO | I48: 15 | J48: =K48/I48 -> 496.93333 | K48: 7454 | L48: 0 | M48: =SUM(K48:L48) -> 7454 | N48: =IF(K48/15<=SMG,0,L48/2) -> 0 | O48: =(K48+N48)/I48*30.4 -> 15106.773 | P48: =VLOOKUP(O48,Tarifa,1) -> 14644.65 | Q48: =O48-P48 -> 462.12333 | R48: =VLOOKUP(O48,Tarifa,3) -> 0.1792 | S48: =Q48*R48 -> 82.812501 | T48: =VLOOKUP(O48,Tarifa,2) -> 1339.14 | U48: =S48+T48 -> 1421.9525 | V48: =VLOOKUP(O48,Credito,2) -> 0 | W48: =ROUND((U48-V48)/30.4*I48,2) -> 701.62 | X48: =-IF(W48>0,0,0) -> 0 | Y48: =IF(K48/15<=SMG,0,IF(W48<0,0,W48)) -> 701.62 | Z48: 0 | AA48: =SUM(Y48:Z48) -> 701.62 | AB48: =M48+X48-AA48 -> 6752.38
B49: 111 | C49: 03 | D49: JULIAN URZUA AVILA | E49: UUAJ620306516 | F49: UUAJ620306HJCRVL01 | G49: 42278 | H49: MATANCERO | I49: 15 | J49: =K49/I49 -> 496.93333 | K49: 7454 | L49: 0 | M49: =SUM(K49:L49) -> 7454 | N49: =IF(K49/15<=SMG,0,L49/2) -> 0 | O49: =(K49+N49)/I49*30.4 -> 15106.773 | P49: =VLOOKUP(O49,Tarifa,1) -> 14644.65 | Q49: =O49-P49 -> 462.12333 | R49: =VLOOKUP(O49,Tarifa,3) -> 0.1792 | S49: =Q49*R49 -> 82.812501 | T49: =VLOOKUP(O49,Tarifa,2) -> 1339.14 | U49: =S49+T49 -> 1421.9525 | V49: =VLOOKUP(O49,Credito,2) -> 0 | W49: =ROUND((U49-V49)/30.4*I49,2) -> 701.62 | X49: =-IF(W49>0,0,0) -> 0 | Y49: =IF(K49/15<=SMG,0,IF(W49<0,0,W49)) -> 701.62 | Z49: 0 | AA49: =SUM(Y49:Z49) -> 701.62 | AB49: =M49+X49-AA49 -> 6752.38
B50: 426 | C50: 03 | D50: LUIS CESAR GOMEZ CASTRO | E50: GOCL070702QI5 | F50: GOCL070702HJCMSSA0 | G50: 45870 | H50: MATANCERO | I50: 15 | J50: =K50/I50 -> 496.93333 | K50: 7454 | L50: 0 | M50: =SUM(K50:L50) -> 7454 | N50: =IF(K50/15<=SMG,0,L50/2) -> 0 | O50: =(K50+N50)/I50*30.4 -> 15106.773 | P50: =VLOOKUP(O50,Tarifa,1) -> 14644.65 | Q50: =O50-P50 -> 462.12333 | R50: =VLOOKUP(O50,Tarifa,3) -> 0.1792 | S50: =Q50*R50 -> 82.812501 | T50: =VLOOKUP(O50,Tarifa,2) -> 1339.14 | U50: =S50+T50 -> 1421.9525 | V50: =VLOOKUP(O50,Credito,2) -> 0 | W50: =ROUND((U50-V50)/30.4*I50,2) -> 701.62 | X50: =-IF(W50>0,0,0) -> 0 | Y50: =IF(K50/15<=SMG,0,IF(W50<0,0,W50)) -> 701.62 | Z50: 0 | AA50: =SUM(Y50:Z50) -> 701.62 | AB50: =M50+X50-AA50 -> 6752.38
A52: T O T A L E S | K52: =K8+K10+K13+K23+K25+K27+K34 -> 133567 | L52: =L8+L10+L13+L23+L25+L27+L34 -> 1166 | M52: =M8+M10+M13+M23+M25+M27+M34 -> 134733 | N52: =N8+N10+N13+N23+N25+#REF!+N34 -> #REF! | O52: =O8+O10+O13+O23+O25+#REF!+O34 -> #REF! | P52: =P8+P10+P13+P23+P25+#REF!+P34 -> #REF! | Q52: =Q8+Q10+Q13+Q23+Q25+#REF!+Q34 -> #REF! | R52: =R8+R10+R13+R23+R25+#REF!+R34 -> #REF! | S52: =S8+S10+S13+S23+S25+#REF!+S34 -> #REF! | T52: =T8+T10+T13+T23+T25+#REF!+T34 -> #REF! | U52: =U8+U10+U13+U23+U25+#REF!+U34 -> #REF! | ... W52: =W8+W10+W13+W23+W25+#REF!+W34 -> #REF! | X52: =X8+X10+X13+X23+X25+X27+X34 -> 0 | Y52: =Y8+Y10+Y13+Y23+Y25+Y27+Y34 -> 12411.08 | Z52: =Z8+Z10+Z13+Z23+Z25+Z27+Z34 -> 0 | AA52: =AA8+AA10+AA13+AA23+AA25+AA27+AA34 -> 12411.08 | AB52: =AB8+AB10+AB13+AB23+AB25+AB27+AB34 -> 138652.09
D71: LIC. KARINA GUZMAN CARDONA | Y71: MTRO. JOSÉ ACUÑA RUIZ
D72: PRESIDENTA MUNICIPAL | Y72: TESORERO ENC. DE LA HACIENDA MPAL.

Sheet HDA.MPAL
A1: MUNICIPIO DE : SAN CRISTÒBAL DE LA BARRANCA,JALISCO
A2: RFC MSC 850101 FR1
A3: =PRESIDENCIA!A3 -> SUELDO DEL 15 AL 30 DE SEPTIEMBRE DE 2026
I6: Dias | J6: Sueldo | K6: P E R C E P C I O N E S | N6: Horas | P6: TARIFA | V6: Credito | W6: I.S.R. | X6: Subsidio | Y6: D E D U C C I O N E S | AB6: TOTAL
A7: Num. | B7: Núm de Empleado | C7: FORMA DE PAGO | D7: Nombre | I7: Trab. | J7: diario | K7: Sueldo | L7: TIEMPO | M7: total | N7: Extras | O7: Base | P7: Limite | Q7: Excedente | R7: %/S exced. | S7: Impuesto | T7: Cuota | U7: I.S.R. | V7: Al | W7: a Cargo | X7: Al | Y7: ISR Salarios | Z7: Prestamo | AA7: Total | AB7: A | AC7: F I R M A
K8: Quincenal | L8: EXTRA | M8: Percepcion | N8: Gravadas | O8: Gravable | P8: Inferior | Q8: Limite Inf. | R8: Limite Inf. | S8: Marginal | T8: Fija | U8: Bruto | V8: Salario | W8: o (A Favor) | X8: Empleo | AA8: Deduc. | AB8: PAGAR
B9: HACIENDA PÚBLICA MPAL | E9: RFC | F9: CURP | G9: FECHA DE INGRESO | H9: PUESTO
A10: 1 | B10: 435 | C10: 03 | D10: JOSE ACUÑA RUIZ | E10: AURJ821018HI2 | F10: AURJ821018HZSCZS05 | G10: 46024 | H10: ENCARGADO DE LA HACIENDA MUNICIPAL | I10: 15 | J10: =K10/I10 -> 1372.8 | K10: 20592 | L10: 0 | M10: =SUM(K10:L10) -> 20592 | N10: =IF(K10/15<=SMG,0,L10/2) -> 0 | O10: =(K10+N10)/I10*30.4 -> 41733.12 | P10: =VLOOKUP(O10,Tarifa,1) -> 35362.84 | Q10: =O10-P10 -> 6370.28 | R10: =VLOOKUP(O10,Tarifa,3) -> 0.2352 | S10: =Q10*R10 -> 1498.2899 | T10: =VLOOKUP(O10,Tarifa,2) -> 5665.16 | U10: =S10+T10 -> 7163.4499 | V10: =VLOOKUP(O10,Credito,2) -> 0 | W10: =ROUND((U10-V10)/30.4*I10,2) -> 3534.6 | X10: =-IF(W10>0,0,0) -> 0 | Y10: =IF(K10/15<=SMG,0,IF(W10<0,0,W10)) -> 3534.6 | Z10: 0 | AA10: =SUM(Y10:Z10) -> 3534.6 | AB10: =M10+X10-AA10 -> 17057.4
B11: 437 | C11: 03 | D11: OMAR ARTURO GALLEGOS DIAZ | E11: GAD0940126AQA | F11: GADO9426HJCLZM00 | G11: 46092 | H11: AUXILIAR CONTABLE DE HACIENDA PÚBLICA MUNICIPAL | I11: 15 | J11: 915.333 | K11: =I11*J11 -> 13729.995 | L11: 0 | M11: =K11 -> 13729.995 | N11: =IF(K11/15<=SMG,0,L11/2) -> 0 | O11: =(K11+N11)/I11*30.4 -> 27826.123 | P11: =VLOOKUP(O11,Tarifa,1) -> 17533.65 | Q11: =O11-P11 -> 10292.473 | R11: =VLOOKUP(O11,Tarifa,3) -> 0.2136 | S11: =Q11*R11 -> 2198.4723 | T11: =VLOOKUP(O11,Tarifa,2) -> 1856.84 | U11: =S11+T11 -> 4055.3123 | V11: =VLOOKUP(O11,Credito,2) -> 0 | W11: =ROUND((U11-V11)/30.4*I11,2) -> 2000.98 | X11: =-IF(W11>0,0,0) -> 0 | Y11: =IF(K11/15<=SMG,0,IF(W11<0,0,W11)) -> 2000.98 | Z11: 0 | AA11: =SUM(Y11:Z11) -> 2000.98 | AB11: =M11+X11-AA11 -> 11729.015
A12: 3 | B12: 113 | C12: 03 | D12: MA. GUADALUPE CASTRO RAMIREZ | E12: CARG920319CA1 | F12: CARG920319MJCSMD07 | G12: 44991 | H12: AUXILIAR ADMINISTRATIVO DE HACIENDA PÚBLICA MUNICIPAL | I12: 15 | J12: 362.4 | K12: 7281 | L12: 0 | M12: =SUM(K12:L12) -> 7281 | N12: =IF(K12/15<=SMG,0,L12/2) -> 0 | O12: =(K12+N12)/I12*30.4 -> 14756.16 | P12: =VLOOKUP(O12,Tarifa,1) -> 14644.65 | Q12: =O12-P12 -> 111.51 | R12: =VLOOKUP(O12,Tarifa,3) -> 0.1792 | S12: =Q12*R12 -> 19.982592 | T12: =VLOOKUP(O12,Tarifa,2) -> 1339.14 | U12: =S12+T12 -> 1359.1226 | V12: =VLOOKUP(O12,Credito,2) -> 0 | W12: =ROUND((U12-V12)/30.4*I12,2) -> 670.62 | X12: =-IF(W12>0,0,0) -> 0 | Y12: =IF(K12/15<=SMG,0,IF(W12<0,0,W12)) -> 670.62 | Z12: 0 | AA12: =SUM(Y12:Z12) -> 670.62 | AB12: =M12+X12-AA12 -> 6610.38
A14: T O T A L E S | K14: =SUM(K10:K13) -> 41602.995 | L14: =SUM(L10:L13) -> 0 | M14: =SUM(M10:M13) -> 41602.995 | N14: =SUM(N10:N13) -> 0 | O14: =SUM(O10:O13) -> 84315.403 | P14: =SUM(P10:P13) -> 67541.14 | Q14: =SUM(Q10:Q13) -> 16774.263 | R14: =SUM(R10:R13) -> 0.628 | ... AA14: =SUM(AA10:AA13) -> 6206.2 | AB14: =SUM(AB10:AB12) -> 35396.795
D24: LIC. KARINA GUZMAN CARDONA | Y24: MTRO. JOSÉ ACUÑA RUIZ
D25: PRESIDENTA MUNICIPAL | Y25: TESORERO ENC. DE LA HACIENDA MPAL.

Sheet REGIDORES 2
A1: MUNICIPIO DE : SAN CRISTÒBAL DE LA BARRANCA,JALISCO
A2: RFC MSC 850101 FR1
A3: =PRESIDENCIA!A3 -> SUELDO DEL 15 AL 30 DE SEPTIEMBRE DE 2026
I5: Dias | J5: Sueldo | K5: P E R C E P C I O N E S | N5: Horas | P5: TARIFA | V5: Credito | W5: I.S.R. | X5: Subsidio | Y5: D E D U C C I O N E S | AB5: TOTAL
A6: Num. | B6: Núm de Empleado | C6: FORMA DE PAGO | D6: Nombre | I6: Trab. | J6: diario | K6: Sueldo | M6: total | N6: Extras | O6: Base | P6: Limite | Q6: Excedente | R6: %/S exced. | S6: Impuesto | T6: Cuota | U6: I.S.R. | V6: Al | W6: a Cargo | X6: Al | Y6: ISR Salarios | Z6: Prestamo | AA6: Total | AB6: A | AC6: F I R M A
K7: Quincenal | M7: Percepcion | N7: Gravadas | O7: Gravable | P7: Inferior | Q7: Limite Inf. | R7: Limite Inf. | S7: Marginal | T7: Fija | U7: Bruto | V7: Salario | W7: o (A Favor) | X7: Empleo | AA7: Deduc. | AB7: PAGAR
D8: SALA DE REGIDORES | E8: RFC | F8: CURP | G8: FECHA DE INGRESO | H8: PUESTO
A9: 1 | B9: 385 | C9: 03 | D9: MARÍA DE LOURDES ALVARADO CONTRERAS | E9: AACL931230CDA | F9: AACL931230MJCLNR02 | G9: 45566 | H9: R E G I D O R | I9: 15 | J9: =K9/I9 -> 657.23333 | K9: 9858.5 | M9: =SUM(K9:K9) -> 9858.5 | N9: =IF(K9/15<=SMG,0,L9/2) -> 0 | O9: =(K9+N9)/I9*30.4 -> 19979.893 | P9: =VLOOKUP(O9,Tarifa,1) -> 17533.65 | Q9: =O9-P9 -> 2446.2433 | R9: =VLOOKUP(O9,Tarifa,3) -> 0.2136 | S9: =Q9*R9 -> 522.51758 | T9: =VLOOKUP(O9,Tarifa,2) -> 1856.84 | U9: =S9+T9 -> 2379.3576 | V9: =VLOOKUP(O9,Credito,2) -> 0 | W9: =ROUND((U9-V9)/30.4*I9,2) -> 1174.03 | X9: =-IF(W9>0,0,W9) -> 0 | Y9: =IF(K9/15<=SMG,0,IF(W9<0,0,W9)) -> 1174.03 | Z9: 0 | AA9: =SUM(Y9:Z9) -> 1174.03 | AB9: =M9+X9-AA9 -> 8684.47
A10: 2 | B10: 372 | C10: 03 | D10: JUAN JOSÉ MARIZCAL FLORES | E10: MAFJ820903QI2 | F10: MAFJ820903HJCRLN01 | G10: 45566 | H10: R E G I D O R | I10: 15 | J10: =K10/I10 -> 657.23333 | K10: 9858.5 | M10: =SUM(K10:K10) -> 9858.5 | N10: =IF(K10/15<=SMG,0,L10/2) -> 0 | O10: =(K10+N10)/I10*30.4 -> 19979.893 | P10: =VLOOKUP(O10,Tarifa,1) -> 17533.65 | Q10: =O10-P10 -> 2446.2433 | R10: =VLOOKUP(O10,Tarifa,3) -> 0.2136 | S10: =Q10*R10 -> 522.51758 | T10: =VLOOKUP(O10,Tarifa,2) -> 1856.84 | U10: =S10+T10 -> 2379.3576 | V10: =VLOOKUP(O10,Credito,2) -> 0 | W10: =ROUND((U10-V10)/30.4*I10,2) -> 1174.03 | X10: =-IF(W10>0,0,W10) -> 0 | Y10: =IF(K10/15<=SMG,0,IF(W10<0,0,W10)) -> 1174.03 | Z10: 0 | AA10: =SUM(Y10:Z10) -> 1174.03 | AB10: =M10+X10-AA10 -> 8684.47
A11: 3 | B11: 380 | C11: 03 | D11: MARÍA GUADALUPE RODRÍGUEZ AVELAR | E11: ROAG890304HN1 | F11: ROAG890304MJCDVD00 | G11: 45566 | H11: R E G I D O R | I11: 15 | J11: =K11/I11 -> 657.23333 | K11: 9858.5 | M11: =SUM(K11:K11) -> 9858.5 | N11: =IF(K11/15<=SMG,0,L11/2) -> 0 | O11: =(K11+N11)/I11*30.4 -> 19979.893 | P11: =VLOOKUP(O11,Tarifa,1) -> 17533.65 | Q11: =O11-P11 -> 2446.2433 | R11: =VLOOKUP(O11,Tarifa,3) -> 0.2136 | S11: =Q11*R11 -> 522.51758 | T11: =VLOOKUP(O11,Tarifa,2) -> 1856.84 | U11: =S11+T11 -> 2379.3576 | V11: =VLOOKUP(O11,Credito,2) -> 0 | W11: =ROUND((U11-V11)/30.4*I11,2) -> 1174.03 | X11: =-IF(W11>0,0,W11) -> 0 | Y11: =IF(K11/15<=SMG,0,IF(W11<0,0,W11)) -> 1174.03 | Z11: 0 | AA11: =SUM(Y11:Z11) -> 1174.03 | AB11: =M11+X11-AA11 -> 8684.47
A12: 4 | B12: 381 | C12: 03 | D12: FIDEL FLORES RODRÍGUEZ | E12: FORF900218HR9 | F12: FORF900218HJCLDD05 | G12: 45566 | H12: R E G I D O R | I12: 15 | J12: =K12/I12 -> 657.23333 | K12: 9858.5 | M12: =SUM(K12:K12) -> 9858.5 | N12: =IF(K12/15<=SMG,0,L12/2) -> 0 | O12: =(K12+N12)/I12*30.4 -> 19979.893 | P12: =VLOOKUP(O12,Tarifa,1) -> 17533.65 | Q12: =O12-P12 -> 2446.2433 | R12: =VLOOKUP(O12,Tarifa,3) -> 0.2136 | S12: =Q12*R12 -> 522.51758 | T12: =VLOOKUP(O12,Tarifa,2) -> 1856.84 | U12: =S12+T12 -> 2379.3576 | V12: =VLOOKUP(O12,Credito,2) -> 0 | W12: =ROUND((U12-V12)/30.4*I12,2) -> 1174.03 | X12: =-IF(W12>0,0,W12) -> 0 | Y12: =IF(K12/15<=SMG,0,IF(W12<0,0,W12)) -> 1174.03 | Z12: 0 | AA12: =SUM(Y12:Z12) -> 1174.03 | AB12: =M12+X12-AA12 -> 8684.47
A13: 5 | B13: 096 | C13: 03 | D13: LOIDA MARÍA OROZCO VILLALOBOS | E13: OOVL880419UZ9 | F13: OOVL880419MJCRLD03 | G13: 45566 | H13: R E G I D O R | I13: 15 | J13: =K13/I13 -> 657.23333 | K13: 9858.5 | M13: =SUM(K13:K13) -> 9858.5 | N13: =IF(K13/15<=SMG,0,L13/2) -> 0 | O13: =(K13+N13)/I13*30.4 -> 19979.893 | P13: =VLOOKUP(O13,Tarifa,1) -> 17533.65 | Q13: =O13-P13 -> 2446.2433 | R13: =VLOOKUP(O13,Tarifa,3) -> 0.2136 | S13: =Q13*R13 -> 522.51758 | T13: =VLOOKUP(O13,Tarifa,2) -> 1856.84 | U13: =S13+T13 -> 2379.3576 | V13: =VLOOKUP(O13,Credito,2) -> 0 | W13: =ROUND((U13-V13)/30.4*I13,2) -> 1174.03 | X13: =-IF(W13>0,0,W13) -> 0 | Y13: =IF(K13/15<=SMG,0,IF(W13<0,0,W13)) -> 1174.03 | Z13: 0 | AA13: =SUM(Y13:Z13) -> 1174.03 | AB13: =M13+X13-AA13 -> 8684.47
B15: MUNICIPIO DE : SAN CRISTÒBAL DE LA BARRANCA,JALISCO
B16: RFC MSC 850101 FR1
B17: =PRESIDENCIA!A3 -> SUELDO DEL 15 AL 30 DE SEPTIEMBRE DE 2026
A19: 6 | B19: 147 | C19: 03 | D19: JOSÉ DE JESÚS VALENCIA CERROS | E19: VACJ89121139A | F19: VACJ891211HJCLRS00 | G19: 45566 | H19: R E G I D O R | I19: 15 | J19: =K19/I19 -> 657.23333 | K19: 9858.5 | M19: =SUM(K19:K19) -> 9858.5 | N19: =IF(K19/15<=SMG,0,L19/2) -> 0 | O19: =(K19+N19)/I19*30.4 -> 19979.893 | P19: =VLOOKUP(O19,Tarifa,1) -> 17533.65 | Q19: =O19-P19 -> 2446.2433 | R19: =VLOOKUP(O19,Tarifa,3) -> 0.2136 | S19: =Q19*R19 -> 522.51758 | T19: =VLOOKUP(O19,Tarifa,2) -> 1856.84 | U19: =S19+T19 -> 2379.3576 | V19: =VLOOKUP(O19,Credito,2) -> 0 | W19: =ROUND((U19-V19)/30.4*I19,2) -> 1174.03 | X19: =-IF(W19>0,0,W19) -> 0 | Y19: =IF(K19/15<=SMG,0,IF(W19<0,0,W19)) -> 1174.03 | Z19: 0 | AA19: =SUM(Y19:Z19) -> 1174.03 | AB19: =M19+X19-AA19 -> 8684.47
A20: 7 | B20: 046 | C20: 03 | D20: MARIA DE JESUS FLORES CASTRO | E20: FOCJ85091119A | F20: FOCJ850911MJCLSS04 | G20: 45566 | H20: R E G I D O R | I20: 15 | J20: =K20/I20 -> 657.23333 | K20: 9858.5 | M20: =SUM(K20:K20) -> 9858.5 | N20: =IF(K20/15<=SMG,0,L20/2) -> 0 | O20: =(K20+N20)/I20*30.4 -> 19979.893 | P20: =VLOOKUP(O20,Tarifa,1) -> 17533.65 | Q20: =O20-P20 -> 2446.2433 | R20: =VLOOKUP(O20,Tarifa,3) -> 0.2136 | S20: =Q20*R20 -> 522.51758 | T20: =VLOOKUP(O20,Tarifa,2) -> 1856.84 | U20: =S20+T20 -> 2379.3576 | V20: =VLOOKUP(O20,Credito,2) -> 0 | W20: =ROUND((U20-V20)/30.4*I20,2) -> 1174.03 | X20: =-IF(W20>0,0,W20) -> 0 | Y20: =IF(K20/15<=SMG,0,IF(W20<0,0,W20)) -> 1174.03 | Z20: 0 | AA20: =SUM(Y20:Z20) -> 1174.03 | AB20: =M20+X20-AA20 -> 8684.47
A21: 8 | B21: 387 | C21: 03 | D21: MARIA ABRIL SANCHEZ CHAVEZ | E21: SACA8104131B5 | F21: SACA810413MJCNHB03 | G21: 45566 | H21: R E G I D O R | I21: 15 | J21: =K21/I21 -> 657.23333 | K21: 9858.5 | M21: =SUM(K21:K21) -> 9858.5 | N21: =IF(K21/15<=SMG,0,L21/2) -> 0 | O21: =(K21+N21)/I21*30.4 -> 19979.893 | P21: =VLOOKUP(O21,Tarifa,1) -> 17533.65 | Q21: =O21-P21 -> 2446.2433 | R21: =VLOOKUP(O21,Tarifa,3) -> 0.2136 | S21: =Q21*R21 -> 522.51758 | T21: =VLOOKUP(O21,Tarifa,2) -> 1856.84 | U21: =S21+T21 -> 2379.3576 | V21: =VLOOKUP(O21,Credito,2) -> 0 | W21: =ROUND((U21-V21)/30.4*I21,2) -> 1174.03 | X21: =-IF(W21>0,0,W21) -> 0 | Y21: =IF(K21/15<=SMG,0,IF(W21<0,0,W21)) -> 1174.03 | Z21: 0 | AA21: =SUM(Y21:Z21) -> 1174.03 | AB21: =M21+X21-AA21 -> 8684.47
A22: 9 | B22: 388 | C22: 03 | D22: JOSÉ LÓPEZ CASTRO | E22: LOCJ781215QJ3 | F22: LOCJ781215HJCPSS05 | G22: 45566 | H22: R E G I D O R | I22: 15 | J22: =K22/I22 -> 657.23333 | K22: 9858.5 | M22: =SUM(K22:K22) -> 9858.5 | N22: =IF(K22/15<=SMG,0,L22/2) -> 0 | O22: =(K22+N22)/I22*30.4 -> 19979.893 | P22: =VLOOKUP(O22,Tarifa,1) -> 17533.65 | Q22: =O22-P22 -> 2446.2433 | R22: =VLOOKUP(O22,Tarifa,3) -> 0.2136 | S22: =Q22*R22 -> 522.51758 | T22: =VLOOKUP(O22,Tarifa,2) -> 1856.84 | U22: =S22+T22 -> 2379.3576 | V22: =VLOOKUP(O22,Credito,2) -> 0 | W22: =ROUND((U22-V22)/30.4*I22,2) -> 1174.03 | X22: =-IF(W22>0,0,W22) -> 0 | Y22: =IF(K22/15<=SMG,0,IF(W22<0,0,W22)) -> 1174.03 | Z22: 0 | AA22: =SUM(Y22:Z22) -> 1174.03 | AB22: =M22+X22-AA22 -> 8684.47
A24: T O T A L E S | K24: =SUM(K9:K23) -> 88726.5 | M24: =SUM(M9:M23) -> 88726.5 | N24: =SUM(N9:N23) -> 0 | O24: =SUM(O9:O23) -> 179819.04 | P24: =SUM(P9:P23) -> 157802.85 | Q24: =SUM(Q9:Q23) -> 22016.19 | R24: =SUM(R9:R23) -> 1.9224 | S24: =SUM(S9:S23) -> 4702.6582 | T24: =SUM(T9:T23) -> 16711.56 | ... AB24: =SUM(AB9:AB23) -> 78160.23
D39: LIC. KARINA GUZMAN CARDONA | Y39: MTRO. JOSÉ ACUÑA RUIZ | Z39: MTRO. JOSÉ ACUÑA RUIZ
D40: PRESIDENTA MUNICIPAL | Z40: TESORERO ENC. DE LA HACIENDA MPAL.

Sheet SINDICO
A1: MUNICIPIO DE : SAN CRISTÒBAL DE LA BARRANCA,JALISCO
A2: RFC MSC 850101 FR1
A3: =PRESIDENCIA!A3 -> SUELDO DEL 15 AL 30 DE SEPTIEMBRE DE 2026
H5: Dias | I5: Sueldo | J5: P E R C E P C I O N E S | M5: Horas | O5: TARIFA | U5: Credito | V5: I.S.R. | W5: Subsidio | X5: D E D U C C I O N E S | AA5: TOTAL
A6: Núm de Empleado | B6: FORMA DE PAGO | C6: Nombre | H6: Trab. | I6: diario | J6: Sueldo | K6: TIEMPO | L6: total | M6: Extras | N6: Base | O6: Limite | P6: Excedente | Q6: %/S exced. | R6: Impuesto | S6: Cuota | T6: I.S.R. | U6: Al | V6: a Cargo | W6: Al | X6: ISR Salarios | Y6: Prestamo | Z6: Total | AA6: A | AB6: F I R M A
J7: Quincenal | K7: EXTRA | L7: Percepcion | M7: Gravadas | N7: Gravable | O7: Inferior | P7: Limite Inf. | Q7: Limite Inf. | R7: Marginal | S7: Fija | T7: Bruto | U7: Salario | V7: o (A Favor) | W7: Empleo | Z7: Deduc. | AA7: PAGAR
C8: SINDICATURA | D8: RFC | E8: CURP | F8: FECHA DE INGRESO | G8: PUESTO
A9: 370 | B9: 03 | C9: MAURICIO CASTRO CASTRO | D9: CACM851016JW3 | E9: CACM851016HJCSSR03 | F9: 46254 | G9: SINDICO MUNICIPAL | H9: 15 | I9: =J9/H9 -> 1372.8 | J9: 20592 | K9: 0 | L9: =SUM(J9:K9) -> 20592 | M9: =IF(J9/15<=SMG,0,K9/2) -> 0 | N9: =(J9+M9)/H9*30.4 -> 41733.12 | O9: =VLOOKUP(N9,Tarifa,1) -> 35362.84 | P9: =N9-O9 -> 6370.28 | Q9: =VLOOKUP(N9,Tarifa,3) -> 0.2352 | R9: =P9*Q9 -> 1498.2899 | S9: =VLOOKUP(N9,Tarifa,2) -> 5665.16 | T9: =R9+S9 -> 7163.4499 | U9: =VLOOKUP(N9,Credito,2) -> 0 | V9: =ROUND((T9-U9)/30.4*H9,2) -> 3534.6 | W9: =-IF(V9>0,0,0) -> 0 | X9: =IF(J9/15<=SMG,0,IF(V9<0,0,V9)) -> 3534.6 | Y9: 0 | Z9: =SUM(X9:Y9) -> 3534.6 | AA9: =L9+W9-Z9 -> 17057.4
J11: =SUM(J9:J10) -> 20592 | K11: =SUM(K9:K10) -> 0 | L11: =SUM(L9:L10) -> 20592 | M11: =SUM(M9:M10) -> 0 | N11: =SUM(N9:N10) -> 41733.12 | O11: =SUM(O9:O10) -> 35362.84 | P11: =SUM(P9:P10) -> 6370.28 | Q11: =SUM(Q9:Q10) -> 0.2352 | ... AA11: =SUM(AA9:AA10) -> 17057.4
C29: LIC. KARINA GUZMAN CARDONA | X29: MTRO. JOSÉ ACUÑA RUIZ
C30: PRESIDENTA MUNICIPAL | X30: TESORERO ENC. DE LA HACIENDA MPAL.

Sheet CHOFERES
A1: MUNICIPIO DE : SAN CRISTÒBAL DE LA BARRANCA,JALISCO
A2: RFC MSC 850101 FR1
A3: =PRESIDENCIA!A3 -> SUELDO DEL 15 AL 30 DE SEPTIEMBRE DE 2026
B5: Núm de Empleado | C5: FORMA DE PAGO | I5: Dias | J5: Sueldo | L5: P E R C E P C I O N E S | O5: Horas | Q5: TARIFA | W5: Credito | X5: I.S.R. | Y5: Subsidio | Z5: D E D U C C I O N E S | AC5: TOTAL
A6: Num. | D6: Nombre | I6: Trab. | J6: diario | K6: Días | L6: Sueldo | M6: TIEMPO | N6: total | O6: Extras | P6: Base | Q6: Limite | R6: Excedente | S6: %/S exced. | T6: Impuesto | U6: Cuota | V6: I.S.R. | W6: Al | X6: a Cargo | Y6: Al | Z6: ISR Salarios | AA6: Prestamo | AB6: Total | AC6: A | AD6: F I R M A
K7: Trabajados | L7: Quincenal | M7: EXTRA | N7: Percepcion | O7: Gravadas | P7: Gravable | Q7: Inferior | R7: Limite Inf. | S7: Limite Inf. | T7: Marginal | U7: Fija | V7: Bruto | W7: Salario | X7: o (A Favor) | Y7: Empleo | AA7: Descuentos | AB7: Deduc. | AC7: PAGAR
D8: EDUCACIÓN | E8: RFC | F8: CURP | G8: FECHA DE INGRESO | H8: PUESTO
A9: 3 | B9: 184 | C9: 03 | D9: EDUARDO ROBLES CORONA | E9: ROCE781126IN0 | F9: ROCE781126HJCBRD03 | G9: 43374 | H9: CHOFER | I9: 15 | J9: =L9/I9 -> 384.4 | K9: 15 | L9: 5766 | M9: 0 | N9: =SUM(L9:M9) -> 5766 | O9: =IF(L9/15<=SMG,0,M9/2) -> 0 | P9: =(L9+O9)/I9*30.4 -> 11685.76 | Q9: =VLOOKUP(P9,Tarifa,1) -> 7168.52 | R9: =P9-Q9 -> 4517.24 | S9: =VLOOKUP(P9,Tarifa,3) -> 0.1088 | T9: =R9*S9 -> 491.47571 | U9: =VLOOKUP(P9,Tarifa,2) -> 420.95 | V9: =T9+U9 -> 912.42571 | W9: =VLOOKUP(P9,Credito,2) -> 0 | X9: =ROUND((V9-W9)/30.4*I9,2) -> 450.21 | Y9: =-IF(X9>0,0,0) -> 0 | Z9: =IF(L9/15<=SMG,0,IF(X9<0,0,X9)) -> 450.21 | AA9: 0 | AB9: =SUM(Z9:AA9) -> 450.21 | AC9: =N9+Y9-AB9 -> 5315.79
B10: 188 | C10: 03 | D10: MARCOS NUÑEZ SILVA | E10: NUSM8008193D2 | F10: NUSM800819HJCXLR05 | G10: 43389 | H10: CHOFER DE AUTOBUS | I10: 15 | J10: =L10/I10 -> 496.93333 | K10: 15 | L10: 7454 | M10: 0 | N10: =SUM(L10:M10) -> 7454 | O10: =IF(L10/15<=SMG,0,M10/2) -> 0 | P10: =(L10+O10)/I10*30.4 -> 15106.773 | Q10: =VLOOKUP(P10,Tarifa,1) -> 14644.65 | R10: =P10-Q10 -> 462.12333 | S10: =VLOOKUP(P10,Tarifa,3) -> 0.1792 | T10: =R10*S10 -> 82.812501 | U10: =VLOOKUP(P10,Tarifa,2) -> 1339.14 | V10: =T10+U10 -> 1421.9525 | W10: =VLOOKUP(P10,Credito,2) -> 0 | X10: =ROUND((V10-W10)/30.4*I10,2) -> 701.62 | Y10: =-IF(X10>0,0,0) -> 0 | Z10: =IF(L10/15<=SMG,0,IF(X10<0,0,X10)) -> 701.62 | AA10: 0 | AB10: =SUM(Z10:AA10) -> 701.62 | AC10: =N10+Y10-AB10 -> 6752.38
B11: 194 | C11: 03 | D11: EFRAIN SILVA NUÑEZ | E11: SINE910215840 | F11: SINE910215HJCLXF01 | G11: 43512 | H11: CHOFER | I11: 15 | J11: =L11/I11 -> 384.4 | K11: 15 | L11: 5766 | M11: 0 | N11: =SUM(L11:M11) -> 5766 | O11: =IF(L11/15<=SMG,0,M11/2) -> 0 | P11: =(L11+O11)/I11*30.4 -> 11685.76 | Q11: =VLOOKUP(P11,Tarifa,1) -> 7168.52 | R11: =P11-Q11 -> 4517.24 | S11: =VLOOKUP(P11,Tarifa,3) -> 0.1088 | T11: =R11*S11 -> 491.47571 | U11: =VLOOKUP(P11,Tarifa,2) -> 420.95 | V11: =T11+U11 -> 912.42571 | W11: =VLOOKUP(P11,Credito,2) -> 0 | X11: =ROUND((V11-W11)/30.4*I11,2) -> 450.21 | Y11: =-IF(X11>0,0,0) -> 0 | Z11: =IF(L11/15<=SMG,0,IF(X11<0,0,X11)) -> 450.21 | AA11: 0 | AB11: =SUM(Z11:AA11) -> 450.21 | AC11: =N11+Y11-AB11 -> 5315.79
B12: 317 | C12: 03 | D12: AGUSTIN ROBLES LUNA | E12: ROLA7708063DA | F12: ROLA770806HJCBNG08 | G12: 45078 | H12: CHOFER | I12: 15 | J12: =L12/I12 -> 384.4 | K12: 15 | L12: 5766 | M12: 0 | N12: =SUM(L12:M12) -> 5766 | O12: =IF(L12/15<=SMG,0,M12/2) -> 0 | P12: =(L12+O12)/I12*30.4 -> 11685.76 | Q12: =VLOOKUP(P12,Tarifa,1) -> 7168.52 | R12: =P12-Q12 -> 4517.24 | S12: =VLOOKUP(P12,Tarifa,3) -> 0.1088 | T12: =R12*S12 -> 491.47571 | U12: =VLOOKUP(P12,Tarifa,2) -> 420.95 | V12: =T12+U12 -> 912.42571 | W12: =VLOOKUP(P12,Credito,2) -> 0 | X12: =ROUND((V12-W12)/30.4*I12,2) -> 450.21 | Y12: =-IF(X12>0,0,0) -> 0 | Z12: =IF(L12/15<=SMG,0,IF(X12<0,0,X12)) -> 450.21 | AA12: 0 | AB12: =SUM(Z12:AA12) -> 450.21 | AC12: =N12+Y12-AB12 -> 5315.79
B13: 353 | C13: 03 | D13: MARIA VIRGINIA ESPARZA REYNOSO | E13: EARV8111118S8 | F13: EARV811111MJCSYR03 | G13: 45391 | H13: CHOFER | I13: 15 | J13: =L13/I13 -> 384.4 | K13: 15 | L13: 5766 | M13: 0 | N13: =SUM(L13:M13) -> 5766 | O13: =IF(L13/15<=SMG,0,M13/2) -> 0 | P13: =(L13+O13)/I13*30.4 -> 11685.76 | Q13: =VLOOKUP(P13,Tarifa,1) -> 7168.52 | R13: =P13-Q13 -> 4517.24 | S13: =VLOOKUP(P13,Tarifa,3) -> 0.1088 | T13: =R13*S13 -> 491.47571 | U13: =VLOOKUP(P13,Tarifa,2) -> 420.95 | V13: =T13+U13 -> 912.42571 | W13: =VLOOKUP(P13,Credito,2) -> 0 | X13: =ROUND((V13-W13)/30.4*I13,2) -> 450.21 | Y13: =-IF(X13>0,0,0) -> 0 | Z13: =IF(L13/15<=SMG,0,IF(X13<0,0,X13)) -> 450.21 | AA13: 0 | AB13: =SUM(Z13:AA13) -> 450.21 | AC13: =N13+Y13-AB13 -> 5315.79
B16: MUNICIPIO DE : SAN CRISTÒBAL DE LA BARRANCA,JALISCO
B17: RFC MSC 850101 FR1
B18: =A3 -> SUELDO DEL 15 AL 30 DE SEPTIEMBRE DE 2026
B20: 398 | C20: 03 | D20: JOSE AVELAR FRIAS | E20: AEFJ640826BG5 | F20: AEFJ640826HJCVRS09 | G20: 45597 | H20: CHOFER | I20: 15 | J20: =L20/I20 -> 384.4 | K20: 15 | L20: 5766 | M20: 0 | N20: =SUM(L20:M20) -> 5766 | O20: =IF(L20/15<=SMG,0,M20/2) -> 0 | P20: =(L20+O20)/I20*30.4 -> 11685.76 | Q20: =VLOOKUP(P20,Tarifa,1) -> 7168.52 | R20: =P20-Q20 -> 4517.24 | S20: =VLOOKUP(P20,Tarifa,3) -> 0.1088 | T20: =R20*S20 -> 491.47571 | U20: =VLOOKUP(P20,Tarifa,2) -> 420.95 | V20: =T20+U20 -> 912.42571 | W20: =VLOOKUP(P20,Credito,2) -> 0 | X20: =ROUND((V20-W20)/30.4*I20,2) -> 450.21 | Y20: =-IF(X20>0,0,0) -> 0 | Z20: =IF(L20/15<=SMG,0,IF(X20<0,0,X20)) -> 450.21 | AA20: 0 | AB20: =SUM(Z20:AA20) -> 450.21 | AC20: =N20+Y20-AB20 -> 5315.79
B21: 422 | C21: 03 | D21: RICARDO MARIZCAL REYNOSO | E21: MARR820114RC4 | F21: MARR820114HJCRYC04 | G21: 45809 | H21: CHOFER | I21: 15 | J21: =L21/I21 -> 384.4 | K21: 15 | L21: 5766 | M21: 0 | N21: =SUM(L21:M21) -> 5766 | O21: =IF(L21/15<=SMG,0,M21/2) -> 0 | P21: =(L21+O21)/I21*30.4 -> 11685.76 | Q21: =VLOOKUP(P21,Tarifa,1) -> 7168.52 | R21: =P21-Q21 -> 4517.24 | S21: =VLOOKUP(P21,Tarifa,3) -> 0.1088 | T21: =R21*S21 -> 491.47571 | U21: =VLOOKUP(P21,Tarifa,2) -> 420.95 | V21: =T21+U21 -> 912.42571 | W21: =VLOOKUP(P21,Credito,2) -> 0 | X21: =ROUND((V21-W21)/30.4*I21,2) -> 450.21 | Y21: =-IF(X21>0,0,0) -> 0 | Z21: =IF(L21/15<=SMG,0,IF(X21<0,0,X21)) -> 450.21 | AA21: 0 | AB21: =SUM(Z21:AA21) -> 450.21 | AC21: =N21+Y21-AB21 -> 5315.79
B22: 015 | C22: 03 | D22: GUADALUPE DE LOS ANGELES CASTRO CASTRO | E22: CACG8412204R1 | F22: CACG841220MJCSSD03 | G22: 41410 | H22: ENCARGADA DEL COMEDOR ESCOLAR | I22: 15 | J22: =L22/I22 -> 260.93333 | K22: 15 | L22: 3914 | M22: 0 | N22: =SUM(L22:M22) -> 3914 | O22: =IF(L22/15<=SMG,0,M22/2) -> 0 | P22: =(L22+O22)/I22*30.4 -> 7932.3733 | Q22: =VLOOKUP(P22,Tarifa,1) -> 7168.52 | R22: =P22-Q22 -> 763.85333 | S22: =VLOOKUP(P22,Tarifa,3) -> 0.1088 | T22: =R22*S22 -> 83.107243 | U22: =VLOOKUP(P22,Tarifa,2) -> 420.95 | V22: =T22+U22 -> 504.05724 | W22: =VLOOKUP(P22,Credito,2) -> 535.65 | X22: =ROUND((V22-W22)/30.4*I22,2) -> -15.59 | Y22: =-IF(X22>0,0,0) -> 0 | Z22: =IF(L22/15<=SMG,0,IF(X22<0,0,X22)) -> 0 | AA22: 0 | AB22: =SUM(Z22:AA22) -> 0 | AC22: =N22+Y22-AB22 -> 3914
A24: T O T A L E S | L24: =SUM(L9:L23) -> 45964 | M24: =SUM(M9:M23) -> 0 | N24: =SUM(N9:N23) -> 45964 | O24: =SUM(O9:O23) -> 0 | P24: =SUM(P9:P23) -> 93153.707 | Q24: =SUM(Q9:Q23) -> 64824.29 | R24: =SUM(R9:R23) -> 28329.417 | S24: =SUM(S9:S23) -> 0.9408 | ... AC24: =SUM(AC9:AC23) -> 42561.12
D40: LIC. KARINA GUZMAN CARDONA | Z40: MTRO. JOSÉ ACUÑA RUIZ
D41: PRESIDENTA MUNICIPAL | Z41: TESORERO ENC. DE LA HACIENDA MPAL.

Sheet SEGURIDAD 
A1: MUNICIPIO DE : SAN CRISTÒBAL DE LA BARRANCA, JALISCO
A2: RFC MSC 850101 FR1
B3: =PRESIDENCIA!A3 -> SUELDO DEL 15 AL 30 DE SEPTIEMBRE DE 2026
I5: Dias | K5: P E R C E P C I O N E S | N5: Horas | P5: TARIFA | V5: Credito | W5: I.S.R. | X5: Subsidio | Y5: D E D U C C I O N E S | AB5: TOTAL
A6: Num. | B6: Núm de Empleado | C6: FORMA DE PAGO | D6: Nombre | I6: Trab. | K6: Sueldo | L6: TIEMPO | M6: total | N6: Extras | O6: Base | P6: Limite | Q6: Excedente | R6: %/S exced. | S6: Impuesto | T6: Cuota | U6: I.S.R. | V6: Al | W6: a Cargo | X6: Al | Y6: ISR Salarios | Z6: Prestamo | AA6: Total | AB6: A | AC6: F I R M A
K7: Quincenal | L7: EXTRA | M7: Percepcion | N7: Gravadas | O7: Gravable | P7: Inferior | Q7: Limite Inf. | R7: Limite Inf. | S7: Marginal | T7: Fija | U7: Bruto | V7: Salario | W7: o (A Favor) | X7: Empleo | AA7: Deduc. | AB7: PAGAR
B8: SEGURIDAD PÚLICA | E8: RFC | F8: CURP | G8: FECHA DE INGRESO | H8: PUESTO
A9: 1 | B9: 347 | C9: 03 | D9: LUIS RICARDO ALVAREZ CARRILLO | E9: AACL880412AB8 | F9: AACL880412HJCLRS00 | G9: 45367 | H9: DIRECTOR | I9: 15 | J9: =K9/I9 -> 975.96667 | K9: 14639.5 | L9: 0 | M9: =SUM(K9:L9) -> 14639.5 | N9: =IF(K9/15<=SMG,0,L9/2) -> 0 | O9: =(K9+N9)/I9*30.4 -> 29669.387 | P9: =VLOOKUP(O9,Tarifa,1) -> 17533.65 | Q9: =O9-P9 -> 12135.737 | R9: =VLOOKUP(O9,Tarifa,3) -> 0.2136 | S9: =Q9*R9 -> 2592.1934 | T9: =VLOOKUP(O9,Tarifa,2) -> 1856.84 | U9: =S9+T9 -> 4449.0334 | V9: =VLOOKUP(O9,Credito,2) -> 0 | W9: =ROUND((U9-V9)/30.4*I9,2) -> 2195.25 | X9: =-IF(W9>0,0,0) -> 0 | Y9: =IF(K9/15<=SMG,0,IF(W9<0,0,W9)) -> 2195.25 | Z9: 0 | AA9: =SUM(Y9:Z9) -> 2195.25 | AB9: =M9+X9-Y9 -> 12444.25
B10: 210 | C10: 03 | D10: SERGIO ARCINIEGA PERESCHICA | E10: AIPS720724KB4 | F10: AIPS720724HJCRRR09 | G10: 43601 | H10: COMANDANTE | I10: 15 | J10: =K10/I10 -> 670.36667 | K10: 10055.5 | L10: 0 | M10: =SUM(K10:L10) -> 10055.5 | N10: =IF(K10/15<=SMG,0,L10/2) -> 0 | O10: =(K10+N10)/I10*30.4 -> 20379.147 | P10: =VLOOKUP(O10,Tarifa,1) -> 17533.65 | Q10: =O10-P10 -> 2845.4967 | R10: =VLOOKUP(O10,Tarifa,3) -> 0.2136 | S10: =Q10*R10 -> 607.79809 | T10: =VLOOKUP(O10,Tarifa,2) -> 1856.84 | U10: =S10+T10 -> 2464.6381 | V10: =VLOOKUP(O10,Credito,2) -> 0 | W10: =ROUND((U10-V10)/30.4*I10,2) -> 1216.1 | X10: =-IF(W10>0,0,0) -> 0 | Y10: =IF(K10/15<=SMG,0,IF(W10<0,0,W10)) -> 1216.1 | Z10: 0 | AA10: =SUM(Y10:Z10) -> 1216.1 | AB10: =M10+X10-AA10 -> 8839.4
B11: 348 | C11: 03 | D11: MARCO DAMIAN ORTIZ ALVAREZ | E11: OIAM010904JQ7 | F11: OIAM010904HJCRLRA7 | G11: 45367 | H11: COMANDANTE | I11: 15 | J11: =K11/I11 -> 670.36667 | K11: 10055.5 | L11: 0 | M11: =SUM(K11:L11) -> 10055.5 | N11: =IF(K11/15<=SMG,0,L11/2) -> 0 | O11: =(K11+N11)/I11*30.4 -> 20379.147 | P11: =VLOOKUP(O11,Tarifa,1) -> 17533.65 | Q11: =O11-P11 -> 2845.4967 | R11: =VLOOKUP(O11,Tarifa,3) -> 0.2136 | S11: =Q11*R11 -> 607.79809 | T11: =VLOOKUP(O11,Tarifa,2) -> 1856.84 | U11: =S11+T11 -> 2464.6381 | V11: =VLOOKUP(O11,Credito,2) -> 0 | W11: =ROUND((U11-V11)/30.4*I11,2) -> 1216.1 | X11: =-IF(W11>0,0,0) -> 0 | Y11: =IF(K11/15<=SMG,0,IF(W11<0,0,W11)) -> 1216.1 | Z11: 0 | AA11: =SUM(Y11:Z11) -> 1216.1 | AB11: =M11+X11-AA11 -> 8839.4
B12: 349 | C12: 03 | D12: MIGUEL ANGEL PLASCENCIA VILLEGAS | E12: PAVM920430D21 | F12: PAVM920430HJCLLG06 | G12: 45367 | H12: SUPERVISOR DE TURNO | I12: 15 | J12: =K12/I12 -> 626.7 | K12: 9400.5 | L12: 0 | M12: =SUM(K12:L12) -> 9400.5 | N12: =IF(K12/15<=SMG,0,L12/2) -> 0 | O12: =(K12+N12)/I12*30.4 -> 19051.68 | P12: =VLOOKUP(O12,Tarifa,1) -> 17533.65 | Q12: =O12-P12 -> 1518.03 | R12: =VLOOKUP(O12,Tarifa,3) -> 0.2136 | S12: =Q12*R12 -> 324.25121 | T12: =VLOOKUP(O12,Tarifa,2) -> 1856.84 | U12: =S12+T12 -> 2181.0912 | V12: =VLOOKUP(O12,Credito,2) -> 0 | W12: =ROUND((U12-V12)/30.4*I12,2) -> 1076.2 | X12: =-IF(W12>0,0,W12) -> 0 | Y12: =IF(K12/15<=SMG,0,IF(W12<0,0,W12)) -> 1076.2 | Z12: 0 | AA12: =SUM(Y12:Z12) -> 1076.2 | AB12: =M12+X12-AA12 -> 8324.3
B13: 351 | C13: 03 | D13: SANDRA MARYEL ALVAREZ CARRILLO | E13: AACS920605825 | F13: AACS920605MZSLRN02 | G13: 45367 | H13: SUPERVISOR DE TURNO | I13: 15 | J13: =K13/I13 -> 626.7 | K13: 9400.5 | L13: 0 | M13: =SUM(K13:L13) -> 9400.5 | N13: =IF(K13/15<=SMG,0,L13/2) -> 0 | O13: =(K13+N13)/I13*30.4 -> 19051.68 | P13: =VLOOKUP(O13,Tarifa,1) -> 17533.65 | Q13: =O13-P13 -> 1518.03 | R13: =VLOOKUP(O13,Tarifa,3) -> 0.2136 | S13: =Q13*R13 -> 324.25121 | T13: =VLOOKUP(O13,Tarifa,2) -> 1856.84 | U13: =S13+T13 -> 2181.0912 | V13: =VLOOKUP(O13,Credito,2) -> 0 | W13: =ROUND((U13-V13)/30.4*I13,2) -> 1076.2 | X13: =-IF(W13>0,0,W13) -> 0 | Y13: =IF(K13/15<=SMG,0,IF(W13<0,0,W13)) -> 1076.2 | Z13: 0 | AA13: =SUM(Y13:Z13) -> 1076.2 | AB13: =M13+X13-AA13 -> 8324.3
B14: 088 | C14: 03 | D14: LORENZO FLORES VAZQUEZ | E14: FOVL7103088Q9 | F14: FOVL710308HHGLZR08 | G14: 41898 | H14: POLICIA DE LINEA | I14: 15 | J14: =K14/I14 -> 555.3 | K14: 8329.5 | L14: 0 | M14: =SUM(K14:L14) -> 8329.5 | N14: =IF(K14/15<=SMG,0,L14/2) -> 0 | O14: =(K14+N14)/I14*30.4 -> 16881.12 | P14: =VLOOKUP(O14,Tarifa,1) -> 14644.65 | Q14: =O14-P14 -> 2236.47 | R14: =VLOOKUP(O14,Tarifa,3) -> 0.1792 | S14: =Q14*R14 -> 400.77542 | T14: =VLOOKUP(O14,Tarifa,2) -> 1339.14 | U14: =S14+T14 -> 1739.9154 | V14: =VLOOKUP(O14,Credito,2) -> 0 | W14: =ROUND((U14-V14)/30.4*I14,2) -> 858.51 | X14: =-IF(W14>0,0,0) -> 0 | Y14: =IF(K14/15<=SMG,0,IF(W14<0,0,W14)) -> 858.51 | Z14: 0 | AA14: =SUM(Y14:Z14) -> 858.51 | AB14: =M14+X14-AA14 -> 7470.99
B15: 323 | C15: 03 | D15: PATSY JANETH GARCIA CONTRERAS | E15: GACP870318ECA | F15: GACP870318MVZRNT04 | G15: 45092 | H15: POLICIA DE LINEA | I15: 15 | J15: =K15/I15 -> 555.3 | K15: 8329.5 | L15: 0 | M15: =SUM(K15:L15) -> 8329.5 | N15: =IF(K15/15<=SMG,0,L15/2) -> 0 | O15: =(K15+N15)/I15*30.4 -> 16881.12 | P15: =VLOOKUP(O15,Tarifa,1) -> 14644.65 | Q15: =O15-P15 -> 2236.47 | R15: =VLOOKUP(O15,Tarifa,3) -> 0.1792 | S15: =Q15*R15 -> 400.77542 | T15: =VLOOKUP(O15,Tarifa,2) -> 1339.14 | U15: =S15+T15 -> 1739.9154 | V15: =VLOOKUP(O15,Credito,2) -> 0 | W15: =ROUND((U15-V15)/30.4*I15,2) -> 858.51 | X15: =-IF(W15>0,0,0) -> 0 | Y15: =IF(K15/15<=SMG,0,IF(W15<0,0,W15)) -> 858.51 | Z15: 0 | AA15: =SUM(Y15:Z15) -> 858.51 | AB15: =M15+X15-AA15 -> 7470.99
B16: 350 | C16: 03 | D16: KARINA PLASCENCIA VILLEGAS | E16: PAVK981111IE6 | F16: PAVK981111MJCLLR04 | G16: 45367 | H16: POLICIA DE LINEA | I16: 15 | J16: =K16/I16 -> 555.3 | K16: 8329.5 | L16: 0 | M16: =SUM(K16:L16) -> 8329.5 | N16: =IF(K16/15<=SMG,0,L16/2) -> 0 | O16: =(K16+N16)/I16*30.4 -> 16881.12 | P16: =VLOOKUP(O16,Tarifa,1) -> 14644.65 | Q16: =O16-P16 -> 2236.47 | R16: =VLOOKUP(O16,Tarifa,3) -> 0.1792 | S16: =Q16*R16 -> 400.77542 | T16: =VLOOKUP(O16,Tarifa,2) -> 1339.14 | U16: =S16+T16 -> 1739.9154 | V16: =VLOOKUP(O16,Credito,2) -> 0 | W16: =ROUND((U16-V16)/30.4*I16,2) -> 858.51 | X16: =-IF(W16>0,0,0) -> 0 | Y16: =IF(K16/15<=SMG,0,IF(W16<0,0,W16)) -> 858.51 | Z16: 0 | AA16: =SUM(Y16:Z16) -> 858.51 | AB16: =M16+X16-AA16 -> 7470.99
B17: MUNICIPIO DE: SAN CRISTÓBAL DE LA BARRANCA, JALISCO
B18: RFC MSC850101FR1
B19: =PRESIDENCIA!A3 -> SUELDO DEL 15 AL 30 DE SEPTIEMBRE DE 2026
B21: 342 | C21: 03 | D21: ELPIDIA VEGA RENTERIA | E21: VERE950508GB2 | F21: VERE950508M25GNL03 | G21: 45200 | H21: POLICIA DE LINEA | I21: 15 | J21: =K21/I21 -> 555.3 | K21: 8329.5 | L21: 0 | M21: =SUM(K21:L21) -> 8329.5 | N21: =IF(K21/15<=SMG,0,L21/2) -> 0 | O21: =(K21+N21)/I21*30.4 -> 16881.12 | P21: =VLOOKUP(O21,Tarifa,1) -> 14644.65 | Q21: =O21-P21 -> 2236.47 | R21: =VLOOKUP(O21,Tarifa,3) -> 0.1792 | S21: =Q21*R21 -> 400.77542 | T21: =VLOOKUP(O21,Tarifa,2) -> 1339.14 | U21: =S21+T21 -> 1739.9154 | V21: =VLOOKUP(O21,Credito,2) -> 0 | W21: =ROUND((U21-V21)/30.4*I21,2) -> 858.51 | X21: =-IF(W21>0,0,0) -> 0 | Y21: =IF(K21/15<=SMG,0,IF(W21<0,0,W21)) -> 858.51 | Z21: 0 | AA21: =SUM(Y21:Z21) -> 858.51 | AB21: =M21+X21-AA21 -> 7470.99
B22: 344 | C22: 03 | D22: JOSE ANTONIO MERCADO CHAMORRO | E22: MECA970101512 | F22: MECA970101HNTRHN03 | G22: 45292 | H22: POLICIA DE LINEA | I22: 15 | J22: =K22/I22 -> 555.3 | K22: 8329.5 | L22: 0 | M22: =SUM(K22:L22) -> 8329.5 | N22: =IF(K22/15<=SMG,0,L22/2) -> 0 | O22: =(K22+N22)/I22*30.4 -> 16881.12 | P22: =VLOOKUP(O22,Tarifa,1) -> 14644.65 | Q22: =O22-P22 -> 2236.47 | R22: =VLOOKUP(O22,Tarifa,3) -> 0.1792 | S22: =Q22*R22 -> 400.77542 | T22: =VLOOKUP(O22,Tarifa,2) -> 1339.14 | U22: =S22+T22 -> 1739.9154 | V22: =VLOOKUP(O22,Credito,2) -> 0 | W22: =ROUND((U22-V22)/30.4*I22,2) -> 858.51 | X22: =-IF(W22>0,0,0) -> 0 | Y22: =IF(K22/15<=SMG,0,IF(W22<0,0,W22)) -> 858.51 | Z22: 0 | AA22: =SUM(Y22:Z22) -> 858.51 | AB22: =M22+X22-AA22 -> 7470.99
B23: 356 | C23: 03 | D23: LEONARDO HERNANDEZ HERNADEZ | E23: HEHL7708068N9 | F23: HEHL770806HSPRRN02 | G23: 45413 | H23: POLICIA DE LINEA | I23: 15 | J23: =K23/I23 -> 555.3 | K23: 8329.5 | L23: 0 | M23: =SUM(K23:L23) -> 8329.5 | N23: =IF(K23/15<=SMG,0,L23/2) -> 0 | O23: =(K23+N23)/I23*30.4 -> 16881.12 | P23: =VLOOKUP(O23,Tarifa,1) -> 14644.65 | Q23: =O23-P23 -> 2236.47 | R23: =VLOOKUP(O23,Tarifa,3) -> 0.1792 | S23: =Q23*R23 -> 400.77542 | T23: =VLOOKUP(O23,Tarifa,2) -> 1339.14 | U23: =S23+T23 -> 1739.9154 | V23: =VLOOKUP(O23,Credito,2) -> 0 | W23: =ROUND((U23-V23)/30.4*I23,2) -> 858.51 | X23: =-IF(W23>0,0,0) -> 0 | Y23: =IF(K23/15<=SMG,0,IF(W23<0,0,W23)) -> 858.51 | Z23: 0 | AA23: =SUM(Y23:Z23) -> 858.51 | AB23: =M23+X23-AA23 -> 7470.99
B24: 359 | C24: 03 | D24: FRANCISCO DANIEL DE LEON BAÑUELOS | E24: LEBF000322B94 | F24: LEBF000322HJCNXRA6 | G24: 45444 | H24: POLICIA DE LINEA | I24: 15 | J24: =K24/I24 -> 555.3 | K24: 8329.5 | L24: 0 | M24: =SUM(K24:L24) -> 8329.5 | N24: =IF(K24/15<=SMG,0,L24/2) -> 0 | O24: =(K24+N24)/I24*30.4 -> 16881.12 | P24: =VLOOKUP(O24,Tarifa,1) -> 14644.65 | Q24: =O24-P24 -> 2236.47 | R24: =VLOOKUP(O24,Tarifa,3) -> 0.1792 | S24: =Q24*R24 -> 400.77542 | T24: =VLOOKUP(O24,Tarifa,2) -> 1339.14 | U24: =S24+T24 -> 1739.9154 | V24: =VLOOKUP(O24,Credito,2) -> 0 | W24: =ROUND((U24-V24)/30.4*I24,2) -> 858.51 | X24: =-IF(W24>0,0,0) -> 0 | Y24: =IF(K24/15<=SMG,0,IF(W24<0,0,W24)) -> 858.51 | Z24: 0 | AA24: =SUM(Y24:Z24) -> 858.51 | AB24: =M24+X24-AA24 -> 7470.99
B25: 367 | C25: 03 | D25: GERMAN FLORES VEGA | E25: FOVG991130U73 | F25: FOVG991130HJCLGR03 | G25: 45520 | H25: POLICIA DE LINEA | I25: 15 | J25: =K25/I25 -> 555.3 | K25: 8329.5 | L25: 0 | M25: =SUM(K25:L25) -> 8329.5 | N25: =IF(K25/15<=SMG,0,L25/2) -> 0 | O25: =(K25+N25)/I25*30.4 -> 16881.12 | P25: =VLOOKUP(O25,Tarifa,1) -> 14644.65 | Q25: =O25-P25 -> 2236.47 | R25: =VLOOKUP(O25,Tarifa,3) -> 0.1792 | S25: =Q25*R25 -> 400.77542 | T25: =VLOOKUP(O25,Tarifa,2) -> 1339.14 | U25: =S25+T25 -> 1739.9154 | V25: =VLOOKUP(O25,Credito,2) -> 0 | W25: =ROUND((U25-V25)/30.4*I25,2) -> 858.51 | X25: =-IF(W25>0,0,0) -> 0 | Y25: =IF(K25/15<=SMG,0,IF(W25<0,0,W25)) -> 858.51 | Z25: 0 | AA25: =SUM(Y25:Z25) -> 858.51 | AB25: =M25+X25-AA25 -> 7470.99
B26: 407 | C26: 03 | D26: CIPRIANO JOSE DE JESUS BALADRAN ALVARADO | E26: BAAC95090985A | F26: BAAC950909HZSLLP10 | G26: 45704 | H26: POLICIA DE LINEA | I26: 15 | J26: =K26/I26 -> 555.3 | K26: 8329.5 | L26: 0 | M26: =SUM(K26:L26) -> 8329.5 | N26: =IF(K26/15<=SMG,0,L26/2) -> 0 | O26: =(K26+N26)/I26*30.4 -> 16881.12 | P26: =VLOOKUP(O26,Tarifa,1) -> 14644.65 | Q26: =O26-P26 -> 2236.47 | R26: =VLOOKUP(O26,Tarifa,3) -> 0.1792 | S26: =Q26*R26 -> 400.77542 | T26: =VLOOKUP(O26,Tarifa,2) -> 1339.14 | U26: =S26+T26 -> 1739.9154 | V26: =VLOOKUP(O26,Credito,2) -> 0 | W26: =ROUND((U26-V26)/30.4*I26,2) -> 858.51 | X26: =-IF(W26>0,0,0) -> 0 | Y26: =IF(K26/15<=SMG,0,IF(W26<0,0,W26)) -> 858.51 | Z26: 0 | AA26: =SUM(Y26:Z26) -> 858.51 | AB26: =M26+X26-AA26 -> 7470.99
B27: 408 | C27: 03 | D27: ALEJANDRO LOPEZ AVILA | E27: LOAA8106039Y4 | F27: LOAA810603HJCPVL15 | G27: 45704 | H27: POLICIA DE LINEA | I27: 15 | J27: =K27/I27 -> 555.3 | K27: 8329.5 | L27: 0 | M27: =SUM(K27:L27) -> 8329.5 | N27: =IF(K27/15<=SMG,0,L27/2) -> 0 | O27: =(K27+N27)/I27*30.4 -> 16881.12 | P27: =VLOOKUP(O27,Tarifa,1) -> 14644.65 | Q27: =O27-P27 -> 2236.47 | R27: =VLOOKUP(O27,Tarifa,3) -> 0.1792 | S27: =Q27*R27 -> 400.77542 | T27: =VLOOKUP(O27,Tarifa,2) -> 1339.14 | U27: =S27+T27 -> 1739.9154 | V27: =VLOOKUP(O27,Credito,2) -> 0 | W27: =ROUND((U27-V27)/30.4*I27,2) -> 858.51 | X27: =-IF(W27>0,0,0) -> 0 | Y27: =IF(K27/15<=SMG,0,IF(W27<0,0,W27)) -> 858.51 | Z27: 0 | AA27: =SUM(Y27:Z27) -> 858.51 | AB27: =M27+X27-AA27 -> 7470.99
B28: 410 | C28: 03 | D28: GUILLEN DE LAMPORT MENDOZA CRUZ | E28: MECG030503QW9 | F28: MECG030503HJCNRLA2 | G28: 45717 | H28: POLICIA DE LINEA | I28: 15 | J28: =K28/I28 -> 555.3 | K28: 8329.5 | L28: 0 | M28: =SUM(K28:L28) -> 8329.5 | N28: =IF(K28/15<=SMG,0,L28/2) -> 0 | O28: =(K28+N28)/I28*30.4 -> 16881.12 | P28: =VLOOKUP(O28,Tarifa,1) -> 14644.65 | Q28: =O28-P28 -> 2236.47 | R28: =VLOOKUP(O28,Tarifa,3) -> 0.1792 | S28: =Q28*R28 -> 400.77542 | T28: =VLOOKUP(O28,Tarifa,2) -> 1339.14 | U28: =S28+T28 -> 1739.9154 | V28: =VLOOKUP(O28,Credito,2) -> 0 | W28: =ROUND((U28-V28)/30.4*I28,2) -> 858.51 | X28: =-IF(W28>0,0,0) -> 0 | Y28: =IF(K28/15<=SMG,0,IF(W28<0,0,W28)) -> 858.51 | Z28: 0 | AA28: =SUM(Y28:Z28) -> 858.51 | AB28: =M28+X28-AA28 -> 7470.99
B29: MUNICIPIO DE: SAN CRISTÓBAL DE LA BARRANCA, JALISCO
B30: RFC MSC850101FR1
B31: =B19 -> SUELDO DEL 15 AL 30 DE SEPTIEMBRE DE 2026
B33: 428 | C33: 03 | D33: BRAULIO ANTONIO DE LEON BAÑUELOS | E33: LEBB040506JMA | F33: LEBB040506HJCNXRA6 | G33: 45884 | H33: POLICIA DE LINEA | I33: 15 | J33: =K33/I33 -> 555.3 | K33: 8329.5 | L33: 0 | M33: =SUM(K33:L33) -> 8329.5 | N33: =IF(K33/15<=SMG,0,L33/2) -> 0 | O33: =(K33+N33)/I33*30.4 -> 16881.12 | P33: =VLOOKUP(O33,Tarifa,1) -> 14644.65 | Q33: =O33-P33 -> 2236.47 | R33: =VLOOKUP(O33,Tarifa,3) -> 0.1792 | S33: =Q33*R33 -> 400.77542 | T33: =VLOOKUP(O33,Tarifa,2) -> 1339.14 | U33: =S33+T33 -> 1739.9154 | V33: =VLOOKUP(O33,Credito,2) -> 0 | W33: =ROUND((U33-V33)/30.4*I33,2) -> 858.51 | X33: =-IF(W33>0,0,0) -> 0 | Y33: =IF(K33/15<=SMG,0,IF(W33<0,0,W33)) -> 858.51 | Z33: 0 | AA33: =SUM(Y33:Z33) -> 858.51 | AB33: =M33+X33-AA33 -> 7470.99
B34: 429 | C34: 03 | D34: ANTONIO DE JESUS VAZQUEZ VEGA | E34: VAVA990314UL5 | F34: VAVA990314HJCZGN06 | G34: 45884 | H34: POLICIA DE LINEA | I34: 15 | J34: =K34/I34 -> 555.3 | K34: 8329.5 | L34: 0 | M34: =SUM(K34:L34) -> 8329.5 | N34: =IF(K34/15<=SMG,0,L34/2) -> 0 | O34: =(K34+N34)/I34*30.4 -> 16881.12 | P34: =VLOOKUP(O34,Tarifa,1) -> 14644.65 | Q34: =O34-P34 -> 2236.47 | R34: =VLOOKUP(O34,Tarifa,3) -> 0.1792 | S34: =Q34*R34 -> 400.77542 | T34: =VLOOKUP(O34,Tarifa,2) -> 1339.14 | U34: =S34+T34 -> 1739.9154 | V34: =VLOOKUP(O34,Credito,2) -> 0 | W34: =ROUND((U34-V34)/30.4*I34,2) -> 858.51 | X34: =-IF(W34>0,0,0) -> 0 | Y34: =IF(K34/15<=SMG,0,IF(W34<0,0,W34)) -> 858.51 | Z34: 0 | AA34: =SUM(Y34:Z34) -> 858.51 | AB34: =M34+X34-AA34 -> 7470.99
B35: 431 | C35: 03 | D35: LUIS DANIEL RESENDEZ SALAZAR | E35: RESL930622D49 | F35: RESL930622HZSSLS02 | G35: 45901 | H35: POLICIA DE LINEA | I35: 15 | J35: =K35/I35 -> 555.3 | K35: 8329.5 | L35: 0 | M35: =SUM(K35:L35) -> 8329.5 | N35: =IF(K35/15<=SMG,0,L35/2) -> 0 | O35: =(K35+N35)/I35*30.4 -> 16881.12 | P35: =VLOOKUP(O35,Tarifa,1) -> 14644.65 | Q35: =O35-P35 -> 2236.47 | R35: =VLOOKUP(O35,Tarifa,3) -> 0.1792 | S35: =Q35*R35 -> 400.77542 | T35: =VLOOKUP(O35,Tarifa,2) -> 1339.14 | U35: =S35+T35 -> 1739.9154 | V35: =VLOOKUP(O35,Credito,2) -> 0 | W35: =ROUND((U35-V35)/30.4*I35,2) -> 858.51 | X35: =-IF(W35>0,0,0) -> 0 | Y35: =IF(K35/15<=SMG,0,IF(W35<0,0,W35)) -> 858.51 | Z35: 0 | AA35: =SUM(Y35:Z35) -> 858.51 | AB35: =M35+X35-AA35 -> 7470.99
B36: 432 | C36: 03 | D36: JANETH DEL CARMEN VALENZUELA MONTOYA | E36: VAMJ870716KV7 | F36: VAMJ870716MJCLNN06 | G36: 45916 | H36: POLICIA DE LINEA | I36: 15 | J36: =K36/I36 -> 555.3 | K36: 8329.5 | L36: 0 | M36: =SUM(K36:L36) -> 8329.5 | N36: =IF(K36/15<=SMG,0,L36/2) -> 0 | O36: =(K36+N36)/I36*30.4 -> 16881.12 | P36: =VLOOKUP(O36,Tarifa,1) -> 14644.65 | Q36: =O36-P36 -> 2236.47 | R36: =VLOOKUP(O36,Tarifa,3) -> 0.1792 | S36: =Q36*R36 -> 400.77542 | T36: =VLOOKUP(O36,Tarifa,2) -> 1339.14 | U36: =S36+T36 -> 1739.9154 | V36: =VLOOKUP(O36,Credito,2) -> 0 | W36: =ROUND((U36-V36)/30.4*I36,2) -> 858.51 | X36: =-IF(W36>0,0,0) -> 0 | Y36: =IF(K36/15<=SMG,0,IF(W36<0,0,W36)) -> 858.51 | Z36: 0 | AA36: =SUM(Y36:Z36) -> 858.51 | AB36: =M36+X36-AA36 -> 7470.99
B37: 436 | C37: 03 | D37: MARIANA GUADALUPE GALLEGOS GONZALEZ | E37: GAGM041126K73 | F37: GAGM041126MJCLNRA5 | G37: 46023 | H37: POLICIA DE LINEA | I37: 15 | J37: =K37/I37 -> 555.3 | K37: 8329.5 | L37: 0 | M37: =SUM(K37:L37) -> 8329.5 | N37: =IF(K37/15<=SMG,0,L37/2) -> 0 | O37: =(K37+N37)/I37*30.4 -> 16881.12 | P37: =VLOOKUP(O37,Tarifa,1) -> 14644.65 | Q37: =O37-P37 -> 2236.47 | R37: =VLOOKUP(O37,Tarifa,3) -> 0.1792 | S37: =Q37*R37 -> 400.77542 | T37: =VLOOKUP(O37,Tarifa,2) -> 1339.14 | U37: =S37+T37 -> 1739.9154 | V37: =VLOOKUP(O37,Credito,2) -> 0 | W37: =ROUND((U37-V37)/30.4*I37,2) -> 858.51 | X37: =-IF(W37>0,0,0) -> 0 | Y37: =IF(K37/15<=SMG,0,IF(W37<0,0,W37)) -> 858.51 | Z37: 0 | AA37: =SUM(Y37:Z37) -> 858.51 | AB37: =M37+X37-AA37 -> 7470.99
A38: T O T A L E S | K38: =SUM(K9:K37) -> 186823.5 | L38: =SUM(L9:L37) -> 0 | M38: =SUM(M9:M37) -> 186823.5 | N38: =SUM(N9:N15) -> 0 | O38: =SUM(O9:O15) -> 142293.28 | P38: =SUM(P9:P15) -> 116957.55 | Q38: =SUM(Q9:Q15) -> 25335.73 | R38: =SUM(R9:R15) -> 1.4264 | S38: =SUM(S9:S15) -> 5257.8428 | T38: =SUM(T9:T15) -> 11962.48 | U38: =SUM(U9:U15) -> 17220.323 | ... W38: =SUM(W9:W15) -> 8496.87 | X38: =SUM(X9:X37) -> 0 | Y38: =SUM(Y9:Y37) -> 20516.01 | Z38: =SUM(Z9:Z37) -> 0 | AA38: =SUM(AA9:AA37) -> 20516.01 | AB38: =SUM(AB9:AB37) -> 166307.49
D58: LIC. KARINA GUZMAN CARDONA | Z58: MTRO. JOSÉ ACUÑA RUIZ
D59: PRESIDENTA MUNICIPAL | Z59: TESORERO ENC. DE LA HACIENDA MPAL.

Sheet SEGURIDAD TE
A1: MUNICIPIO DE : SAN CRISTÒBAL DE LA BARRANCA, JALISCO
A2: RFC MSC 850101 FR1
B3: =PRESIDENCIA!A3 -> SUELDO DEL 15 AL 30 DE SEPTIEMBRE DE 2026
I5: Dias | K5: P E R C E P C I O N E S | N5: Horas | P5: TARIFA | V5: Credito | W5: I.S.R. | X5: Subsidio | Y5: D E D U C C I O N E S | AB5: TOTAL
A6: Num. | B6: Núm de Empleado | C6: FORMA DE PAGO | D6: Nombre | I6: Trab. | K6: Sueldo | L6: TIEMPO | M6: total | N6: Extras | O6: Base | P6: Limite | Q6: Excedente | R6: %/S exced. | S6: Impuesto | T6: Cuota | U6: I.S.R. | V6: Al | W6: a Cargo | X6: Al | Y6: ISR Salarios | Z6: Prestamo | AA6: Total | AB6: A | AC6: F I R M A
K7: Quincenal | L7: EXTRA | M7: Percepcion | N7: Gravadas | O7: Gravable | P7: Inferior | Q7: Limite Inf. | R7: Limite Inf. | S7: Marginal | T7: Fija | U7: Bruto | V7: Salario | W7: o (A Favor) | X7: Empleo | AA7: Deduc. | AB7: PAGAR
B8: SEGURIDAD PÚLICA | E8: RFC | F8: CURP | G8: FECHA DE INGRESO | H8: PUESTO
A9: 1 | B9: 347 | C9: 03 | D9: LUIS RICARDO ALVAREZ CARRILLO | E9: AACL880412AB8 | F9: AACL880412HJCLRS00 | G9: 45367 | H9: DIRECTOR | I9: 15 | J9: =K9/I9 -> 975.96667 | K9: 14639.5 | M9: =SUM(K9:L9) -> 14639.5 | N9: =IF(K9/15<=SMG,0,L9/2) -> 0 | O9: =(K9+N9)/I9*30.4 -> 29669.387 | P9: =VLOOKUP(O9,Tarifa,1) -> 17533.65 | Q9: =O9-P9 -> 12135.737 | R9: =VLOOKUP(O9,Tarifa,3) -> 0.2136 | S9: =Q9*R9 -> 2592.1934 | T9: =VLOOKUP(O9,Tarifa,2) -> 1856.84 | U9: =S9+T9 -> 4449.0334 | V9: =VLOOKUP(O9,Credito,2) -> 0 | W9: =ROUND((U9-V9)/30.4*I9,2) -> 2195.25 | X9: =-IF(W9>0,0,0) -> 0 | Y9: =IF(K9/15<=SMG,0,IF(W9<0,0,W9)) -> 2195.25 | Z9: 0 | AA9: =SUM(Y9:Z9) -> 2195.25 | AB9: =M9+X9-Y9 -> 12444.25
B10: 351 | C10: 03 | D10: SANDRA MARYEL ALVAREZ CARRILLO | E10: AACS920605825 | F10: AACS920605MZSLRN02 | G10: 45367 | H10: COMANDANTE | I10: 15 | J10: =K10/I10 -> 670.36667 | K10: 10055.5 | M10: =SUM(K10:L10) -> 10055.5 | N10: =IF(K10/15<=SMG,0,L10/2) -> 0 | O10: =(K10+N10)/I10*30.4 -> 20379.147 | P10: =VLOOKUP(O10,Tarifa,1) -> 17533.65 | Q10: =O10-P10 -> 2845.4967 | R10: =VLOOKUP(O10,Tarifa,3) -> 0.2136 | S10: =Q10*R10 -> 607.79809 | T10: =VLOOKUP(O10,Tarifa,2) -> 1856.84 | U10: =S10+T10 -> 2464.6381 | V10: =VLOOKUP(O10,Credito,2) -> 0 | W10: =ROUND((U10-V10)/30.4*I10,2) -> 1216.1 | X10: =-IF(W10>0,0,0) -> 0 | Y10: =IF(K10/15<=SMG,0,IF(W10<0,0,W10)) -> 1216.1 | Z10: 0 | AA10: =SUM(Y10:Z10) -> 1216.1 | AB10: =M10+X10-AA10 -> 8839.4
B11: 088 | C11: 03 | D11: LORENZO FLORES VAZQUEZ | E11: FOVL7103088Q9 | F11: FOVL710308HHGLZR08 | G11: 41898 | H11: POLICIA DE LINEA | I11: 15 | J11: =K11/I11 -> 555.3 | K11: 8329.5 | M11: =SUM(K11:L11) -> 8329.5 | N11: =IF(K11/15<=SMG,0,L11/2) -> 0 | O11: =(K11+N11)/I11*30.4 -> 16881.12 | P11: =VLOOKUP(O11,Tarifa,1) -> 14644.65 | Q11: =O11-P11 -> 2236.47 | R11: =VLOOKUP(O11,Tarifa,3) -> 0.1792 | S11: =Q11*R11 -> 400.77542 | T11: =VLOOKUP(O11,Tarifa,2) -> 1339.14 | U11: =S11+T11 -> 1739.9154 | V11: =VLOOKUP(O11,Credito,2) -> 0 | W11: =ROUND((U11-V11)/30.4*I11,2) -> 858.51 | X11: =-IF(W11>0,0,0) -> 0 | Y11: =IF(K11/15<=SMG,0,IF(W11<0,0,W11)) -> 858.51 | Z11: 0 | AA11: =SUM(Y11:Z11) -> 858.51 | AB11: =M11+X11-AA11 -> 7470.99
B12: 323 | C12: 03 | D12: PATSY JANETH GARCIA CONTRERAS | E12: GACP870318ECA | F12: GACP870318MVZRNT04 | G12: 45092 | H12: SUPERVISOR DE TURNO | I12: 15 | J12: =K12/I12 -> 626.7 | K12: 9400.5 | M12: =SUM(K12:L12) -> 9400.5 | N12: =IF(K12/15<=SMG,0,L12/2) -> 0 | O12: =(K12+N12)/I12*30.4 -> 19051.68 | P12: =VLOOKUP(O12,Tarifa,1) -> 17533.65 | Q12: =O12-P12 -> 1518.03 | R12: =VLOOKUP(O12,Tarifa,3) -> 0.2136 | S12: =Q12*R12 -> 324.25121 | T12: =VLOOKUP(O12,Tarifa,2) -> 1856.84 | U12: =S12+T12 -> 2181.0912 | V12: =VLOOKUP(O12,Credito,2) -> 0 | W12: =ROUND((U12-V12)/30.4*I12,2) -> 1076.2 | X12: =-IF(W12>0,0,W12) -> 0 | Y12: =IF(K12/15<=SMG,0,IF(W12<0,0,W12)) -> 1076.2 | Z12: 0 | AA12: =SUM(Y12:Z12) -> 1076.2 | AB12: =M12+X12-AA12 -> 8324.3
B13: 350 | C13: 03 | D13: KARINA PLASCENCIA VILLEGAS | E13: PAVK981111IE6 | F13: PAVK981111MJCLLR04 | G13: 45367 | H13: SUPERVISOR DE TURNO | I13: 15 | J13: =K13/I13 -> 626.7 | K13: 9400.5 | M13: =SUM(K13:L13) -> 9400.5 | N13: =IF(K13/15<=SMG,0,L13/2) -> 0 | O13: =(K13+N13)/I13*30.4 -> 19051.68 | P13: =VLOOKUP(O13,Tarifa,1) -> 17533.65 | Q13: =O13-P13 -> 1518.03 | R13: =VLOOKUP(O13,Tarifa,3) -> 0.2136 | S13: =Q13*R13 -> 324.25121 | T13: =VLOOKUP(O13,Tarifa,2) -> 1856.84 | U13: =S13+T13 -> 2181.0912 | V13: =VLOOKUP(O13,Credito,2) -> 0 | W13: =ROUND((U13-V13)/30.4*I13,2) -> 1076.2 | X13: =-IF(W13>0,0,W13) -> 0 | Y13: =IF(K13/15<=SMG,0,IF(W13<0,0,W13)) -> 1076.2 | Z13: 0 | AA13: =SUM(Y13:Z13) -> 1076.2 | AB13: =M13+X13-AA13 -> 8324.3
B14: 342 | C14: 03 | D14: ELPIDIA VEGA RENTERIA | E14: VERE950508GB2 | F14: VERE950508M25GNL03 | G14: 45200 | H14: POLICIA DE LINEA | I14: 15 | J14: =K14/I14 -> 555.3 | K14: 8329.5 | M14: =SUM(K14:L14) -> 8329.5 | N14: =IF(K14/15<=SMG,0,L14/2) -> 0 | O14: =(K14+N14)/I14*30.4 -> 16881.12 | P14: =VLOOKUP(O14,Tarifa,1) -> 14644.65 | Q14: =O14-P14 -> 2236.47 | R14: =VLOOKUP(O14,Tarifa,3) -> 0.1792 | S14: =Q14*R14 -> 400.77542 | T14: =VLOOKUP(O14,Tarifa,2) -> 1339.14 | U14: =S14+T14 -> 1739.9154 | V14: =VLOOKUP(O14,Credito,2) -> 0 | W14: =ROUND((U14-V14)/30.4*I14,2) -> 858.51 | X14: =-IF(W14>0,0,0) -> 0 | Y14: =IF(K14/15<=SMG,0,IF(W14<0,0,W14)) -> 858.51 | Z14: 0 | AA14: =SUM(Y14:Z14) -> 858.51 | AB14: =M14+X14-AA14 -> 7470.99
B15: 367 | C15: 03 | D15: GERMAN FLORES VEGA | E15: FOVG991130U73 | F15: FOVG991130HJCLGR03 | G15: 46188 | H15: POLICIA DE LINEA | I15: 15 | J15: =K15/I15 -> 555.3 | K15: 8329.5 | M15: =SUM(K15:L15) -> 8329.5 | N15: =IF(K15/15<=SMG,0,L15/2) -> 0 | O15: =(K15+N15)/I15*30.4 -> 16881.12 | P15: =VLOOKUP(O15,Tarifa,1) -> 14644.65 | Q15: =O15-P15 -> 2236.47 | R15: =VLOOKUP(O15,Tarifa,3) -> 0.1792 | S15: =Q15*R15 -> 400.77542 | T15: =VLOOKUP(O15,Tarifa,2) -> 1339.14 | U15: =S15+T15 -> 1739.9154 | V15: =VLOOKUP(O15,Credito,2) -> 0 | W15: =ROUND((U15-V15)/30.4*I15,2) -> 858.51 | X15: =-IF(W15>0,0,0) -> 0 | Y15: =IF(K15/15<=SMG,0,IF(W15<0,0,W15)) -> 858.51 | Z15: 0 | AA15: =SUM(Y15:Z15) -> 858.51 | AB15: =M15+X15-AA15 -> 7470.99
B16: 407 | C16: 03 | D16: CIPRIANO JOSE DE JESUS BALADRAN ALVARADO | E16: BAAC95090985A | F16: BAAC950909HZSLLP10 | G16: 45748 | H16: SUPERVISOR DE TURNO | I16: 15 | J16: =K16/I16 -> 626.7 | K16: 9400.5 | M16: =SUM(K16:L16) -> 9400.5 | N16: =IF(K16/15<=SMG,0,L16/2) -> 0 | O16: =(K16+N16)/I16*30.4 -> 19051.68 | P16: =VLOOKUP(O16,Tarifa,1) -> 17533.65 | Q16: =O16-P16 -> 1518.03 | R16: =VLOOKUP(O16,Tarifa,3) -> 0.2136 | S16: =Q16*R16 -> 324.25121 | T16: =VLOOKUP(O16,Tarifa,2) -> 1856.84 | U16: =S16+T16 -> 2181.0912 | V16: =VLOOKUP(O16,Credito,2) -> 0 | W16: =ROUND((U16-V16)/30.4*I16,2) -> 1076.2 | X16: =-IF(W16>0,0,W16) -> 0 | Y16: =IF(K16/15<=SMG,0,IF(W16<0,0,W16)) -> 1076.2 | Z16: 0 | AA16: =SUM(Y16:Z16) -> 1076.2 | AB16: =M16+X16-AA16 -> 8324.3
B17: MUNICIPIO DE: SAN CRISTÓBAL DE LA BARRANCA, JALISCO
B18: RFC MSC850101FR1
B19: =PRESIDENCIA!A3 -> SUELDO DEL 15 AL 30 DE SEPTIEMBRE DE 2026
B21: 408 | C21: 03 | D21: ALEJANDRO LOPEZ AVILA | E21: LOAA8106039Y4 | F21: LOAA810603HJCPVL15 | G21: 45704 | H21: POLICIA DE LINEA | I21: 15 | J21: =K21/I21 -> 555.3 | K21: 8329.5 | M21: =SUM(K21:L21) -> 8329.5 | N21: =IF(K21/15<=SMG,0,L21/2) -> 0 | O21: =(K21+N21)/I21*30.4 -> 16881.12 | P21: =VLOOKUP(O21,Tarifa,1) -> 14644.65 | Q21: =O21-P21 -> 2236.47 | R21: =VLOOKUP(O21,Tarifa,3) -> 0.1792 | S21: =Q21*R21 -> 400.77542 | T21: =VLOOKUP(O21,Tarifa,2) -> 1339.14 | U21: =S21+T21 -> 1739.9154 | V21: =VLOOKUP(O21,Credito,2) -> 0 | W21: =ROUND((U21-V21)/30.4*I21,2) -> 858.51 | X21: =-IF(W21>0,0,0) -> 0 | Y21: =IF(K21/15<=SMG,0,IF(W21<0,0,W21)) -> 858.51 | Z21: 0 | AA21: =SUM(Y21:Z21) -> 858.51 | AB21: =M21+X21-AA21 -> 7470.99
B22: 410 | C22: 03 | D22: GUILLEN DE LAMPORT MENDOZA CRUZ | E22: MECG030503QW9 | F22: MECG030503HJCNRLA2 | G22: 45717 | H22: POLICIA DE LINEA | I22: 15 | J22: =K22/I22 -> 555.3 | K22: 8329.5 | M22: =SUM(K22:L22) -> 8329.5 | N22: =IF(K22/15<=SMG,0,L22/2) -> 0 | O22: =(K22+N22)/I22*30.4 -> 16881.12 | P22: =VLOOKUP(O22,Tarifa,1) -> 14644.65 | Q22: =O22-P22 -> 2236.47 | R22: =VLOOKUP(O22,Tarifa,3) -> 0.1792 | S22: =Q22*R22 -> 400.77542 | T22: =VLOOKUP(O22,Tarifa,2) -> 1339.14 | U22: =S22+T22 -> 1739.9154 | V22: =VLOOKUP(O22,Credito,2) -> 0 | W22: =ROUND((U22-V22)/30.4*I22,2) -> 858.51 | X22: =-IF(W22>0,0,0) -> 0 | Y22: =IF(K22/15<=SMG,0,IF(W22<0,0,W22)) -> 858.51 | Z22: 0 | AA22: =SUM(Y22:Z22) -> 858.51 | AB22: =M22+X22-AA22 -> 7470.99
B23: 429 | C23: 03 | D23: ANTONIO DE JESUS VAZQUEZ VEGA | E23: VAVA990314UL5 | F23: VAVA990314HJCZGN06 | G23: 45884 | H23: POLICIA DE LINEA | I23: 15 | J23: =K23/I23 -> 555.3 | K23: 8329.5 | M23: =SUM(K23:L23) -> 8329.5 | N23: =IF(K23/15<=SMG,0,L23/2) -> 0 | O23: =(K23+N23)/I23*30.4 -> 16881.12 | P23: =VLOOKUP(O23,Tarifa,1) -> 14644.65 | Q23: =O23-P23 -> 2236.47 | R23: =VLOOKUP(O23,Tarifa,3) -> 0.1792 | S23: =Q23*R23 -> 400.77542 | T23: =VLOOKUP(O23,Tarifa,2) -> 1339.14 | U23: =S23+T23 -> 1739.9154 | V23: =VLOOKUP(O23,Credito,2) -> 0 | W23: =ROUND((U23-V23)/30.4*I23,2) -> 858.51 | X23: =-IF(W23>0,0,0) -> 0 | Y23: =IF(K23/15<=SMG,0,IF(W23<0,0,W23)) -> 858.51 | Z23: 0 | AA23: =SUM(Y23:Z23) -> 858.51 | AB23: =M23+X23-AA23 -> 7470.99
B24: 431 | C24: 03 | D24: LUIS DANIEL RESENDEZ SALAZAR | E24: RESL930622D49 | F24: RESL930622HZSSLS02 | G24: 45901 | H24: POLICIA DE LINEA | I24: 15 | J24: =K24/I24 -> 555.3 | K24: 8329.5 | M24: =SUM(K24:L24) -> 8329.5 | N24: =IF(K24/15<=SMG,0,L24/2) -> 0 | O24: =(K24+N24)/I24*30.4 -> 16881.12 | P24: =VLOOKUP(O24,Tarifa,1) -> 14644.65 | Q24: =O24-P24 -> 2236.47 | R24: =VLOOKUP(O24,Tarifa,3) -> 0.1792 | S24: =Q24*R24 -> 400.77542 | T24: =VLOOKUP(O24,Tarifa,2) -> 1339.14 | U24: =S24+T24 -> 1739.9154 | V24: =VLOOKUP(O24,Credito,2) -> 0 | W24: =ROUND((U24-V24)/30.4*I24,2) -> 858.51 | X24: =-IF(W24>0,0,0) -> 0 | Y24: =IF(K24/15<=SMG,0,IF(W24<0,0,W24)) -> 858.51 | Z24: 0 | AA24: =SUM(Y24:Z24) -> 858.51 | AB24: =M24+X24-AA24 -> 7470.99
B25: 432 | C25: 03 | D25: JANETH DEL CARMEN VALENZUELA MONTOYA | E25: VAMJ870716KV7 | F25: VAMJ870716MJCLNN06 | G25: 45916 | H25: POLICIA DE LINEA | I25: 15 | J25: =K25/I25 -> 555.3 | K25: 8329.5 | M25: =SUM(K25:L25) -> 8329.5 | N25: =IF(K25/15<=SMG,0,L25/2) -> 0 | O25: =(K25+N25)/I25*30.4 -> 16881.12 | P25: =VLOOKUP(O25,Tarifa,1) -> 14644.65 | Q25: =O25-P25 -> 2236.47 | R25: =VLOOKUP(O25,Tarifa,3) -> 0.1792 | S25: =Q25*R25 -> 400.77542 | T25: =VLOOKUP(O25,Tarifa,2) -> 1339.14 | U25: =S25+T25 -> 1739.9154 | V25: =VLOOKUP(O25,Credito,2) -> 0 | W25: =ROUND((U25-V25)/30.4*I25,2) -> 858.51 | X25: =-IF(W25>0,0,0) -> 0 | Y25: =IF(K25/15<=SMG,0,IF(W25<0,0,W25)) -> 858.51 | Z25: 0 | AA25: =SUM(Y25:Z25) -> 858.51 | AB25: =M25+X25-AA25 -> 7470.99
B26: 444 | C26: 03 | D26: LORENZO ANTONIO JUAREZ SANCHEZ | E26: JUSL990313NP6 | F26: JUSL990313HZSRNR01 | G26: 46235 | H26: POLICIA DE LINEA | I26: 15 | J26: =K26/I26 -> 555.3 | K26: 8329.5 | M26: =SUM(K26:L26) -> 8329.5 | N26: =IF(K26/15<=SMG,0,L26/2) -> 0 | O26: =(K26+N26)/I26*30.4 -> 16881.12 | P26: =VLOOKUP(O26,Tarifa,1) -> 14644.65 | Q26: =O26-P26 -> 2236.47 | R26: =VLOOKUP(O26,Tarifa,3) -> 0.1792 | S26: =Q26*R26 -> 400.77542 | T26: =VLOOKUP(O26,Tarifa,2) -> 1339.14 | U26: =S26+T26 -> 1739.9154 | V26: =VLOOKUP(O26,Credito,2) -> 0 | W26: =ROUND((U26-V26)/30.4*I26,2) -> 858.51 | X26: =-IF(W26>0,0,0) -> 0 | Y26: =IF(K26/15<=SMG,0,IF(W26<0,0,W26)) -> 858.51 | Z26: 0 | AA26: =SUM(Y26:Z26) -> 858.51 | AB26: =M26+X26-AA26 -> 7470.99
B27: 447 | C27: 03 | D27: JOSE GIL SERRANO SALOMON | E27: SESG011105P52 | F27: SESG011105HSLRLLA3 | G27: 46235 | H27: POLICIA DE LINEA | I27: 15 | J27: =K27/I27 -> 555.3 | K27: 8329.5 | M27: =SUM(K27:L27) -> 8329.5 | N27: =IF(K27/15<=SMG,0,L27/2) -> 0 | O27: =(K27+N27)/I27*30.4 -> 16881.12 | P27: =VLOOKUP(O27,Tarifa,1) -> 14644.65 | Q27: =O27-P27 -> 2236.47 | R27: =VLOOKUP(O27,Tarifa,3) -> 0.1792 | S27: =Q27*R27 -> 400.77542 | T27: =VLOOKUP(O27,Tarifa,2) -> 1339.14 | U27: =S27+T27 -> 1739.9154 | V27: =VLOOKUP(O27,Credito,2) -> 0 | W27: =ROUND((U27-V27)/30.4*I27,2) -> 858.51 | X27: =-IF(W27>0,0,0) -> 0 | Y27: =IF(K27/15<=SMG,0,IF(W27<0,0,W27)) -> 858.51 | Z27: 0 | AA27: =SUM(Y27:Z27) -> 858.51 | AB27: =M27+X27-AA27 -> 7470.99
B28: 445 | C28: 03 | D28: ROBERTO HERNANDEZ DE LEON | E28: HELR920914GK6 | F28: HELR920914HBCRNB03 | G28: 46235 | H28: POLICIA DE LINEA | I28: 15 | J28: =K28/I28 -> 555.3 | K28: 8329.5 | M28: =SUM(K28:L28) -> 8329.5 | N28: =IF(K28/15<=SMG,0,L28/2) -> 0 | O28: =(K28+N28)/I28*30.4 -> 16881.12 | P28: =VLOOKUP(O28,Tarifa,1) -> 14644.65 | Q28: =O28-P28 -> 2236.47 | R28: =VLOOKUP(O28,Tarifa,3) -> 0.1792 | S28: =Q28*R28 -> 400.77542 | T28: =VLOOKUP(O28,Tarifa,2) -> 1339.14 | U28: =S28+T28 -> 1739.9154 | V28: =VLOOKUP(O28,Credito,2) -> 0 | W28: =ROUND((U28-V28)/30.4*I28,2) -> 858.51 | X28: =-IF(W28>0,0,0) -> 0 | Y28: =IF(K28/15<=SMG,0,IF(W28<0,0,W28)) -> 858.51 | Z28: 0 | AA28: =SUM(Y28:Z28) -> 858.51 | AB28: =M28+X28-AA28 -> 7470.99
B29: MUNICIPIO DE: SAN CRISTÓBAL DE LA BARRANCA, JALISCO
B30: RFC MSC850101FR1
B31: =B19 -> SUELDO DEL 15 AL 30 DE SEPTIEMBRE DE 2026
B32: 439 | C32: 03 | D32: PATRICIO EDUARDO REYES HERNÁNDEZ | E32: REHP021028230 | F32: REHP021028HJCYRTA8 | G32: 46150 | H32: POLICIA DE LINEA | I32: 15 | J32: =K32/I32 -> 555.3 | K32: 8329.5 | M32: =SUM(K32:L32) -> 8329.5 | N32: =IF(K32/15<=SMG,0,L32/2) -> 0 | O32: =(K32+N32)/I32*30.4 -> 16881.12 | P32: =VLOOKUP(O32,Tarifa,1) -> 14644.65 | Q32: =O32-P32 -> 2236.47 | R32: =VLOOKUP(O32,Tarifa,3) -> 0.1792 | S32: =Q32*R32 -> 400.77542 | T32: =VLOOKUP(O32,Tarifa,2) -> 1339.14 | U32: =S32+T32 -> 1739.9154 | V32: =VLOOKUP(O32,Credito,2) -> 0 | W32: =ROUND((U32-V32)/30.4*I32,2) -> 858.51 | X32: =-IF(W32>0,0,0) -> 0 | Y32: =IF(K32/15<=SMG,0,IF(W32<0,0,W32)) -> 858.51 | Z32: 0 | AA32: =SUM(Y32:Z32) -> 858.51 | AB32: =M32+X32-AA32 -> 7470.99
B33: 441 | C33: 03 | D33: PABLO SANCHEZ REYES | E33: SARP0002263Z7 | F33: SARP000226HJCNYBA5 | G33: 46143 | H33: POLICIA DE LINEA | I33: 15 | J33: =K33/I33 -> 555.3 | K33: 8329.5 | M33: =SUM(K33:L33) -> 8329.5 | N33: =IF(K33/15<=SMG,0,L33/2) -> 0 | O33: =(K33+N33)/I33*30.4 -> 16881.12 | P33: =VLOOKUP(O33,Tarifa,1) -> 14644.65 | Q33: =O33-P33 -> 2236.47 | R33: =VLOOKUP(O33,Tarifa,3) -> 0.1792 | S33: =Q33*R33 -> 400.77542 | T33: =VLOOKUP(O33,Tarifa,2) -> 1339.14 | U33: =S33+T33 -> 1739.9154 | V33: =VLOOKUP(O33,Credito,2) -> 0 | W33: =ROUND((U33-V33)/30.4*I33,2) -> 858.51 | X33: =-IF(W33>0,0,0) -> 0 | Y33: =IF(K33/15<=SMG,0,IF(W33<0,0,W33)) -> 858.51 | Z33: 0 | AA33: =SUM(Y33:Z33) -> 858.51 | AB33: =M33+X33-AA33 -> 7470.99
B34: 436 | C34: 03 | D34: MARIANA GUADALUPE GALLEGOS GONZALEZ | E34: GAGM041126K73 | F34: GAGM041126MJCLNRA5 | G34: 46023 | H34: POLICIA DE LINEA | I34: 15 | J34: =K34/I34 -> 555.3 | K34: 8329.5 | M34: =SUM(K34:L34) -> 8329.5 | N34: =IF(K34/15<=SMG,0,L34/2) -> 0 | O34: =(K34+N34)/I34*30.4 -> 16881.12 | P34: =VLOOKUP(O34,Tarifa,1) -> 14644.65 | Q34: =O34-P34 -> 2236.47 | R34: =VLOOKUP(O34,Tarifa,3) -> 0.1792 | S34: =Q34*R34 -> 400.77542 | T34: =VLOOKUP(O34,Tarifa,2) -> 1339.14 | U34: =S34+T34 -> 1739.9154 | V34: =VLOOKUP(O34,Credito,2) -> 0 | W34: =ROUND((U34-V34)/30.4*I34,2) -> 858.51 | X34: =-IF(W34>0,0,0) -> 0 | Y34: =IF(K34/15<=SMG,0,IF(W34<0,0,W34)) -> 858.51 | Z34: 0 | AA34: =SUM(Y34:Z34) -> 858.51 | AB34: =M34+X34-AA34 -> 7470.99
B35: 439 | C35: 03 | D35: ALEJANDRO MARQUEZ AGUAYO | E35: MAAA00201BT1 | F35: MAAA000201HZSRGLA4 | G35: 46157 | H35: POLICIA DE LINEA | I35: 15 | J35: =K35/I35 -> 555.3 | K35: 8329.5 | M35: =SUM(K35:L35) -> 8329.5 | N35: =IF(K35/15<=SMG,0,L35/2) -> 0 | O35: =(K35+N35)/I35*30.4 -> 16881.12 | P35: =VLOOKUP(O35,Tarifa,1) -> 14644.65 | Q35: =O35-P35 -> 2236.47 | R35: =VLOOKUP(O35,Tarifa,3) -> 0.1792 | S35: =Q35*R35 -> 400.77542 | T35: =VLOOKUP(O35,Tarifa,2) -> 1339.14 | U35: =S35+T35 -> 1739.9154 | V35: =VLOOKUP(O35,Credito,2) -> 0 | W35: =ROUND((U35-V35)/30.4*I35,2) -> 858.51 | X35: =-IF(W35>0,0,0) -> 0 | Y35: =IF(K35/15<=SMG,0,IF(W35<0,0,W35)) -> 858.51 | Z35: 0 | AA35: =SUM(Y35:Z35) -> 858.51 | AB35: =M35+X35-AA35 -> 7470.99
B36: 442 | C36: 03 | D36: MAGALI ORTIZ NAVARRO | E36: QINM861111TZ2 | F36: QINM861111MJCRVG07 | G36: 46188 | H36: POLICIA DE LINEA | I36: 15 | J36: =K36/I36 -> 555.3 | K36: 8329.5 | M36: =SUM(K36:L36) -> 8329.5 | N36: =IF(K36/15<=SMG,0,L36/2) -> 0 | O36: =(K36+N36)/I36*30.4 -> 16881.12 | P36: =VLOOKUP(O36,Tarifa,1) -> 14644.65 | Q36: =O36-P36 -> 2236.47 | R36: =VLOOKUP(O36,Tarifa,3) -> 0.1792 | S36: =Q36*R36 -> 400.77542 | T36: =VLOOKUP(O36,Tarifa,2) -> 1339.14 | U36: =S36+T36 -> 1739.9154 | V36: =VLOOKUP(O36,Credito,2) -> 0 | W36: =ROUND((U36-V36)/30.4*I36,2) -> 858.51 | X36: =-IF(W36>0,0,0) -> 0 | Y36: =IF(K36/15<=SMG,0,IF(W36<0,0,W36)) -> 858.51 | Z36: 0 | AA36: =SUM(Y36:Z36) -> 858.51 | AB36: =M36+X36-AA36 -> 7470.99
B37: 448 | C37: 03 | D37: ISMAEL LOZANO CAMPOS | E37: LOCI971020AY5 | F37: LOCI97102HJCZMS00 | G37: 46227 | H37: POLICIA DE LINEA | I37: 15 | J37: =K37/I37 -> 555.3 | K37: 8329.5 | M37: =SUM(K37:L37) -> 8329.5 | N37: =IF(K37/15<=SMG,0,L37/2) -> 0 | O37: =(K37+N37)/I37*30.4 -> 16881.12 | P37: =VLOOKUP(O37,Tarifa,1) -> 14644.65 | Q37: =O37-P37 -> 2236.47 | R37: =VLOOKUP(O37,Tarifa,3) -> 0.1792 | S37: =Q37*R37 -> 400.77542 | T37: =VLOOKUP(O37,Tarifa,2) -> 1339.14 | U37: =S37+T37 -> 1739.9154 | V37: =VLOOKUP(O37,Credito,2) -> 0 | W37: =ROUND((U37-V37)/30.4*I37,2) -> 858.51 | X37: =-IF(W37>0,0,0) -> 0 | Y37: =IF(K37/15<=SMG,0,IF(W37<0,0,W37)) -> 858.51 | Z37: 0 | AA37: =SUM(Y37:Z37) -> 858.51 | AB37: =M37+X37-AA37 -> 7470.99
A38: T O T A L E S | K38: =SUM(K9:K34) -> 169509.5 | L38: =SUM(L9:L34) -> 0 | M38: =SUM(M9:M34) -> 169509.5 | N38: =SUM(N9:N12) -> 0 | O38: =SUM(O9:O12) -> 85981.333 | P38: =SUM(P9:P12) -> 67245.6 | Q38: =SUM(Q9:Q12) -> 18735.733 | R38: =SUM(R9:R12) -> 0.82 | S38: =SUM(S9:S12) -> 3925.0181 | T38: =SUM(T9:T12) -> 6909.66 | U38: =SUM(U9:U12) -> 10834.678 | ... W38: =SUM(W9:W12) -> 5346.06 | X38: =SUM(X9:X34) -> 0 | Y38: =SUM(Y9:Y34) -> 18659.09 | Z38: =SUM(Z9:Z34) -> 0 | AA38: =SUM(AA9:AA34) -> 18659.09 | AB38: =SUM(AB9:AB37) -> 173263.38
D56: LIC. KARINA GUZMAN CARDONA | Z56: MTRO. JOSÉ ACUÑA RUIZ
D57: PRESIDENTA MUNICIPAL | Z57: TESORERO ENC. DE LA HACIENDA MPAL.

Sheet SERV.MEDICOS
A1: MUNICIPIO DE : SAN CRISTÒBAL DE LA BARRANCA, JALISCO
A2: RFC MSC 850101 FR1
A3: =CHOFERES!A3 -> SUELDO DEL 15 AL 30 DE SEPTIEMBRE DE 2026
I5: Dias | J5: Sueldo | K5: P E R C E P C I O N E S | N5: Horas | P5: TARIFA | V5: Credito | W5: I.S.R. | X5: Subsidio | Y5: D E D U C C I O N E S | AB5: TOTAL
A6: Num. | B6: Núm de Empleado | C6: FORMA DE PAGO | D6: Nombre | I6: Trab. | J6: diario | K6: Sueldo | L6: TIEMPO | M6: total | N6: Extras | O6: Base | P6: Limite | Q6: Excedente | R6: %/S exced. | S6: Impuesto | T6: Cuota | U6: I.S.R. | V6: Al | W6: a Cargo | X6: Al | Y6: ISR Salarios | Z6: Prestamo | AA6: Total | AB6: A | AC6: F I R M A
K7: Quincenal | L7: EXTRA | M7: Percepcion | N7: Gravadas | O7: Gravable | P7: Inferior | Q7: Limite Inf. | R7: Limite Inf. | S7: Marginal | T7: Fija | U7: Bruto | V7: Salario | W7: o (A Favor) | X7: Empleo | AA7: Deduc. | AB7: PAGAR
D8: SERVICIOS MÉDICOS MUNICIPALES | E8: RFC | F8: CURP | G8: FEHA DE INGRESO | H8: PUESTO
B9: 251 | C9: 03 | D9: EMILIA RAMIREZ CASTRO | E9: RACE731012RZ4 | F9: RACE731012MJCMSM04 | G9: 43998 | H9: PARAMÉDICO | I9: 15 | J9: =K9/I9 -> 420.13333 | K9: 6302 | L9: 0 | M9: =SUM(K9:L9) -> 6302 | N9: =IF(K9/15<=SMG,0,L9/2) -> 0 | O9: =(K9+N9)/I9*30.4 -> 12772.053 | P9: =VLOOKUP(O9,Tarifa,1) -> 12598.03 | Q9: =O9-P9 -> 174.02333 | R9: =VLOOKUP(O9,Tarifa,3) -> 0.16 | S9: =Q9*R9 -> 27.843733 | T9: =VLOOKUP(O9,Tarifa,2) -> 1011.68 | U9: =S9+T9 -> 1039.5237 | V9: =VLOOKUP(O9,Credito,2) -> 0 | W9: =ROUND((U9-V9)/30.4*I9,2) -> 512.92 | X9: =-IF(W9>0,0,0) -> 0 | Y9: =IF(K9/15<=SMG,0,IF(W9<0,0,W9)) -> 512.92 | Z9: 0 | AA9: =SUM(Y9:Z9) -> 512.92 | AB9: =M9+X9-AA9 -> 5789.08
B10: 366 | C10: 03 | D10: HECTOR ALEJANDRO VILLALOBOS GARCIA | E10: VIGH0107213X9 | F10: VIGH010721HJCLRCA4 | G10: 45481 | H10: PARAMÉDICO | I10: 15 | J10: =K10/I10 -> 420.13333 | K10: 6302 | L10: 0 | M10: =SUM(K10:L10) -> 6302 | N10: =IF(K10/15<=SMG,0,L10/2) -> 0 | O10: =(K10+N10)/I10*30.4 -> 12772.053 | P10: =VLOOKUP(O10,Tarifa,1) -> 12598.03 | Q10: =O10-P10 -> 174.02333 | R10: =VLOOKUP(O10,Tarifa,3) -> 0.16 | S10: =Q10*R10 -> 27.843733 | T10: =VLOOKUP(O10,Tarifa,2) -> 1011.68 | U10: =S10+T10 -> 1039.5237 | V10: =VLOOKUP(O10,Credito,2) -> 0 | W10: =ROUND((U10-V10)/30.4*I10,2) -> 512.92 | X10: =-IF(W10>0,0,0) -> 0 | Y10: =IF(K10/15<=SMG,0,IF(W10<0,0,W10)) -> 512.92 | Z10: 0 | AA10: =SUM(Y10:Z10) -> 512.92 | AB10: =M10+X10-AA10 -> 5789.08
B11: 425 | C11: 03 | D11: CRISTIAN ALEJANDRO PEREZ RAMIREZ | E11: PERC9302173N5 | F11: PERC930217HJCRMR03 | G11: 45854 | H11: PARAMÉDICO | I11: 15 | J11: =K11/I11 -> 420.13333 | K11: 6302 | L11: 0 | M11: =SUM(K11:L11) -> 6302 | N11: =IF(K11/15<=SMG,0,L11/2) -> 0 | O11: =(K11+N11)/I11*30.4 -> 12772.053 | P11: =VLOOKUP(O11,Tarifa,1) -> 12598.03 | Q11: =O11-P11 -> 174.02333 | R11: =VLOOKUP(O11,Tarifa,3) -> 0.16 | S11: =Q11*R11 -> 27.843733 | T11: =VLOOKUP(O11,Tarifa,2) -> 1011.68 | U11: =S11+T11 -> 1039.5237 | V11: =VLOOKUP(O11,Credito,2) -> 0 | W11: =ROUND((U11-V11)/30.4*I11,2) -> 512.92 | X11: =-IF(W11>0,0,0) -> 0 | Y11: =IF(K11/15<=SMG,0,IF(W11<0,0,W11)) -> 512.92 | Z11: 0 | AA11: =SUM(Y11:Z11) -> 512.92 | AB11: =M11+X11-AA11 -> 5789.08
B12: 405 | C12: 03 | D12: JUAN JOSE GONZALEZ GONZALEZ | E12: GOGJ950930TI9 | F12: GOGJ950930HJCNNN09 | G12: 46204 | H12: CHOFER AMBULANCIA | I12: 15 | J12: =K12/I12 -> 377.73333 | K12: 5666 | L12: 0 | M12: =SUM(K12:L12) -> 5666 | N12: =IF(K12/15<=SMG,0,L12/2) -> 0 | O12: =(K12+N12)/I12*30.4 -> 11483.093 | P12: =VLOOKUP(O12,Tarifa,1) -> 7168.52 | Q12: =O12-P12 -> 4314.5733 | R12: =VLOOKUP(O12,Tarifa,3) -> 0.1088 | S12: =Q12*R12 -> 469.42558 | T12: =VLOOKUP(O12,Tarifa,2) -> 420.95 | U12: =S12+T12 -> 890.37558 | V12: =VLOOKUP(O12,Credito,2) -> 535.65 | W12: =ROUND((U12-V12)/30.4*I12,2) -> 175.03 | X12: =-IF(W12>0,0,0) -> 0 | Y12: =IF(K12/15<=SMG,0,IF(W12<0,0,W12)) -> 175.03 | Z12: 0 | AA12: =SUM(Y12:Z12) -> 175.03 | AB12: =M12+X12-AA12 -> 5490.97
B13: 153 | C13: 03 | D13: SAUL CASTRO CASTAÑEDA | E13: CACS7103203Q9 | F13: CACS710320HJCSSL08 | G13: 43101 | H13: CHOFER AMBULANCIA | I13: 15 | J13: =K13/I13 -> 377.73333 | K13: 5666 | L13: 0 | M13: =SUM(K13:L13) -> 5666 | N13: =IF(K13/15<=SMG,0,L13/2) -> 0 | O13: =(K13+N13)/I13*30.4 -> 11483.093 | P13: =VLOOKUP(O13,Tarifa,1) -> 7168.52 | Q13: =O13-P13 -> 4314.5733 | R13: =VLOOKUP(O13,Tarifa,3) -> 0.1088 | S13: =Q13*R13 -> 469.42558 | T13: =VLOOKUP(O13,Tarifa,2) -> 420.95 | U13: =S13+T13 -> 890.37558 | V13: =VLOOKUP(O13,Credito,2) -> 535.65 | W13: =ROUND((U13-V13)/30.4*I13,2) -> 175.03 | X13: =-IF(W13>0,0,0) -> 0 | Y13: =IF(K13/15<=SMG,0,IF(W13<0,0,W13)) -> 175.03 | Z13: 0 | AA13: =SUM(Y13:Z13) -> 175.03 | AB13: =M13+X13-AA13 -> 5490.97
B14: 406 | C14: 02 | D14: IMELDA AVELAR GARCIA | E14: AEIG730513K85 | F14: AEGI730513MJCVRM08 | G14: 45689 | H14: AFANADORA | I14: 15 | J14: =K14/I14 -> 281.13333 | K14: 4217 | L14: 281 | M14: =SUM(K14:L14) -> 4498 | N14: =IF(K14/15<=SMG,0,L14/2) -> 0 | O14: =(K14+N14)/I14*30.4 -> 8546.4533 | P14: =VLOOKUP(O14,Tarifa,1) -> 7168.52 | Q14: =O14-P14 -> 1377.9333 | R14: =VLOOKUP(O14,Tarifa,3) -> 0.1088 | S14: =Q14*R14 -> 149.91915 | T14: =VLOOKUP(O14,Tarifa,2) -> 420.95 | U14: =S14+T14 -> 570.86915 | V14: =VLOOKUP(O14,Credito,2) -> 535.65 | W14: =ROUND((U14-V14)/30.4*I14,2) -> 17.38 | X14: =-IF(W14>0,0,0) -> 0 | Y14: =IF(K14/15<=SMG,0,IF(W14<0,0,W14)) -> 0 | Z14: 0 | AA14: =SUM(Y14:Z14) -> 0 | AB14: =M14+X14-AA14 -> 4498
A15: T O T A L E S | K15: =SUM(K9:K14) -> 34455 | L15: =SUM(L9:L14) -> 281 | M15: =SUM(M9:M14) -> 34736 | N15: =SUM(N9:N14) -> 0 | O15: =SUM(O9:O14) -> 69828.8 | P15: =SUM(P9:P14) -> 59299.65 | Q15: =SUM(Q9:Q14) -> 10529.15 | R15: =SUM(R9:R14) -> 0.8064 | ... AB15: =SUM(AB9:AB14) -> 32847.18
D29: LIC. KARINA GUZMAN CARDONA | Y29: MTRO. JOSÉ ACUÑA RUIZ
D30: PRESIDENTA MUNICIPAL | Y30: TESORERO ENC. DE LA HACIENDA MPAL.
